Workbook
Name A: #REF!
Name A: #REF!
Name ABRIL: #REF!
Name ABRIL: #REF!
Name ACTIVO: #REF!
Name ACTIVO: #REF!
Name B: #REF!
Name B: #REF!
Name BALANCE: #REF!
Name BALANCE: #REF!
Name BALANCE12: #REF!
Name BALANCE12: #REF!
Name CORRECMONABRIL: #REF!
Name CORRECMONABRIL: #REF!
Name CORREJUNIO: #REF!
Name CORREJUNIO: #REF!
Name FOR: [1]VENCOS.2003!$J$8:$J$464
Name FORM2: [1]VENCOS.2003!$J$8:$J$464
Name GASTOS.GRAF: #REF!
Name GASTOS.GRAF: #REF!
Name GASTOS01: #REF!
Name GASTOS01: #REF!
Name GRAF.GAST: #REF!
Name GRAF.GAST: #REF!
Name GRAF.ING: #REF!
Name GRAF.ING: #REF!
Name GRAFICASGASTOS: #REF!
Name GRAFICASGASTOS: #REF!
Name GRAFINGRESOS: #REF!
Name GRAFINGRESOS: #REF!
Name GSED: #REF!
Name GSED: #REF!
Name hhh: #REF!
Name hhh: #REF!
Name INGRESOS: #REF!
Name INGRESOS: #REF!
Name jan: [2]CREDITOS!#REF!
Name jan: [2]CREDITOS!#REF!
Name kkkkk: #REF!
Name kkkkk: #REF!
Name kklkñ: #REF!
Name kklkñ: #REF!
Name l.llll: #REF!
Name l.llll: #REF!
Name lili: #REF!
Name lili: #REF!
Name lklklkl: #REF!
Name lklklkl: #REF!
Name lllll: #REF!
Name lllll: #REF!
Name mar: #REF!
Name mar: #REF!
Name MARZO16: #REF!
Name MARZO16: #REF!
Name MIGUEL: #REF!
Name MIGUEL: #REF!
Name OPERACIONE: #REF!
Name OPERACIONE: #REF!
Name PAJSALDSMDL: #REF!
Name PAJSALDSMDL: #REF!

Sheet ANEXO 1
A1: ANEXO No. 1
A2: INSTITUTO NACIONAL PARA CIEGOS - INCI
A3: ESTADO DE SITUACIÓN FINANCIERA COMPARATIVO
A4: POR LOS MESES TERMINADOS A 31 DE JULIO DE 2026 Y 30 DE JUNIO DE 2026
A5: Cifras en pesos
C7: Período | E7: Período | G7: Variaciones
C8: JUL-26 | E8: JUN-26 | G8: $ | H8: %
B10: ACTIVO
B12: CORRIENTE | C12: =SUM(C13:C16) -> 4.2855587e+09 | E12: =SUM(E13:E16) -> 4.3240374e+09 | G12: =+C12-E12 -> -38478629 | H12: =+G12/E12 -> -0.0088987735 | J12: =+'ANEXO 2'!C13 -> 4.2855587e+09 | K12: =+C12-J12 -> 0
A13: 11 | B13: Efectivo y equivalente al efectivo | C13: =IFERROR(VLOOKUP(A13,'BLCE JUL-26'!$A$10:$F$1048576,6,0),0) -> 14888679 | E13: 8154515.2 | G13: =+C13-E13 -> 6734164.2 | H13: =+G13/E13 -> 0.82582031
A14: 13 | B14: Cuentas por cobrar | C14: =IFERROR(VLOOKUP(A14,'BLCE JUL-26'!$A$10:$F$1048576,6,0),0) -> 3.445962e+09 | E14: 3.4466767e+09 | G14: =+C14-E14 -> -714773.16 | H14: =+G14/E14 -> -0.00020738039
A15: 15 | B15: Inventarios | C15: =IFERROR(VLOOKUP(A15,'BLCE JUL-26'!$A$10:$F$1048576,6,0),0) -> 6.2507141e+08 | E15: 6.3210569e+08 | G15: =+C15-E15 -> -7034281.2 | H15: =+G15/E15 -> -0.011128331
A16: 19 | B16: Otros activos | C16: =+'BLCE JUL-26'!F130+'BLCE JUL-26'!F133+'BLCE JUL-26'!F136 -> 1.9963667e+08 | E16: 2.3710041e+08 | G16: =+C16-E16 -> -37463739 | H16: =+G16/E16 -> -0.1580079
B18: NO CORRIENTE | C18: =SUM(C19:C21) -> 9.6659013e+09 | E18: =SUM(E19:E21) -> 9.6965218e+09 | G18: =+C18-E18 -> -30620502 | H18: =+G18/E18 -> -0.0031578851
A19: 12 | B19: Inversiones e instrumentos derivados | C19: =IFERROR(VLOOKUP(A19,'BLCE JUL-26'!$A$10:$F$1048576,6,0),0) -> 1000 | E19: 1000 | G19: =+C19-E19 -> 0 | H19: =+G19/E19 -> 0
A20: 16 | B20: Propiedad planta y Equipo | C20: =IFERROR(VLOOKUP(A20,'BLCE JUL-26'!$A$10:$F$1048576,6,0),0) -> 9.3114029e+09 | E20: 9.3341628e+09 | G20: =+C20-E20 -> -22759905 | H20: =+G20/E20 -> -0.0024383445
A21: 19 | B21: Otros activos | C21: =+'BLCE JUL-26'!F140+'BLCE JUL-26'!F147 -> 3.5449737e+08 | E21: 3.6235796e+08 | G21: =+C21-E21 -> -7860597 | H21: =+G21/E21 -> -0.021692905
B23: TOTAL ACTIVO | C23: =+C12+C18 -> 1.395146e+10 | E23: =+E12+E18 -> 1.4020559e+10 | G23: =+C23-E23 -> -69099131 | H23: =+G23/E23 -> -0.0049284148 | J23: =+'ANEXO 2'!C75 -> 1.395146e+10 | K23: =+C23-J23 -> 0
B25: Cuentas de Orden Deudoras - DB
A27: 81 | B27: Activos contingentes | C27: =IFERROR(VLOOKUP(A27,'BLCE JUL-26'!$A$10:$F$1048576,6,0),0) -> 0 | E27: 0 | G27: =+C27-E27 -> 0 | H27: 0
A28: 83 | B28: Deudoras de control | C28: =IFERROR(VLOOKUP(A28,'BLCE JUL-26'!$A$10:$F$1048576,6,0),0) -> 1.2164897e+09 | E28: 1.2128324e+09 | G28: =+C28-E28 -> 3657304.6 | H28: =+G28/E28 -> 0.0030155071
B30: Cuentas de Orden Deudoras por contra - CR
A32: 89 | B32: Deudoras por el contra | C32: =IFERROR(VLOOKUP(A32,'BLCE JUL-26'!$A$10:$F$1048576,6,0),0) -> -1.2164897e+09 | E32: -1.2128324e+09 | G32: =+C32-E32 -> -3657304.6 | H32: =+G32/E32 -> 0.0030155071
B35: PASIVO
B37: CORRIENTE | C37: =+C38+C39 -> 1.4035058e+09 | E37: =+E38+E39 -> 1.5510874e+09 | G37: =+C37-E37 -> -1.4758156e+08 | H37: =+G37/E37 -> -0.095147162 | J37: =+'ANEXO 2'!C100 -> 1.4035058e+09 | K37: =+J37-C37 -> 0
A38: 24 | B38: Cuentas por pagar | C38: =IFERROR(VLOOKUP(A38,'BLCE JUL-26'!$A$10:$F$1048576,6,0),0) -> 6.463785e+08 | E38: 6.5698672e+08 | G38: =+C38-E38 -> -10608221 | H38: =+G38/E38 -> -0.016146781
A39: 25 | B39: Beneficios a empleados | C39: =IFERROR(VLOOKUP(A39,'BLCE JUL-26'!$A$10:$F$1048576,6,0),0) -> 7.571273e+08 | E39: 8.9410064e+08 | G39: =+C39-E39 -> -136973339 | H39: =+G39/E39 -> -0.15319678
B41: NO CORRIENTE | C41: =+C42 -> 0 | E41: =+E42 -> 0 | G41: =+C41-E41 -> 0 | H41: =+G41/E41 -> #DIV/0! | J41: =+'ANEXO 2'!C120 -> 0 | K41: =+C41-J41 -> 0
A42: 27 | B42: Litigios y demandas | C42: =IFERROR(VLOOKUP(A42,'BLCE JUL-26'!$A$10:$F$1048576,6,0),0) -> 0 | E42: 0 | G42: =+C42-E42 -> 0 | H42: =+G42/E42 -> #DIV/0!
B44: TOTAL PASIVO | C44: =+C37+C41 -> 1.4035058e+09 | E44: =+E37+E41 -> 1.5510874e+09 | G44: =+C44-E44 -> -1.4758156e+08 | H44: =+G44/E44 -> -0.095147162 | J44: =+'ANEXO 2'!C129 -> 1.4035058e+09 | K44: =+C44-J44 -> 0 | L44: =+C44-J44 -> 0
B47: PATRIMONIO
A49: 31 | B49: Patrimonio de las entidades de Gobierno | C49: =IFERROR(VLOOKUP(A49,'BLCE JUL-26'!$A$10:$F$1048576,6,0),0)+'ANEXO 3'!C55 -> 1.2547954e+10 | E49: 1.2469472e+10 | G49: =+C49-E49 -> 78482429 | H49: =+G49/E49 -> 0.0062939658
B51: TOTAL PATRIMONIO | C51: =+C49 -> 1.2547954e+10 | E51: =+E49 -> 1.2469472e+10 | G51: =+C51-E51 -> 78482429 | H51: =+G51/E51 -> 0.0062939658 | J51: =+'ANEXO 2'!C142 -> 1.2547954e+10 | K51: =+C51-J51 -> 0 | L51: =+C51-J51 -> 0
B54: TOTAL PASIVO Y PATRIMONIO | C54: =+C44+C51 -> 1.395146e+10 | E54: =+E44+E51 -> 1.4020559e+10 | G54: =+C54-E54 -> -69099131 | H54: =+G54/E54 -> -0.0049284148 | J54: =+C54-C23 -> 0
B57: Cuentas de Orden Acreedoras - CR | C57: =+C58+C61 -> 0 | E57: =+E58+E61 -> 0 | G57: =+C57-E57 -> 0 | H57: 0
A58: 91 | B58: Pasivos Contingentes | C58: =IFERROR(VLOOKUP(A58,'BLCE JUL-26'!$A$10:$F$1048576,6,0),0) -> 0 | E58: 0 | G58: =+C58-E58 -> 0 | H58: 0
B60: Cuentas de Orden Acreedoras por contra - DB
A61: 99 | B61: Acreedoras por el contra | C61: =IFERROR(VLOOKUP(A61,'BLCE JUL-26'!$A$10:$F$1048576,6,0),0) -> 0 | E61: 0 | G61: =+C61-E61 -> 0 | H61: 0
A66: EDNA VIVIANA VEGA ORTÍZ | D66: Cont. Púb. YAIR CONSUELO CALDERÓN SILVA
A67: Cèdula de ciudadanìa No. 1.019.023.923 | D67: Cèdula de ciudadanìa No. 52.713.929
A68: Coordinadora Administrativa y Financiera | D68: TP 199275-T
D69: Los saldos fueron tomados de SIIF Nación
J72: =+C54-C23 -> 0
A74: ANDREA CAROLINA CHACÓN CASTILLO
A75: Cèdula de ciudadanìa No. 1.100.959.001
A76: Directora General
A78: "Trabajamos por una Colombia mas incluyente" Dirección: Carrera 13 No. 34-91 Bogotá, D.C., Colombia PBX: 601 3846666 Bogotá, D.C. Colombia aciudadano@inci.gov.co www.inci.gov. Co
C82: =+C23-C44-C51 -> 0 | E82: =+E23-E44-E51 -> 0

Sheet ANEXO 2
A1: ANEXO No. 2
A2: INSTITUTO NACIONAL PARA CIEGOS - INCI
A3: =+'ANEXO 1'!A3:H3 -> ESTADO DE SITUACIÓN FINANCIERA COMPARATIVO
A4: =+'ANEXO 1'!A4:H4 -> POR LOS MESES TERMINADOS A 31 DE JULIO DE 2026 Y 30 DE JUNIO DE 2026
A5: Cifras en pesos
C7: Período | E7: Período | G7: Variaciones
C8: =+'ANEXO 1'!C8 -> JUL-26 | E8: =+'ANEXO 1'!E8 -> JUN-26 | G8: $ | H8: %
B10: ACTIVO
B13: CORRIENTE | C13: =+C16+C21+C29+C37 -> 4.2855587e+09 | E13: =+E16+E21+E29+E37 -> 4.3240374e+09 | G13: =+C13-E13 -> -38478629 | H13: =+G13/E13 -> -0.0088987735 | I13: =+'ANEXO 1'!C12 -> 4.2855587e+09 | J13: =+C13-I13 -> 0
A16: 11 | B16: Efectivo y equivalente al efectivo | C16: =+C18+C19 -> 14888679 | E16: =+E18+E19 -> 8154515.2 | G16: =+C16-E16 -> 6734164.2 | H16: =+G16/E16 -> 0.82582031
A18: 1105 | B18: Caja | C18: =IFERROR(VLOOKUP(A18,'BLCE JUL-26'!$A$10:$F$1048576,6,0),0) -> 1346000 | E18: 1346000 | G18: =+C18-E18 -> 0 | H18: =+G18/E18 -> 0
A19: 1110 | B19: Depósitos en instituciones financieras | C19: =IFERROR(VLOOKUP(A19,'BLCE JUL-26'!$A$10:$F$1048576,6,0),0) -> 13542679 | E19: 6808515.2 | G19: =+C19-E19 -> 6734164.2 | H19: =+G19/E19 -> 0.98907971
A21: 13 | B21: Cuentas por cobrar | C21: =+C24+C25+C26+C27 -> 3.445962e+09 | E21: =+E24+E25+E26+E27 -> 3.4466767e+09 | G21: =+C21-E21 -> -714773.16 | H21: =+G21/E21 -> -0.00020738039
A23: 1305 | B23: Impuestos, retenciones en la fuente y anticipos | C23: =IFERROR(VLOOKUP(A23,'BLCE JUL-26'!$A$10:$F$1048576,6,0),0) -> 0 | E23: 0 | G23: =+C23-E23 -> 0 | H23: 0
A24: 1311 | B24: Contribuciones tasas e ingresos no tributarios | C24: =IFERROR(VLOOKUP(A24,'BLCE JUL-26'!$A$10:$F$1048576,6,0),0) -> 0 | E24: 0 | G24: =+C24-E24 -> 0 | H24: 0
A25: 1316 | B25: Venta de bienes | C25: =IFERROR(VLOOKUP(A25,'BLCE JUL-26'!$A$10:$F$1048576,6,0),0) -> 3.3998387e+09 | E25: 3.4005535e+09 | G25: =+C25-E25 -> -714773.16 | H25: =+G25/E25 -> -0.00021019318
A26: 1384 | B26: Otras cuentas por cobrar-Incapacidades | C26: =IFERROR(VLOOKUP(A26,'BLCE JUL-26'!$A$10:$F$1048576,6,0),0) -> 46123281 | E26: 46123281 | G26: =+C26-E26 -> 0 | H26: =+G26/E26 -> 0
A27: 1390 | B27: Otras cuentas por cobrar | C27: =IFERROR(VLOOKUP(A27,'BLCE JUL-26'!$A$10:$F$1048576,6,0),0) -> 0 | E27: 0 | G27: =+C27-E27 -> 0 | H27: 0
A29: 15 | B29: Inventarios | C29: =SUM(C31:C35) -> 6.2507141e+08 | E29: =SUM(E31:E35) -> 6.3210569e+08 | G29: =+C29-E29 -> -7034281.2 | H29: =+G29/E29 -> -0.011128331
A31: 1505 | B31: Bienes producidos | C31: =IFERROR(VLOOKUP(A31,'BLCE JUL-26'!$A$10:$F$1048576,6,0),0) -> 2.5226252e+08 | E31: 2.5474891e+08 | G31: =+C31-E31 -> -2486389.9 | H31: =+G31/E31 -> -0.009760159
A32: 1510 | B32: Mercancías en existencia | C32: =IFERROR(VLOOKUP(A32,'BLCE JUL-26'!$A$10:$F$1048576,6,0),0) -> 92828150 | E32: 1.1320073e+08 | G32: =+C32-E32 -> -20372576 | H32: =+G32/E32 -> -0.1799686
A33: 1512 | B33: Materias primas | C33: =IFERROR(VLOOKUP(A33,'BLCE JUL-26'!$A$10:$F$1048576,6,0),0) -> 2.0855656e+08 | E33: 1.999868e+08 | G33: =+C33-E33 -> 8569760.8 | H33: =+G33/E33 -> 0.042851633
A34: 1514 | B34: Materiales y suministros | C34: =IFERROR(VLOOKUP(A34,'BLCE JUL-26'!$A$10:$F$1048576,6,0),0) -> 0 | E34: 0 | G34: =+C34-E34 -> 0 | H34: 0
A35: 1520 | B35: Productos en proceso | C35: =IFERROR(VLOOKUP(A35,'BLCE JUL-26'!$A$10:$F$1048576,6,0),0) -> 71424177 | E35: 64169253 | G35: =+C35-E35 -> 7254924.2 | H35: =+G35/E35 -> 0.1130592
A37: 19 | B37: Otros activos | C37: =SUM(C39:C42) -> 1.9963667e+08 | E37: =SUM(E39:E42) -> 2.3710041e+08 | G37: =+C37-E37 -> -37463739 | H37: =+G37/E37 -> -0.1580079
A39: 1905 | B39: Bienes y servicios pagados por anticipado | C39: =IFERROR(VLOOKUP(A39,'BLCE JUL-26'!$A$10:$F$1048576,6,0),0) -> 0 | E39: 0 | G39: =+C39-E39 -> 0 | H39: 0
A40: 1906 | B40: Avance para viáticos y gastos viaje | C40: =IFERROR(VLOOKUP(A40,'BLCE JUL-26'!$A$10:$F$1048576,6,0),0) -> 0 | E40: 989732 | G40: =+C40-E40 -> -989732 | H40: 1
A41: 1907 | B41: Derechos de compensaciones por impuestos y contribuciones | C41: =IFERROR(VLOOKUP(A41,'BLCE JUL-26'!$A$10:$F$1048576,6,0),0) -> 38288716 | E41: 38288716 | G41: =+C41-E41 -> 0 | H41: 1
A42: 1908 | B42: Recursos entregados en administración | C42: =IFERROR(VLOOKUP(A42,'BLCE JUL-26'!$A$10:$F$1048576,6,0),0) -> 1.6134796e+08 | E42: 1.9782197e+08 | G42: =+C42-E42 -> -36474007 | H42: =+G42/E42 -> -0.18437794
B45: NO CORRIENTE | C45: =C48+C52+C69 -> 9.6659013e+09 | E45: =E48+E52+E69 -> 9.6965218e+09 | G45: =+C45-E45 -> -30620502 | H45: =+G45/E45 -> -0.0031578851 | I45: =+'ANEXO 1'!C18 -> 9.6659013e+09 | J45: =+C45-I45 -> 0
A48: 12 | B48: Inversiones e instrumentos derivados | C48: =SUM(C50) -> 1000 | E48: 1000 | G48: =+C48-E48 -> 0 | H48: =+G48/E48 -> 0
A50: 1222 | B50: Inversiones de administración de liquidez a valor del mercado | C50: =IFERROR(VLOOKUP(A50,'BLCE JUL-26'!$A$10:$F$1048576,6,0),0) -> 1000 | E50: 1000 | G50: =+C50-E50 -> 0 | H50: =+G50/E50 -> 0
A52: 16 | B52: Propiedad planta y equipo | C52: =SUM(C54:C67) -> 9.3114029e+09 | E52: =SUM(E54:E67) -> 9.3341628e+09 | G52: =+C52-E52 -> -22759905 | H52: =+G52/E52 -> -0.0024383445
A54: 1605 | B54: Terrenos | C54: =IFERROR(VLOOKUP(A54,'BLCE JUL-26'!$A$10:$F$1048576,6,0),0) -> 3924626300 | E54: 3924626300 | G54: =+C54-E54 -> 0 | H54: =+G54/E54 -> 0
A55: 1615 | B55: Construcciones en curso | C55: =IFERROR(VLOOKUP(A55,'BLCE JUL-26'!$A$10:$F$1048576,6,0),0) -> 0 | E55: 0 | G55: =+C55-E55 -> 0 | H55: 0
A56: 1635 | B56: Bienes Muebles en Bodega | C56: =IFERROR(VLOOKUP(A56,'BLCE JUL-26'!$A$10:$F$1048576,6,0),0) -> 0 | E56: 0 | G56: =+C56-E56 -> 0 | H56: 0
A57: 1637 | B57: Propiedad planta y equipo no explotados | C57: =IFERROR(VLOOKUP(A57,'BLCE JUL-26'!$A$10:$F$1048576,6,0),0) -> 4.9789036e+08 | E57: 4.9789036e+08 | G57: =+C57-E57 -> 0 | H57: =+G57/E57 -> 0
A58: 1640 | B58: Edificaciones | C58: =IFERROR(VLOOKUP(A58,'BLCE JUL-26'!$A$10:$F$1048576,6,0),0) -> 4.4401129e+09 | E58: 4.4401129e+09 | G58: =+C58-E58 -> 0 | H58: =+G58/E58 -> 0
A59: 1650 | B59: Redes, líneas y cables | C59: =IFERROR(VLOOKUP(A59,'BLCE JUL-26'!$A$10:$F$1048576,6,0),0) -> 65631390 | E59: 65631390 | G59: =+C59-E59 -> 0 | H59: =+G59/E59 -> 0
A60: 1655 | B60: Maquinaria y equipo | C60: =IFERROR(VLOOKUP(A60,'BLCE JUL-26'!$A$10:$F$1048576,6,0),0) -> 2.2790753e+09 | E60: 2.2790753e+09 | G60: =+C60-E60 -> 0 | H60: =+G60/E60 -> 0
A61: 1660 | B61: Equipo médico y científico | C61: =IFERROR(VLOOKUP(A61,'BLCE JUL-26'!$A$10:$F$1048576,6,0),0) -> 3145498 | E61: 3145498 | G61: =+C61-E61 -> 0 | H61: =+G61/E61 -> 0
A62: 1665 | B62: Muebles, enseres y equipo de oficina | C62: =IFERROR(VLOOKUP(A62,'BLCE JUL-26'!$A$10:$F$1048576,6,0),0) -> 3.6494877e+08 | E62: 3.6494877e+08 | G62: =+C62-E62 -> 0 | H62: =+G62/E62 -> 0
A63: 1670 | B63: Equipos de comunicación y cómputo | C63: =IFERROR(VLOOKUP(A63,'BLCE JUL-26'!$A$10:$F$1048576,6,0),0) -> 1.4931668e+09 | E63: 1.4931668e+09 | G63: =+C63-E63 -> 0 | H63: =+G63/E63 -> 0
A64: 1675 | B64: Equipos de transporte, tracción y elevación | C64: =IFERROR(VLOOKUP(A64,'BLCE JUL-26'!$A$10:$F$1048576,6,0),0) -> 82000000 | E64: 82000000 | G64: =+C64-E64 -> 0 | H64: =+G64/E64 -> 0
A65: 1680 | B65: Equipos de comedor, cocina, despensa y hotelería | C65: =IFERROR(VLOOKUP(A65,'BLCE JUL-26'!$A$10:$F$1048576,6,0),0) -> 1003911 | E65: 1003911 | G65: =+C65-E65 -> 0 | H65: =+G65/E65 -> 0
A66: 1681 | B66: Bienes de arte y cultura | C66: =IFERROR(VLOOKUP(A66,'BLCE JUL-26'!$A$10:$F$1048576,6,0),0) -> 8383000 | E66: 8383000 | G66: =+C66-E66 -> 0 | H66: =+G66/E66 -> 0
A67: 1685 | B67: Depreciación acumulada de propiedades, planta y equipo (CR) | C67: =IFERROR(VLOOKUP(A67,'BLCE JUL-26'!$A$10:$F$1048576,6,0),0) -> -3.8485812e+09 | E67: -3.8258213e+09 | G67: =+C67-E67 -> -22759905 | H67: =+G67/E67 -> 0.0059490245
A69: 19 | B69: Otros activos | C69: =+C71+C72 -> 3.5449737e+08 | E69: =+E71+E72 -> 3.6235796e+08 | G69: =+C69-E69 -> -7860597 | H69: =+G69/E69 -> -0.021692905
A71: 1970 | B71: Activos intangibles | C71: =IFERROR(VLOOKUP(A71,'BLCE JUL-26'!$A$10:$F$1048576,6,0),0) -> 1.4056795e+09 | E71: 1.4056795e+09 | G71: =+C71-E71 -> 0 | H71: =+G71/E71 -> 0
A72: 1975 | B72: Amortización acumulada de activos intangibles | C72: =IFERROR(VLOOKUP(A72,'BLCE JUL-26'!$A$10:$F$1048576,6,0),0) -> -1.0511821e+09 | E72: -1.0433215e+09 | G72: =+C72-E72 -> -7860597 | H72: =+G72/E72 -> 0.0075342038
B75: TOTAL ACTIVO | C75: =+C13+C45 -> 1.395146e+10 | E75: =+E13+E45 -> 1.4020559e+10 | G75: =+C75-E75 -> -69099131 | H75: =+G75/E75 -> -0.0049284148 | K75: =+C75-C146 -> 0 | M75: =+E75-E146 -> 0
B78: CUENTAS DE ORDEN DEUDORAS - DB | C78: =+C81+C85+C92 -> 0 | E78: =+E81+E85+E92 -> 0 | G78: =+C78-E78 -> 0 | H78: 0
A81: 81 | B81: Activos contingentes | C81: =+C83 -> 0 | E81: =+E83 -> 0 | G81: =+C81-E81 -> 0 | H81: 0
A83: 8120 | B83: Litigios y Mecanismos alternativos de solución de conflictos | C83: =IFERROR(VLOOKUP(A83,'BLCE JUL-26'!$A$10:$F$1048576,6,0),0) -> 0 | E83: 0 | G83: =+C83-E83 -> 0 | H83: 0
A85: 83 | B85: Deudoras de control | C85: =+C87+C88+C89 -> 1.2164897e+09 | E85: =+E87+E88+E89 -> 1.2128324e+09 | G85: =+C85-E85 -> 3657304.6 | H85: =+G85/E85 -> 0.0030155071
A87: 8315 | B87: Bienes y derechos retirados | C87: =IFERROR(VLOOKUP(A87,'BLCE JUL-26'!$A$10:$F$1048576,6,0),0) -> 543974175 | E87: 543974175 | G87: =+C87-E87 -> 0 | H87: =+G87/E87 -> 0
A88: 8361 | B88: Responsabilidades en proceso | C88: =IFERROR(VLOOKUP(A88,'BLCE JUL-26'!$A$10:$F$1048576,6,0),0) -> 1.0896125e+08 | E88: 1.0896125e+08 | G88: =+C88-E88 -> 0 | H88: =+G88/E88 -> 0
A89: 8374 | B89: Bienes almacenados para consumo | C89: =IFERROR(VLOOKUP(A89,'BLCE JUL-26'!$A$10:$F$1048576,6,0),0) -> 5.6355425e+08 | E89: 5.5989695e+08 | G89: =+C89-E89 -> 3657304.6 | H89: =+G89/E89 -> 0.0065321031
A92: 89 | B92: Deudoras por el contra | C92: =+C93+C94 -> -1.2164897e+09 | E92: =+E93+E94 -> -1.2128324e+09 | G92: =+C92-E92 -> -3657304.6 | H92: =+G92/E92 -> 0.0030155071
A93: 8905 | B93: Activos contingentes por el contra (CR) | C93: =IFERROR(VLOOKUP(A93,'BLCE MAR-26'!$A$10:$F$1048576,6,0),0) -> 0 | E93: 0 | G93: =+C93-E93 -> 0 | H93: 0
A94: 8915 | B94: Deudoras de control por el contra (CR) | C94: =IFERROR(VLOOKUP(A94,'BLCE JUL-26'!$A$10:$F$1048576,6,0),0) -> -1.2164897e+09 | E94: -1.2128324e+09 | G94: =+C94-E94 -> -3657304.6 | H94: =+G94/E94 -> 0.0030155071
B97: PASIVO
B100: CORRIENTE | C100: =+C103+C115 -> 1.4035058e+09 | E100: =+E103+E115 -> 1.5510874e+09 | G100: =+C100-E100 -> -1.4758156e+08 | H100: =+G100/E100 -> -0.095147162
A103: 24 | B103: Cuentas por pagar | C103: =SUM(C105:C113) -> 6.463785e+08 | E103: =SUM(E105:E113) -> 6.5698672e+08 | G103: =+C103-E103 -> -10608221 | H103: =+G103/E103 -> -0.016146781
A105: 2401 | B105: Adquisición de bienes y servicios nacionales | C105: =IFERROR(VLOOKUP(A105,'BLCE JUL-26'!$A$10:$F$1048576,6,0),0) -> 187900 | E105: 0 | G105: =+C105-E105 -> 187900 | H105: 0
A106: 2402 | B106: Proyectos de Inversión | C106: =IFERROR(VLOOKUP(A106,'BLCE JUL-26'!$A$10:$F$1048576,6,0),0) -> 0 | E106: 0 | G106: =+C106-E106 -> 0 | H106: 0
A107: 2407 | B107: Recursos a favor de terceros | C107: =IFERROR(VLOOKUP(A107,'BLCE JUL-26'!$A$10:$F$1048576,6,0),0) -> 2050875.9 | E107: 5085853.7 | G107: =+C107-E107 -> -3034977.8 | H107: =+G107/E107 -> -0.59674894
A108: 2424 | B108: Descuentos de nómina | C108: =IFERROR(VLOOKUP(A108,'BLCE JUL-26'!$A$10:$F$1048576,6,0),0) -> 74436282 | E108: 74596686 | G108: =+C108-E108 -> -160404 | H108: =+G108/E108 -> -0.0021502832
A109: 2436 | B109: Retención en la fuente e Impuesto de timbre | C109: =IFERROR(VLOOKUP(A109,'BLCE JUL-26'!$A$10:$F$1048576,6,0),0) -> 29048134 | E109: 34632835 | G109: =+C109-E109 -> -5584701 | H109: =+G109/E109 -> -0.16125451
A110: 2440 | B110: Impuestos, contribuciones y tasas | C110: =IFERROR(VLOOKUP(A110,'BLCE JUL-26'!$A$10:$F$1048576,6,0),0) -> 1685590.5 | E110: 1685590.5 | G110: =+C110-E110 -> 0 | H110: =+G110/E110 -> 0
A111: 2445 | B111: Impuesto al valor agregado -IVA | C111: =IFERROR(VLOOKUP(A111,'BLCE JUL-26'!$A$10:$F$1048576,6,0),0) -> 5.3753366e+08 | E111: 5.4018707e+08 | G111: =+C111-E111 -> -2653403.1 | H111: =+G111/E111 -> -0.0049120078
A112: 2460 | B112: Impuestos, contribuciones y tasas | C112: =IFERROR(VLOOKUP(A112,'BLCE JUL-26'!$A$10:$F$1048576,6,0),0) -> 0 | E112: 0 | G112: =+C112-E112 -> 0 | H112: 0
A113: 2490 | B113: Otras cuentas por pagar | C113: =IFERROR(VLOOKUP(A113,'BLCE JUL-26'!$A$10:$F$1048576,6,0),0) -> 1436056.5 | E113: 798691.52 | G113: =+C113-E113 -> 637365 | H113: =+G113/E113 -> 0.79801148
A115: 25 | B115: Beneficios a los empleados | C115: =+C117 -> 7.571273e+08 | E115: =+E117 -> 8.9410064e+08 | G115: =+C115-E115 -> -136973339 | H115: =+G115/E115 -> -0.15319678
A117: 2511 | B117: Beneficios a los empleados a -CP | C117: =IFERROR(VLOOKUP(A117,'BLCE JUL-26'!$A$10:$F$1048576,6,0),0) -> 7.571273e+08 | E117: 8.9410064e+08 | G117: =+C117-E117 -> -136973339 | H117: =+G117/E117 -> -0.15319678
B120: NO CORRIENTE | C120: =+C123 -> 0 | E120: =+E123 -> 0 | G120: =+C120-E120 -> 0 | H120: =+G120/E120 -> #DIV/0!
A123: 27 | B123: PROVISIONES | C123: =+C125+C126 -> 0 | E123: =+E125+E126 -> 0 | G123: =+C123-E123 -> 0 | H123: =+G123/E123 -> #DIV/0!
A125: 2701 | B125: Litigios y demandas | C125: =IFERROR(VLOOKUP(A125,'BLCE JUL-26'!$A$10:$F$1048576,6,0),0) -> 0 | E125: 0 | G125: =+C125-E125 -> 0 | H125: =+G125/E125 -> #DIV/0!
A126: 2790 | B126: Provisiones diversas | C126: =IFERROR(VLOOKUP(A126,'BLCE JUL-26'!$A$10:$F$1048576,6,0),0) -> 0 | E126: 0 | G126: =+C126-E126 -> 0 | H126: 0
B129: TOTAL PASIVO | C129: =+C100+C120 -> 1.4035058e+09 | E129: =+E100+E120 -> 1.5510874e+09 | G129: =+C129-E129 -> -1.4758156e+08 | H129: =+G129/E129 -> -0.095147162
B132: PATRIMONIO
A135: 31 | B135: Patrimonio de las entidades de Gobierno | C135: =SUM(C137:C139) -> 1.2547954e+10 | E135: =SUM(E137:E139) -> 1.2469472e+10 | G135: =+C135-E135 -> 78482429 | H135: =+G135/E135 -> 0.0062939658
A137: 3105 | B137: Capital fiscal | C137: =IFERROR(VLOOKUP(A137,'BLCE JUL-26'!$A$10:$F$1048576,6,0),0) -> 2.2950386e+09 | E137: 2.2950386e+09 | G137: =+C137-E137 -> 0 | H137: =+G137/E137 -> 0
A138: 3109 | B138: Resultado de ejercicios anteriores | C138: =IFERROR(VLOOKUP(A138,'BLCE JUL-26'!$A$10:$F$1048576,6,0),0) -> 7.0096502e+09 | E138: 7.0096502e+09 | G138: =+C138-E138 -> 0 | H138: =+G138/E138 -> 0
A139: 3110 | B139: Resultado del ejercicio | C139: =+'BLCE JUL-26'!J19 -> 3.2432654e+09 | E139: 3.164783e+09 | G139: =+C139-E139 -> 78482429 | H139: =+G139/E139 -> 0.024798676 | J139: =+'ANEXO 4'!C118 -> 3.2432654e+09
J140: =+J139-C139 -> 0
B142: TOTAL PATRIMONIO | C142: =+C135 -> 1.2547954e+10 | E142: =+E135 -> 1.2469472e+10 | G142: =+C142-E142 -> 78482429 | H142: =+G142/E142 -> 0.0062939658
B146: TOTAL PASIVO Y PATRIMONIO | C146: =+C129+C142 -> 1.395146e+10 | E146: =+E129+E142 -> 1.4020559e+10 | G146: =+C146-E146 -> -69099131 | H146: =+G146/E146 -> -0.0049284148 | J146: =+C75 -> 1.395146e+10 | K146: =+C146-J146 -> 0
B150: CUENTAS DE ORDEN ACREEDORAS - CR | C150: =+C153+C157 -> 0 | E150: =+E153+E157 -> 0 | G150: =+C150-E150 -> 0 | H150: 0
A153: 91 | B153: Cuentas de orden acreedoras - CR | C153: =+C155 -> 0 | E153: =+E155 -> 0 | G153: =+C153-E153 -> 0 | H153: 0
A155: 9120 | B155: Solucion de conflictos | C155: =IFERROR(VLOOKUP(A155,'BLCE JUL-26'!$A$10:$F$1048576,6,0),0) -> 0 | E155: 0 | G155: =+C155-E155 -> 0 | H155: 0
A157: 99 | B157: Cuentas de orden acreedoras por contra - DB | C157: =+C159 -> 0 | E157: =+E159 -> 0 | G157: =+C157-E157 -> 0 | H157: 0
A159: 9905 | B159: Pasivos contingentes por el contra (DB) | C159: =IFERROR(VLOOKUP(A159,'BLCE JUL-26'!$A$10:$F$1048576,6,0),0) -> 0 | E159: 0 | G159: =+C159-E159 -> 0 | H159: 0
A166: =+'ANEXO 1'!A66:C66 -> EDNA VIVIANA VEGA ORTÍZ | D166: =+'ANEXO 1'!D66:H66 -> Cont. Púb. YAIR CONSUELO CALDERÓN SILVA
A167: =+'ANEXO 1'!A67:C67 -> Cèdula de ciudadanìa No. 1.019.023.923 | D167: =+'ANEXO 1'!D67:H67 -> Cèdula de ciudadanìa No. 52.713.929
A168: =+'ANEXO 1'!A68:C68 -> Coordinadora Administrativa y Financiera | D168: =+'ANEXO 1'!D68:H68 -> TP 199275-T
D169: =+'ANEXO 1'!D69:H69 -> Los saldos fueron tomados de SIIF Nación
A175: =+'ANEXO 1'!A74:H74 -> ANDREA CAROLINA CHACÓN CASTILLO
A176: =+'ANEXO 1'!A75:H75 -> Cèdula de ciudadanìa No. 1.100.959.001
A177: =+'ANEXO 1'!A76:H76 -> Directora General
...

Sheet ANEXO 3
A1: ANEXO No. 3
A2: INSTITUTO NACIONAL PARA CIEGOS - INCI
A3: ESTADO DE RESULTADOS | M3: =7800*2 -> 15600
A4: COMPARATIVO POR LOS MESES TERMINADOS AL 31 DE JULIO DE 2026-2025
A5: Cifras en pesos
B8: CUENTA | C8: Período | E8: Período | G8: Variaciones
C9: JUL-26 | E9: JUL-25 | G9: $ | H9: %
B11: INGRESOS OPERACIONALES | C11: =+C14+C15+C16+C17+C18 -> 7.7243936e+09 | E11: =+E14+E15+E16+E17+E18 -> 4.0960612e+09 | G11: =+C11-E11 -> 3.6283324e+09 | H11: =+G11/E11 -> 0.88581011 | J11: =+'ANEXO 4'!E12 -> 4.0960612e+09 | K11: =+E11-J11 -> 0 | L11: =+J11-K11 -> 4.0960612e+09
A14: 41 | B14: Ingresos Fiscales | C14: =IFERROR(VLOOKUP(A14,'BLCE JUL-26'!$A:$F,6,0),0) -> 0 | E14: =IFERROR(VLOOKUP(A14,'BLCE JUL-25'!$A$9:$F$1048576,6,0),0) -> 0 | G14: =+C14-E14 -> 0 | H14: 0
A15: 42 | B15: Venta de Bienes | C15: =IFERROR(VLOOKUP(A15,'BLCE JUL-26'!$A:$F,6,0),0) -> 2.9209664e+09 | E15: =IFERROR(VLOOKUP(A15,'BLCE JUL-25'!$A$9:$F$1048576,6,0),0) -> 77767555 | G15: =+C15-E15 -> 2.8431988e+09 | H15: =+G15/E15 -> 36.560219
A16: 43 | B16: Venta de Servicios | C16: =IFERROR(VLOOKUP(A16,'BLCE JUL-26'!$A:$F,6,0),0) -> 0 | E16: =IFERROR(VLOOKUP(A16,'BLCE JUL-25'!$A$9:$F$1048576,6,0),0) -> 0 | G16: =+C16-E16 -> 0 | H16: 0
A17: 44 | B17: Transferencias y subtransferencias | C17: =IFERROR(VLOOKUP(A17,'BLCE JUL-26'!$A:$F,6,0),0) -> 101550 | E17: =IFERROR(VLOOKUP(A17,'BLCE JUL-25'!$A$9:$F$1048576,6,0),0) -> 0 | G17: =+C17-E17 -> 101550 | H17: 1
A18: 47 | B18: Operaciones Interinstitucionales | C18: =IFERROR(VLOOKUP(A18,'BLCE JUL-26'!$A:$F,6,0),0) -> 4.8033257e+09 | E18: =IFERROR(VLOOKUP(A18,'BLCE JUL-25'!$A$9:$F$1048576,6,0),0) -> 4.0182936e+09 | G18: =+C18-E18 -> 7.8503204e+08 | H18: =+G18/E18 -> 0.19536453
B21: COSTO DE VENTAS | C21: =+C23+C28 -> 88369297 | E21: =+E23+E28 -> 45818368 | G21: =+C21-E21 -> 42550929 | H21: =+G21/E21 -> 0.92868713 | J21: =+'ANEXO 4'!E41 -> 45818368 | K21: =+E21-J21 -> 0 | L21: =+C21-J21 -> 42550929
A23: 62 | B23: Costo de ventas de bienes | C23: =IFERROR(VLOOKUP(A23,'BLCE JUL-26'!$A:$F,6,0),0) -> 88369297 | E23: =IFERROR(VLOOKUP(A23,'BLCE JUL-25'!$A$9:$F$1048576,6,0),0) -> 45818368 | G23: =+C23-E23 -> 42550929 | H23: =+G23/E23 -> 0.92868713
B26: COSTO DE TRANSFORMACIÓN | C26: =+C28 -> 0 | E26: =+E28 -> 0 | G26: =+C26-E26 -> 0 | H26: 0
A28: 71 | B28: Impresos y Publicaciones | C28: =IFERROR(VLOOKUP(A28,'BLCE MAR-26'!$A:$F,6,0),0) -> 0 | E28: =IFERROR(VLOOKUP(A28,'BLCE JUL-25'!$A$9:$F$1048576,6,0),0) -> 0 | G28: =+C28-E28 -> 0 | H28: 0
B31: GASTO OPERACIONALES | C31: =+C33+C34+C37+C36+C35 -> 4.4465598e+09 | E31: =+E33+E34+E37+E36 -> 4.7188598e+09 | G31: =+C31-E31 -> -2.7230007e+08 | H31: =+G31/E31 -> -0.057704631 | J31: =+'ANEXO 4'!E58 -> 4.7188598e+09 | K31: =+E31-J31 -> 0 | L31: =+J31-K31 -> 4.7188598e+09
A33: 51 | B33: Gastos de Administración y operación | C33: =IFERROR(VLOOKUP(A33,'BLCE JUL-26'!$A:$F,6,0),0) -> 4.2751957e+09 | E33: =IFERROR(VLOOKUP(A33,'BLCE JUL-25'!$A$9:$F$1048576,6,0),0) -> 4.4811396e+09 | G33: =+C33-E33 -> -2.0594383e+08 | H33: =+G33/E33 -> -0.045957914
A34: 53 | B34: Deterioro, depreciaciones, amortizaciones y provisiones | C34: =IFERROR(VLOOKUP(A34,'BLCE JUL-26'!$A:$F,6,0),0) -> 1.7126248e+08 | E34: =IFERROR(VLOOKUP(A34,'BLCE JUL-25'!$A$9:$F$1048576,6,0),0) -> 235622300 | G34: =+C34-E34 -> -64359824 | H34: =+G34/E34 -> -0.27314827
A35: 54 | B35: Transferencias y subvenciones | C35: =IFERROR(VLOOKUP(A35,'BLCE JUL-26'!$A:$F,6,0),0) -> 101550 | E35: =IFERROR(VLOOKUP(A35,'BLCE JUL-25'!$A$9:$F$1048576,6,0),0) -> 0 | G35: =+C35-E35 -> 101550 | H35: 1
A36: 55 | B36: Gasto Público Social | C36: =IFERROR(VLOOKUP(A36,'BLCE JUL-26'!$A:$F,6,0),0) -> 0 | E36: =IFERROR(VLOOKUP(A36,'BLCE JUL-25'!$A$9:$F$1048576,6,0),0) -> 0 | G36: =+C36-E36 -> 0 | H36: 0
A37: 57 | B37: Operaciones interinstitucionales | C37: =IFERROR(VLOOKUP(A37,'BLCE JUL-26'!$A:$F,6,0),0) -> 0 | E37: =IFERROR(VLOOKUP(A37,'BLCE JUL-25'!$A$9:$F$1048576,6,0),0) -> 2097966 | G37: =+C37-E37 -> -2097966 | H37: =+G37/E37 -> -1
B40: EXCEDENTE (DÉFICIT) OPERACIONAL | C40: =+C11-C31-C21 -> 3.1894645e+09 | E40: =+E11-E31-E21 -> -6.6861701e+08 | G40: =+C40-E40 -> 3.8580816e+09 | H40: =+G40/E40 -> -5.7702414 | J40: =+'ANEXO 4'!E94 -> -6.6861701e+08 | K40: =+E40-J40 -> 0
B44: OTROS INGRESOS | C44: =+C46 -> 57296007 | E44: =+E46 -> 468927.87 | G44: =+C44-E44 -> 56827079 | H44: =+G44/E44 -> 121.18512 | J44: =+'ANEXO 4'!E98 -> 468927.87 | K44: =+J44-E44 -> 0
A46: 48 | B46: Otros Ingresos | C46: =IFERROR(VLOOKUP(A46,'BLCE JUL-26'!$A:$F,6,0),0) -> 57296007 | E46: =IFERROR(VLOOKUP(A46,'BLCE JUL-25'!$A$9:$F$1048576,6,0),0) -> 468927.87 | G46: =+C46-E46 -> 56827079 | H46: =+G46/E46 -> 121.18512
B49: OTROS GASTOS | C49: =+C51 -> 3495150.7 | E49: =+E51 -> 49007709 | G49: =+C49-E49 -> -45512559 | H49: =+G49/E49 -> -0.92868161 | J49: =+'ANEXO 4'!E107 -> 49007709 | K49: =+E49-J49 -> 0
A51: 58 | B51: Otros gastos | C51: =IFERROR(VLOOKUP(A51,'BLCE JUL-26'!$A:$F,6,0),0) -> 3495150.7 | E51: =IFERROR(VLOOKUP(A51,'BLCE JUL-25'!$A$9:$F$1048576,6,0),0) -> 49007709 | G51: =+C51-E51 -> -45512559 | H51: =+G51/E51 -> -0.92868161
B55: EXCEDENTE O DÉFICIT DEL EJERCICIO | C55: =+C40-C49+C44 -> 3.2432654e+09 | E55: =+E40-E49+E44 -> -7.1715579e+08 | G55: =+C55-E55 -> 3.9604212e+09 | H55: =+G55/E55 -> -5.5224 | J55: =+'ANEXO 4'!E118 -> -7.1715579e+08 | K55: =+E55-J55 -> 0
A61: =+'ANEXO 1'!A66:C66 -> EDNA VIVIANA VEGA ORTÍZ | D61: =+'ANEXO 1'!D66:H66 -> Cont. Púb. YAIR CONSUELO CALDERÓN SILVA
A62: =+'ANEXO 1'!A67:C67 -> Cèdula de ciudadanìa No. 1.019.023.923 | D62: =+'ANEXO 1'!D67:H67 -> Cèdula de ciudadanìa No. 52.713.929
A63: =+'ANEXO 1'!A68:C68 -> Coordinadora Administrativa y Financiera | D63: =+'ANEXO 1'!D68:H68 -> TP 199275-T
D64: =+'ANEXO 1'!D69:H69 -> Los saldos fueron tomados de SIIF Nación
A70: =+'ANEXO 1'!A74:H74 -> ANDREA CAROLINA CHACÓN CASTILLO
A71: =+'ANEXO 1'!A75:H75 -> Cèdula de ciudadanìa No. 1.100.959.001
A72: =+'ANEXO 1'!A76:H76 -> Directora General
A74: "Trabajamos por una Colombia mas incluyente" Dirección: Carrera 13 No. 34-91 Bogotá, D.C., Colombia PBX: 601 3846666 Bogotá, D.C. Colombia aciudadano@inci.gov.co www.inci.gov. Co

Sheet ANEXO 4
A1: ANEXO No. 4
A2: INSTITUTO NACIONAL PARA CIEGOS - INCI
A3: ESTADO DE RESULTADOS
A4: =+'ANEXO 3'!A4:E4 -> COMPARATIVO POR LOS MESES TERMINADOS AL 31 DE JULIO DE 2026-2025
A5: Cifras en pesos
B8: CUENTA | C8: Período | E8: Período | G8: Variaciones
C9: =+'ANEXO 3'!C9 -> JUL-26 | E9: =+'ANEXO 3'!E9 -> JUL-25 | G9: $ | H9: %
B12: INGRESOS OPERACIONALES | C12: =+C15+C19+C25+C30+C34 -> 7.7243936e+09 | E12: =+E15+E19+E25+E30+E34 -> 4.0960612e+09 | G12: =+C12-E12 -> 3.6283324e+09 | H12: =+G12/E12 -> 0.88581011 | I12: =+'ANEXO 3'!C11 -> 7.7243936e+09 | J12: =+C12-I12 -> 0
A15: 41 | B15: Ingresos Fiscales | C15: =+C17 -> 0 | E15: =+E17 -> 0 | G15: =+C15-E15 -> 0 | H15: 0
A17: 4110 | B17: No tributarios | C17: =IFERROR(VLOOKUP(A17,'BLCE JUL-26'!$A$2:$F$1048576,6,0),0) -> 0 | E17: =IFERROR(VLOOKUP(A17,'BLCE JUL-25'!$A$9:$F$1048576,6,0),0) -> 0 | G17: =+C17-E17 -> 0 | H17: 0
A19: 42 | B19: Venta de Bienes | C19: =SUM(C21:C23) -> 2.9209664e+09 | E19: =SUM(E21:E23) -> 77767555 | G19: =+C19-E19 -> 2.8431988e+09 | H19: =+G19/E19 -> 36.560219
A21: 4204 | B21: Bienes Producidos | C21: =IFERROR(VLOOKUP(A21,'BLCE JUL-26'!$A$2:$F$1048576,6,0),0) -> 2.8922556e+09 | E21: =IFERROR(VLOOKUP(A21,'BLCE JUL-25'!$A$9:$F$1048576,6,0),0) -> 47322970 | G21: =+C21-E21 -> 2.8449326e+09 | H21: =+G21/E21 -> 60.117372
A22: 4210 | B22: Bienes comercializados | C22: =IFERROR(VLOOKUP(A22,'BLCE JUL-26'!$A$2:$F$1048576,6,0),0) -> 28710804 | E22: =IFERROR(VLOOKUP(A22,'BLCE JUL-25'!$A$9:$F$1048576,6,0),0) -> 30444585 | G22: =+C22-E22 -> -1733780.7 | H22: =+G22/E22 -> -0.056948739
A23: 4295 | B23: Devoluciones, rebajas y descuentos en venta de bienes (Db) | C23: =IFERROR(VLOOKUP(A23,'BLCE JUL-26'!$A$2:$F$1048576,6,0),0) -> 0 | E23: =IFERROR(VLOOKUP(A23,'BLCE JUL-25'!$A$9:$F$1048576,6,0),0) -> 0 | G23: =+C23-E23 -> 0 | H23: 0 | J23: BIENES (DB)
A25: 43 | B25: Venta de servicios | C25: =SUM(C27:C28) -> 0 | E25: =SUM(E27:E28) -> 0 | G25: =+C25-E25 -> 0 | H25: 0
A27: 4311 | B27: Administración de la seguridad social en salud | C27: =IFERROR(VLOOKUP(A27,'BLCE JUL-26'!$A$2:$F$1048576,6,0),0) -> 0 | E27: =IFERROR(VLOOKUP(A27,'BLCE JUL-25'!$A$9:$F$1048576,6,0),0) -> 0 | G27: =+C27-E27 -> 0 | H27: 0
A28: 4390 | B28: Otros servicios | C28: =IFERROR(VLOOKUP(A28,'BLCE JUL-26'!$A$2:$F$1048576,6,0),0) -> 0 | E28: =IFERROR(VLOOKUP(A28,'BLCE JUL-25'!$A$9:$F$1048576,6,0),0) -> 0 | G28: =+C28-E28 -> 0 | H28: 0
A30: 44 | B30: Transferencias y subtransferencias | C30: =+C32 -> 101550 | E30: =+E32 -> 0 | G30: =+C30-E30 -> 101550 | H30: 1
A32: 4428 | B32: Otras Transferencias | C32: =IFERROR(VLOOKUP(A32,'BLCE JUL-26'!$A$2:$F$1048576,6,0),0) -> 101550 | E32: =IFERROR(VLOOKUP(A32,'BLCE JUL-25'!$A$9:$F$1048576,6,0),0) -> 0 | G32: =+C32-E32 -> 101550 | H32: 0
A34: 47 | B34: Operaciones Institucionales | C34: =+C36+C38+C37 -> 4.8033257e+09 | E34: =+E36+E38+E37 -> 4.0182936e+09 | G34: =+C34-E34 -> 7.8503204e+08 | H34: =+G34/E34 -> 0.19536453
A36: 4705 | B36: Fondos recibidos | C36: =IFERROR(VLOOKUP(A36,'BLCE JUL-26'!$A$2:$F$1048576,6,0),0) -> 4.6844237e+09 | E36: =IFERROR(VLOOKUP(A36,'BLCE JUL-25'!$A$9:$F$1048576,6,0),0) -> 3.9134573e+09 | G36: =+C36-E36 -> 7.709664e+08 | H36: =+G36/E36 -> 0.19700391
A37: 4720 | B37: Operaciones de enlace | C37: =IFERROR(VLOOKUP(A37,'BLCE JUL-26'!$A$2:$F$1048576,6,0),0) -> 0 | E37: =IFERROR(VLOOKUP(A37,'BLCE JUL-25'!$A$9:$F$1048576,6,0),0) -> 0 | G37: =+C37-E37 -> 0 | H37: 0
A38: 4722 | B38: Operaciones sin flujo de efectivo | C38: =IFERROR(VLOOKUP(A38,'BLCE JUL-26'!$A$2:$F$1048576,6,0),0) -> 118901964 | E38: =IFERROR(VLOOKUP(A38,'BLCE JUL-25'!$A$9:$F$1048576,6,0),0) -> 104836325 | G38: =+C38-E38 -> 14065639 | H38: =+G38/E38 -> 0.13416761
B41: COSTO DE VENTAS | C41: =+C44+C51 -> 88369297 | E41: =+E44+E51 -> 45818368 | G41: =+C41-E41 -> 42550929 | H41: =+G41/E41 -> 0.92868713 | I41: =+'ANEXO 3'!C21 -> 88369297 | J41: =+C41-I41 -> 0
A44: 62 | B44: Costo de venta de bienes | C44: =+C47+C48 -> 88369297 | E44: =+E47+E48 -> 45818368 | G44: =+C44-E44 -> 42550929 | H44: =+G44/E44 -> 0.92868713
A47: 6205 | B47: Bienes producidos | C47: =IFERROR(VLOOKUP(A47,'BLCE JUL-26'!$A$2:$F$1048576,6,0),0) -> 39352650 | E47: =IFERROR(VLOOKUP(A47,'BLCE JUL-25'!$A$9:$F$1048576,6,0),0) -> 12827435 | G47: =+C47-E47 -> 26525215 | H47: =+G47/E47 -> 2.0678502
A48: 6210 | B48: Bienes comercializados | C48: =IFERROR(VLOOKUP(A48,'BLCE JUL-26'!$A$2:$F$1048576,6,0),0) -> 49016647 | E48: =IFERROR(VLOOKUP(A48,'BLCE JUL-25'!$A$9:$F$1048576,6,0),0) -> 32990933 | G48: =+C48-E48 -> 16025714 | H48: =+G48/E48 -> 0.48576116
B51: COSTOS DE TRANSFORMACIÓN | C51: =+C55 -> 0 | E51: =+E55 -> 0 | G51: =+C51-E51 -> 0 | H51: 0
A53: 71 | B53: Bienes | C53: =+C55 -> 0 | E53: 0 | G53: =+C53-E53 -> 0 | H53: 0
A55: 7116 | B55: Impresos y Publicaciones | C55: =IFERROR(VLOOKUP(A55,'BLCE JUL-26'!$A$2:$F$1048576,6,0),0) -> 0 | E55: =IFERROR(VLOOKUP(A55,'BLCE JUL-25'!$A$9:$F$1048576,6,0),0) -> 0 | G55: =+C55-E55 -> 0 | H55: 0
B58: GASTOS OPERACIONALES | C58: =+C61+C72+C88+C84+C80 -> 4.4465598e+09 | E58: =+E61+E72+E88+E84 -> 4.7188598e+09 | G58: =+C58-E58 -> -2.7230007e+08 | H58: =+G58/E58 -> -0.057704631 | I58: =+'ANEXO 3'!C31 -> 4.4465598e+09 | J58: =+C58-I58 -> 0
A61: 51 | B61: De administración y operación | C61: =SUM(C63:C70) -> 4.2751957e+09 | E61: =SUM(E63:E70) -> 4.4811396e+09 | G61: =+C61-E61 -> -2.0594383e+08 | H61: =+G61/E61 -> -0.045957914 | I61: =+'ANEXO 3'!C33 -> 4.2751957e+09 | J61: =+C61-I61 -> 0
A63: 5101 | B63: Sueldos y salarios | C63: =IFERROR(VLOOKUP(A63,'BLCE JUL-26'!$A$2:$F$1048576,6,0),0) -> 1.753321e+09 | E63: =IFERROR(VLOOKUP(A63,'BLCE JUL-25'!$A$9:$F$1048576,6,0),0) -> 1657694601 | G63: =+C63-E63 -> 95626438 | H63: =+G63/E63 -> 0.057686403
A64: 5102 | B64: Contribuciones Imputadas | C64: =IFERROR(VLOOKUP(A64,'BLCE JUL-26'!$A$2:$F$1048576,6,0),0) -> 15086501 | E64: =IFERROR(VLOOKUP(A64,'BLCE JUL-25'!$A$9:$F$1048576,6,0),0) -> 7627005 | G64: =+C64-E64 -> 7459496 | H64: =+G64/E64 -> 0.97803738
A65: 5103 | B65: Contribuciones efectivas | C65: =IFERROR(VLOOKUP(A65,'BLCE JUL-26'!$A$2:$F$1048576,6,0),0) -> 392601794 | E65: =IFERROR(VLOOKUP(A65,'BLCE JUL-25'!$A$9:$F$1048576,6,0),0) -> 489199284 | G65: =+C65-E65 -> -96597490 | H65: =+G65/E65 -> -0.19746041
A66: 5104 | B66: Aportes sobre la nómina | C66: =IFERROR(VLOOKUP(A66,'BLCE JUL-26'!$A$2:$F$1048576,6,0),0) -> 76294200 | E66: =IFERROR(VLOOKUP(A66,'BLCE JUL-25'!$A$9:$F$1048576,6,0),0) -> 118097402 | G66: =+C66-E66 -> -41803202 | H66: =+G66/E66 -> -0.35397224
A67: 5107 | B67: Prestaciones sociales | C67: =IFERROR(VLOOKUP(A67,'BLCE JUL-26'!$A$2:$F$1048576,6,0),0) -> 7.0329945e+08 | E67: =IFERROR(VLOOKUP(A67,'BLCE JUL-25'!$A$9:$F$1048576,6,0),0) -> 952966114 | G67: =+C67-E67 -> -2.4966667e+08 | H67: =+G67/E67 -> -0.26198903
A68: 5108 | B68: Gastos de personal diversos | C68: =IFERROR(VLOOKUP(A68,'BLCE JUL-26'!$A$2:$F$1048576,6,0),0) -> 24998159 | E68: =IFERROR(VLOOKUP(A68,'BLCE JUL-25'!$A$9:$F$1048576,6,0),0) -> 0 | G68: =+C68-E68 -> 24998159 | H68: 1
A69: 5111 | B69: Generales | C69: =IFERROR(VLOOKUP(A69,'BLCE JUL-26'!$A$2:$F$1048576,6,0),0) -> 1.2709256e+09 | E69: =IFERROR(VLOOKUP(A69,'BLCE JUL-25'!$A$9:$F$1048576,6,0),0) -> 1.2210642e+09 | G69: =+C69-E69 -> 49861440 | H69: =+G69/E69 -> 0.040834414
A70: 5120 | B70: Impuestos, contribuciones y tasas | C70: =IFERROR(VLOOKUP(A70,'BLCE JUL-26'!$A$2:$F$1048576,6,0),0) -> 38669000 | E70: =IFERROR(VLOOKUP(A70,'BLCE JUL-25'!$A$9:$F$1048576,6,0),0) -> 34491000 | G70: =+C70-E70 -> 4178000 | H70: =+G70/E70 -> 0.12113305
A72: 53 | B72: Deterioro, depreciaciones, amortizaciones y provisiones | C72: =+C74+C75+C76+C77+C78 -> 1.7126248e+08 | E72: =+E74+E75+E76+E77+E78 -> 235622300 | G72: =+C72-E72 -> -64359824 | H72: =+G72/E72 -> -0.27314827 | I72: =+'ANEXO 3'!C34 -> 1.7126248e+08
A74: 5347 | B74: Deterioro de cuentas por Cobrar | C74: =IFERROR(VLOOKUP(A74,'BLCE JUL-26'!$A$2:$F$1048576,6,0),0) -> 0 | E74: =IFERROR(VLOOKUP(A74,'BLCE JUL-25'!$A$9:$F$1048576,6,0),0) -> 0 | G74: =+C74-E74 -> 0 | H74: 0
A75: 5360 | B75: Depreciación de propiedad, planta y equipo | C75: =IFERROR(VLOOKUP(A75,'BLCE JUL-26'!$A$2:$F$1048576,6,0),0) -> 1.1866691e+08 | E75: =IFERROR(VLOOKUP(A75,'BLCE JUL-25'!$A$9:$F$1048576,6,0),0) -> 152045834 | G75: =+C75-E75 -> -33378926 | H75: =+G75/E75 -> -0.219532
A76: 5366 | B76: Amortización de activos intangibles | C76: =IFERROR(VLOOKUP(A76,'BLCE JUL-26'!$A$2:$F$1048576,6,0),0) -> 52595568 | E76: =IFERROR(VLOOKUP(A76,'BLCE JUL-25'!$A$9:$F$1048576,6,0),0) -> 82897201 | G76: =+C76-E76 -> -30301633 | H76: =+G76/E76 -> -0.36553264
A77: 5368 | B77: Provisión Litigios y demandas | C77: =IFERROR(VLOOKUP(A77,'BLCE JUL-26'!$A$2:$F$1048576,6,0),0) -> 0 | E77: =IFERROR(VLOOKUP(A77,'BLCE JUL-25'!$A$9:$F$1048576,6,0),0) -> 679265 | G77: =+C77-E77 -> -679265 | H77: 0
A78: 5373 | B78: Provisiones diversas | C78: =IFERROR(VLOOKUP(A78,'BLCE JUL-26'!$A$2:$F$1048576,6,0),0) -> 0 | E78: =IFERROR(VLOOKUP(A78,'BLCE JUL-25'!$A$9:$F$1048576,6,0),0) -> 0 | G78: =+C78-E78 -> 0 | H78: 0
E79: =IFERROR(VLOOKUP(A79,'BLCE JUL-25'!$A$9:$F$1048576,6,0),0) -> 0
A80: 54 | B80: Transferencias y Subvenciones | C80: =+C82+C83+C84+C85+C86 -> 101550 | E80: =+E82 -> 0 | G80: =+C80-E80 -> 101550 | H80: 1
A82: 5423 | B82: Otras transferencias | C82: =IFERROR(VLOOKUP(A82,'BLCE JUL-26'!$A$2:$F$1048576,6,0),0) -> 101550 | E82: =IFERROR(VLOOKUP(A82,'BLCE JUL-25'!$A$9:$F$1048576,6,0),0) -> 0 | G82: =+C82-E82 -> 101550 | H82: 1
A84: 55 | B84: Gasto Público Social | C84: =+C86 -> 0 | E84: =+E86 -> 0 | G84: =+C84-E84 -> 0 | H84: 0
A86: 5507 | B86: Desarrollo comunitario y bienestar social | C86: =IFERROR(VLOOKUP(A86,'BLCE MAR-26'!$A$2:$F$1048576,6,0),0) -> 0 | E86: =IFERROR(VLOOKUP(A86,'BLCE JUL-25'!$A$9:$F$1048576,6,0),0) -> 0 | G86: =+C86-E86 -> 0 | H86: 0
A88: 57 | B88: Operaciones interinstitucionales | C88: =+C90 -> 0 | E88: =+E90 -> 2097966 | G88: =+C88-E88 -> -2097966 | H88: =+G88/E88 -> -1
A90: 5720 | B90: Operaciones de enlace | C90: =IFERROR(VLOOKUP(A90,'BLCE JUL-26'!$A$2:$F$1048576,6,0),0) -> 0 | E90: =IFERROR(VLOOKUP(A90,'BLCE JUL-25'!$A$9:$F$1048576,6,0),0) -> 2097966 | G90: =+C90-E90 -> -2097966 | H90: =+G90/E90 -> -1
B94: EXCEDENTE (DÉFICIT) OPERACIONAL | C94: =+C12-C58-C41 -> 3.1894645e+09 | E94: =+E12-E58-E41 -> -6.6861701e+08 | G94: =+C94-E94 -> 3.8580816e+09 | H94: =+G94/E94 -> -5.7702414
B98: OTROS INGRESOS | C98: =+C101 -> 57296007 | E98: =+E101 -> 468927.87 | G98: =+C98-E98 -> 56827079 | H98: =+G98/E98 -> 121.18512
A101: 48 | B101: OTROS INGRESOS | C101: =+C104+C103+C105 -> 57296007 | E101: =+E104+E103 -> 468927.87 | G101: =+C101-E101 -> 56827079 | H101: =+G101/E101 -> 121.18512
A103: 4802 | B103: Financieros | C103: =IFERROR(VLOOKUP(A103,'BLCE JUL-26'!$A$2:$F$1048576,6,0),0) -> 570012.06 | E103: =IFERROR(VLOOKUP(A103,'BLCE JUL-25'!$A$9:$F$1048576,6,0),0) -> 468927.87 | G103: =+C103-E103 -> 101084.19 | H103: =+G103/E103 -> 0.21556447
A104: 4808 | B104: Ingresos diversos | C104: =IFERROR(VLOOKUP(A104,'BLCE JUL-26'!$A$2:$F$1048576,6,0),0) -> 0 | E104: =IFERROR(VLOOKUP(A104,'BLCE JUL-25'!$A$9:$F$1048576,6,0),0) -> 0 | G104: =+C104-E104 -> 0 | H104: 0
A105: 4831 | B105: Reversion de provisiones | C105: =IFERROR(VLOOKUP(A105,'BLCE JUL-26'!$A$2:$F$1048576,6,0),0) -> 56725995 | E105: =IFERROR(VLOOKUP(A105,'BLCE JUL-25'!$A$9:$F$1048576,6,0),0) -> 0 | G105: =+C105-E105 -> 56725995 | H105: 1
B107: OTROS GASTOS | C107: =+C110 -> 3495150.7 | E107: =+E110 -> 49007709 | G107: =+C107-E107 -> -45512559 | H107: =+G107/E107 -> -0.92868161
A110: 58 | B110: OTROS GASTOS | C110: =+C112+C113 -> 3495150.7 | E110: =+E112+E113+E114 -> 49007709 | G110: =+C110-E110 -> -45512559 | H110: =+G110/E110 -> -0.92868161
A112: 5804 | B112: Financieros | C112: =IFERROR(VLOOKUP(A112,'BLCE JUL-26'!$A$2:$F$1048576,6,0),0) -> 27200.74 | E112: =IFERROR(VLOOKUP(A112,'BLCE JUL-25'!$A$9:$F$1048576,6,0),0) -> 0 | G112: =+C112-E112 -> 27200.74 | H112: 1
A113: 5890 | B113: Gastos Diversos | C113: =IFERROR(VLOOKUP(A113,'BLCE JUL-26'!$A$2:$F$1048576,6,0),0) -> 3467950 | E113: =IFERROR(VLOOKUP(A113,'BLCE JUL-25'!$A$9:$F$1048576,6,0),0) -> 49007709 | G113: =+C113-E113 -> -45539759 | H113: =+G113/E113 -> -0.92923664
A114: 5893 | B114: Devoluciones y descuentos ingresos fiscales | C114: =IFERROR(VLOOKUP(A114,'BLCE JUL-26'!$A$2:$F$1048576,6,0),0) -> 0 | E114: =IFERROR(VLOOKUP(A114,'BLCE JUL-25'!$A$9:$F$1048576,6,0),0) -> 0 | G114: =+C114-E114 -> 0 | H114: 0
B118: EXCEDENTE (DÉFICIT) DEL EJERCICIO | C118: =+C94+C98-C107 -> 3.2432654e+09 | E118: =+E94+E98-E107 -> -7.1715579e+08 | G118: =+C118-E118 -> 3.9604212e+09 | H118: =+G118/E118 -> -5.5224 | J118: =+'ANEXO 3'!C55 -> 3.2432654e+09 | K118: =+'ANEXO 3'!E55 -> -7.1715579e+08
J119: =+J118-C118 -> 0 | K119: =+E118-K118 -> 0
A124: =+'ANEXO 1'!A66:C66 -> EDNA VIVIANA VEGA ORTÍZ | D124: =+'ANEXO 1'!D66:H66 -> Cont. Púb. YAIR CONSUELO CALDERÓN SILVA
A125: =+'ANEXO 1'!A67:C67 -> Cèdula de ciudadanìa No. 1.019.023.923 | D125: =+'ANEXO 1'!D67:H67 -> Cèdula de ciudadanìa No. 52.713.929
A126: =+'ANEXO 1'!A68:C68 -> Coordinadora Administrativa y Financiera | D126: =+'ANEXO 1'!D68:H68 -> TP 199275-T
D127: =+'ANEXO 1'!D69:H69 -> Los saldos fueron tomados de SIIF Nación
A134: =+'ANEXO 3'!A70:H70 -> ANDREA CAROLINA CHACÓN CASTILLO
A135: =+'ANEXO 3'!A71:H71 -> Cèdula de ciudadanìa No. 1.100.959.001
A136: =+'ANEXO 3'!A72:H72 -> Directora General
A139: "Trabajamos por una Colombia mas incluyente" Dirección: Carrera 13 No. 34-91 Bogotá, D.C., Colombia PBX: 601 3846666 Bogotá, D.C. Colombia aciudadano@inci.gov.co www.inci.gov. Co

Sheet ANEXO 5
A1: ANEXO No. 5
A2: INSTITUTO NACIONAL PARA CIEGOS - INCI
A3: ESTADO DE CAMBIOS EN EL PATRIMONIO
A4: COMPARATIVO A DICIEMBRE 2025-2024
A5: Cifras en pesos
L7: 1.0215127e+09
B8: SALDO DEL PATRIMONIO A DICIEMBRE 31 DE 2024 | I8: =+'ANEXO 2'!E142 -> 1.2469472e+10 | L8: =+L7+I10 -> 1.0999952e+09
B10: VARIACIONES PATRIMONIALES DURANTE DICIEMBRE 2025 | I10: =+I12-I8 -> 78482429 | L10: =+#REF!+L7 -> #REF!
B12: SALDO DEL PATRIMONIO A DICIEMBRE 31 DE 2025 | I12: =+'ANEXO 1'!C51 -> 1.2547954e+10
C16: DETALLE DE LAS VARIACIONES PATRIMONIALES | M16: PERIODO 2025 | N16: 2023 | O16: PERIIODO 2024
G18: PERIODO ANTERIOR 2024 | H18: PERIODO ACTUAL 2025 | K18: 31 | L18: Patrimonio de las entidades de Gobierno | M18: 9.3046888e+09 | O18: 1.1417587e+10
C20: INCREMENTOS: | I20: =SUM(I22:I24) -> -2.1128983e+09 | K20: 3105 | L20: Capital fiscal | M20: 2.2950386e+09 | O20: 2.2950386e+09 | P20: NO VARIA
K21: 3109 | L21: Resultado de ejercicios anteriores | M21: 9.1225485e+09 | O21: 1.0144061e+10 | P21: DISMINUYE
B22: 3105 | C22: Capital fiscal | G22: =+O20 -> 2.2950386e+09 | H22: =+M20 -> 2.2950386e+09 | I22: =+H22-G22 -> 0 | K22: 3110 | L22: Resultado del ejercicio | M22: -2.1128983e+09 | O22: -1.0215127e+09 | P22: INCREMENTA
B23: 3109 | C23: Resultado de ejercicios anteriores | G23: =+O21 -> 1.0144061e+10 | H23: =+M21 -> 9.1225485e+09 | I23: =+H23-G23 -> -1.0215127e+09
B24: 3110 | C24: Resultado del ejercicio | G24: =+O22 -> -1.0215127e+09 | H24: =+M22 -> -2.1128983e+09 | I24: =+H24-G24 -> -1.0913856e+09
L25: TOTAL PATRIMONIO | M25: 9.3046888e+09 | O25: 1.1417587e+10
C26: DISMINUCIONES: | I26: =SUM(I29:I30) -> 0
B28: 3105 | C28: Capital fiscal | G28: 0 | H28: 0 | I28: =+H28-G28 -> 0
B29: 3109 | C29: Resultado de ejercicios anteriores | G29: 0 | H29: 0 | I29: =+H29-G29 -> 0
B30: 3110 | C30: Resultado del ejercicio | G30: 0 | H30: 0 | I30: =+H30-G30 -> 0
C32: VARIACIÓN PATRIMONIAL | I32: =+I20+I26 -> -2.1128983e+09
B37: =+'ANEXO 1'!A66 -> EDNA VIVIANA VEGA ORTÍZ | G37: =+'ANEXO 1'!D66 -> Cont. Púb. YAIR CONSUELO CALDERÓN SILVA
B38: =+'ANEXO 1'!A67 -> Cèdula de ciudadanìa No. 1.019.023.923 | G38: =+'ANEXO 1'!D67 -> Cèdula de ciudadanìa No. 52.713.929
B39: =+'ANEXO 1'!A68 -> Coordinadora Administrativa y Financiera | G39: =+'ANEXO 1'!D68 -> TP 199275-T
G40: =+'ANEXO 1'!D69 -> Los saldos fueron tomados de SIIF Nación
A43: =+'ANEXO 1'!A74:H74 -> ANDREA CAROLINA CHACÓN CASTILLO
A44: =+'ANEXO 1'!A75:H75 -> Cèdula de ciudadanìa No. 1.100.959.001
A45: =+'ANEXO 1'!A76:H76 -> Directora General
B49: "Trabajamos por una Colombia mas incluyente" Dirección: Carrera 13 No. 34-91 Bogotá, D.C., Colombia PBX: 601 3846666 Bogotá, D.C. Colombia aciudadano@inci.gov.co www.inci.gov.co

Sheet NOTAS
A1: INSTITUTO NACIONAL PARA CIEGOS - INCI
A2: NOTAS A LOS ESTADOS FINANCIEROS
A3: A 31 DE JULIO DE 2026
A4: (Cifras en pesos)
A7: CÓDIGO
A9: 1 | C9: ACTIVO
A11: 11 | B11: 11 | C11: EFECTIVO Y EQUIVALENTE AL EFECTIVO | I11: =+G13+G17 -> 14888679
B13: 1105 | C13: Caja | G13: =SUM(E14:E15) -> 1346000
C14: Caja menor - Efectivo | E14: =+'BLCE JUL-26'!F13 -> 1346000
C15: Caja menor - Cuenta corriente-Funcionamiento | E15: 0
B17: 1110 | C17: Bancos | G17: =SUM(E18:E22) -> 13542679 | L17: =+'BLCE JUL-26'!F15 -> 13542679
C18: Banco Davivienda - Cuenta No.014098263 - INVERSION | E18: 0
C19: Banco Davivienda - Cuenta No. 014098271 - TRANSFERENCIAS | E19: 0
C20: Banco Davivienda - Cuenta No.014098289 - GASTOS GENERALES | E20: =+'CTAS BRIAS'!K16 -> 0
C21: Banco Davivienda - Cuenta No.014098297 - RENTAS ADMINISTRADAS | E21: =+'CTAS BRIAS'!K14 -> 5204722.4
C22: Banco Davivienda - Cuenta No. 014990949 - SERVICIOS PERSONALES | E22: =+'CTAS BRIAS'!K15 -> 8337957
A24: 12 | C24: INVERSIONES E INSTRUMENTOS DERIVADOS | I24: =+G26 -> 1000
B26: 1222 | C26: Inversiones de administración de liquidez a valor del mercado | G26: =+E27 -> 1000
C27: Acerías Paz del Rio SA | E27: =+'BLCE JUL-26'!F19 -> 1000
A29: 13 | C29: CUENTAS POR COBRAR | I29: =+G31+G41 -> 3.445962e+09
B31: 1316 | C31: Venta de bienes | G31: =SUM(E32:E39) -> 3.3998387e+09
C32: =+L32 -> VANTI S.A ESP | E32: =+M32 -> 254309.41 | L32: VANTI S.A ESP | M32: 254309.41
C33: =+L33 -> SUPERINTENDENCIA DE INDUSTRIA Y COMERCIO | E33: =+M33 -> 3497529 | L33: SUPERINTENDENCIA DE INDUSTRIA Y COMERCIO | M33: 3497529
C34: =+L34 -> THOMAS GREG & SONS LIMITED GUERNSEY S A | E34: =+M34 -> 3.3898656e+09 | L34: THOMAS GREG & SONS LIMITED GUERNSEY S A | M34: 3.3898656e+09
C35: =+L35 -> PONTIFICIA UNIVERSIDAD JAVERIANA | E35: =+M35 -> 217785.6 | L35: PONTIFICIA UNIVERSIDAD JAVERIANA | M35: 217785.6
C36: =+L36 -> COMPAÑIA DE FINANCIAMIENTO TUYA S.A | E36: =+M36 -> 83474.99 | L36: COMPAÑIA DE FINANCIAMIENTO TUYA S.A | M36: 83474.99
C37: =+L37 -> ENEL COLOMBIA S.A E.S.P | E37: =+M37 -> 825228.44 | L37: ENEL COLOMBIA S.A E.S.P | M37: 825228.44
C38: =+L38 -> CADENA S . A . | E38: =+M38 -> 5076796.9 | L38: CADENA S . A . | M38: 5076796.9
C39: =+L39 -> Tercero facturacion ventas a plazos | E39: =+M39 -> 17964.42 | L39: Tercero facturacion ventas a plazos | M39: 17964.42
B41: 1384 | C41: Otras cuentas por cobrar-Incapacidades | G41: =SUM(E42:E47) -> 46123281
C42: =+L42 -> EPS SURAMERICANA S. A | E42: =+M42 -> 1105297 | L42: EPS SURAMERICANA S. A | M42: 1105297 | O42: EPS SURAMERICANA S. A | P42: 1105297 | Q42: =+M42-P42 -> 0
C43: =+L43 -> ENTIDAD PROMOTORA DE SALUD SANITAS S A S | E43: =+M43 -> 24014484 | L43: ENTIDAD PROMOTORA DE SALUD SANITAS S A S | M43: 24014484 | O43: ENTIDAD PROMOTORA DE SALUD SANITAS S A S | P43: 24014484 | Q43: =+M43-P43 -> 0
C44: =+L44 -> ENTIDAD PROMOTORA DE SALUD FAMISANAR S A S | E44: =+M44 -> 4007927 | L44: ENTIDAD PROMOTORA DE SALUD FAMISANAR S A S | M44: 4007927 | O44: ENTIDAD PROMOTORA DE SALUD FAMISANAR S A S | P44: 4007927 | Q44: =+M44-P44 -> 0
C45: =+L45 -> POSITIVA COMPAÑIA DE SEGUROS S. A. | E45: =+M45 -> 1965406 | L45: POSITIVA COMPAÑIA DE SEGUROS S. A. | M45: 1965406 | O45: POSITIVA COMPAÑIA DE SEGUROS S. A. | P45: 1965406 | Q45: =+M45-P45 -> 0
C46: =+L46 -> INSTITUTO NACIONAL PARA CIEGOS | E46: =+M46 -> 5685055.1 | L46: INSTITUTO NACIONAL PARA CIEGOS | M46: 5685055.1 | O46: INSTITUTO NACIONAL PARA CIEGOS | P46: 5685055.1 | Q46: =+M46-P46 -> 0
C47: =+L47 -> CAJA DE COMPENSACION FAMILIAR COMPENSAR | E47: =+M47 -> 9345112 | L47: CAJA DE COMPENSACION FAMILIAR COMPENSAR | M47: 9345112 | O47: CAJA DE COMPENSACION FAMILIAR COMPENSAR | P47: 9345112 | Q47: =+M47-P47 -> 0
A49: 15 | C49: INVENTARIOS | I49: =+G51+G54+G60+G65+G57 -> 6.2507141e+08 | L49: =+'BLCE JUL-26'!F29 -> 6.2507141e+08 | M49: =+I49-L49 -> 0
B51: 1505 | C51: Bienes Producidos | G51: =+E52 -> 2.5226252e+08
B52: 150506001 | C52: =VLOOKUP(B52,'BLCE MAR-26'!A9:B1048576,2,0) -> Impresos y publicaciones | E52: =IFERROR(VLOOKUP(B52,'BLCE JUL-26'!$A$10:$F$1048576,6,0),0) -> 2.5226252e+08
B54: 1510 | C54: Mercancías en existencia | G54: =+E55 -> 92828150
B55: 151029001 | C55: =VLOOKUP(B55,'BLCE MAR-26'!A9:B1048576,2,0) -> Elementos para invidentes | E55: =IFERROR(VLOOKUP(B55,'BLCE JUL-26'!$A$10:$F$1048576,6,0),0) -> 92828150
B57: 1512 | C57: Materias primas | G57: =+E58 -> 2.0855656e+08
B58: 151201001 | C58: =VLOOKUP(B58,'BLCE MAR-26'!A9:B1048576,2,0) -> Materias primas | E58: =IFERROR(VLOOKUP(B58,'BLCE JUL-26'!$A$10:$F$1048576,6,0),0) -> 2.0855656e+08
B60: 1514 | C60: Materiales y suministros | G60: =SUM(E61:E63) -> 0
B61: 151404001 | C61: Materiales médico - quirúrgicos | E61: =IFERROR(VLOOKUP(B61,'BLCE JUL-26'!$A$10:$F$1048576,6,0),0) -> 0
B62: 151417001 | C62: Elementos y accesorios de aseo | E62: =IFERROR(VLOOKUP(B62,'BLCE JUL-26'!$A$10:$F$1048576,6,0),0) -> 0
B63: 151490001 | C63: Otros materiales y suministros | E63: =IFERROR(VLOOKUP(B63,'BLCE JUL-26'!$A$10:$F$1048576,6,0),0) -> 0
B65: 1520 | C65: Productos en Proceso | G65: =+E66 -> 71424177
B66: 152007001 | C66: =VLOOKUP(B66,'BLCE MAR-26'!$A$9:$B$1048576,2,0) -> Impresos y publicaciones | E66: =IFERROR(VLOOKUP(B66,'BLCE JUL-26'!$A$10:$F$1048576,6,0),0) -> 71424177
A68: 16 | C68: PROPIEDAD PLANTA Y EQUIPO | I68: =+G70+G73+G86+G89+G92+G98+G102+G106+G110+G113+G116+G119 -> 9.3114029e+09 | L68: =+'BLCE JUL-26'!F42 -> 9.3114029e+09 | M68: =+I68-L68 -> 0
B70: 1605 | C70: Terrenos | G70: =+E71 -> 3924626300
B71: 160501001 | C71: =VLOOKUP(B71,'BLCE MAR-26'!$A$9:$B$1048576,2,0) -> Urbanos | E71: =IFERROR(VLOOKUP(B71,'BLCE JUL-26'!$A$10:$F$1048576,6,0),0) -> 3924626300
B73: 1637 | C73: Propiedad Planta y Equipo no explotados | G73: =SUM(E74:E84) -> 4.9789036e+08
B74: 163701001 | C74: =IFERROR(VLOOKUP(B74,'BLCE JUL-26'!$A$10:$B$1048576,2,0),0) -> Urbanos | E74: =IFERROR(VLOOKUP(B74,'BLCE JUL-26'!$A$10:$F$1048576,6,0),0) -> 59889
B75: 163707004 | C75: =IFERROR(VLOOKUP(B75,'BLCE JUL-26'!$A$10:$B$1048576,2,0),0) -> Maquinaria industrial | E75: =IFERROR(VLOOKUP(B75,'BLCE JUL-26'!$A$10:$F$1048576,6,0),0) -> 221221308
B76: 163707008 | C76: =IFERROR(VLOOKUP(B76,'BLCE JUL-26'!$A$10:$B$1048576,2,0),0) -> Equipo de enseñanza | E76: =IFERROR(VLOOKUP(B76,'BLCE JUL-26'!$A$10:$F$1048576,6,0),0) -> 10950946
B77: 163707009 | C77: =IFERROR(VLOOKUP(B77,'BLCE JUL-26'!$A$10:$B$1048576,2,0),0) -> 0 | E77: =IFERROR(VLOOKUP(B77,'BLCE JUL-26'!$A$10:$F$1048576,6,0),0) -> 0
B78: 163707012 | C78: =IFERROR(VLOOKUP(B78,'BLCE JUL-26'!$A$10:$B$1048576,2,0),0) -> Equipo de ayuda audiovisual | E78: =IFERROR(VLOOKUP(B78,'BLCE JUL-26'!$A$10:$F$1048576,6,0),0) -> 6796646
B79: 163708006 | C79: =IFERROR(VLOOKUP(B79,'BLCE JUL-26'!$A$10:$B$1048576,2,0),0) -> 0 | E79: =IFERROR(VLOOKUP(B79,'BLCE JUL-26'!$A$10:$F$1048576,6,0),0) -> 0
B80: 163708007 | C80: =IFERROR(VLOOKUP(B80,'BLCE JUL-26'!$A$10:$B$1048576,2,0),0) -> 0 | E80: =IFERROR(VLOOKUP(B80,'BLCE JUL-26'!$A$10:$F$1048576,6,0),0) -> 0
B81: 163709001 | C81: =IFERROR(VLOOKUP(B81,'BLCE JUL-26'!$A$10:$B$1048576,2,0),0) -> Muebles y enseres | E81: =IFERROR(VLOOKUP(B81,'BLCE JUL-26'!$A$10:$F$1048576,6,0),0) -> 26658485
B82: 163709002 | C82: =IFERROR(VLOOKUP(B82,'BLCE JUL-26'!$A$10:$B$1048576,2,0),0) -> Equipo y máquina de oficina | E82: =IFERROR(VLOOKUP(B82,'BLCE JUL-26'!$A$10:$F$1048576,6,0),0) -> 27998295
B83: 163710001 | C83: =IFERROR(VLOOKUP(B83,'BLCE JUL-26'!$A$10:$B$1048576,2,0),0) -> Equipo de comunicación | E83: =IFERROR(VLOOKUP(B83,'BLCE JUL-26'!$A$10:$F$1048576,6,0),0) -> 113572227
B84: 163710002 | C84: =IFERROR(VLOOKUP(B84,'BLCE JUL-26'!$A$10:$B$1048576,2,0),0) -> Equipo de computación | E84: =IFERROR(VLOOKUP(B84,'BLCE JUL-26'!$A$10:$F$1048576,6,0),0) -> 90632567
B86: 1640 | C86: Edificaciones | G86: =+E87 -> 4.4401129e+09
B87: 164001001 | C87: =IFERROR(VLOOKUP(B87,'BLCE JUL-26'!$A$10:$B$1048576,2,0),0) -> Edificios y casas | E87: =IFERROR(VLOOKUP(B87,'BLCE JUL-26'!$A$10:$F$1048576,6,0),0) -> 4.4401129e+09
B89: 1650 | C89: Redes Líneas y Cables | G89: =+E90 -> 65631390
B90: 165007001 | C90: =IFERROR(VLOOKUP(B90,'BLCE JUL-26'!$A$10:$B$1048576,2,0),0) -> Líneas y cables de interconexión | E90: =IFERROR(VLOOKUP(B90,'BLCE JUL-26'!$A$10:$F$1048576,6,0),0) -> 65631390
B92: 1655 | C92: Maquinaría y Equipo | G92: =SUM(E93:E96) -> 2.2790753e+09
B93: 165504001 | C93: =IFERROR(VLOOKUP(B93,'BLCE JUL-26'!$A$10:$B$1048576,2,0),0) -> Maquinaria industrial | E93: =IFERROR(VLOOKUP(B93,'BLCE JUL-26'!$A$10:$F$1048576,6,0),0) -> 2.1894035e+09
B94: 165509001 | C94: =IFERROR(VLOOKUP(B94,'BLCE JUL-26'!$A$10:$B$1048576,2,0),0) -> Equipo de enseñanza | E94: =IFERROR(VLOOKUP(B94,'BLCE JUL-26'!$A$10:$F$1048576,6,0),0) -> 20767921
B95: 165511001 | C95: =IFERROR(VLOOKUP(B95,'BLCE JUL-26'!$A$10:$B$1048576,2,0),0) -> Herramientas y accesorios | E95: =IFERROR(VLOOKUP(B95,'BLCE JUL-26'!$A$10:$F$1048576,6,0),0) -> 3379519
B96: 165522001 | C96: =IFERROR(VLOOKUP(B96,'BLCE JUL-26'!$A$10:$B$1048576,2,0),0) -> Equipo de ayuda audiovisual | E96: =IFERROR(VLOOKUP(B96,'BLCE JUL-26'!$A$10:$F$1048576,6,0),0) -> 65524371
B98: 1660 | C98: Equipo Médico científico | G98: =SUM(E99:E100) -> 3145498
B99: 166007001 | C99: =IFERROR(VLOOKUP(B99,'BLCE JUL-26'!$A$10:$B$1048576,2,0),0) -> Equipo de apoyo diagnóstico | E99: =IFERROR(VLOOKUP(B99,'BLCE JUL-26'!$A$10:$F$1048576,6,0),0) -> 1540000
B100: 166008001 | C100: =IFERROR(VLOOKUP(B100,'BLCE JUL-26'!$A$10:$B$1048576,2,0),0) -> Equipo de apoyo terapéutico | E100: =IFERROR(VLOOKUP(B100,'BLCE JUL-26'!$A$10:$F$1048576,6,0),0) -> 1605498
B102: 1665 | C102: Muebles y Enseres y Equipo de Oficina | G102: =SUM(E103:E104) -> 3.6494877e+08
B103: 166501001 | C103: =IFERROR(VLOOKUP(B103,'BLCE JUL-26'!$A$10:$B$1048576,2,0),0) -> Muebles y enseres | E103: =IFERROR(VLOOKUP(B103,'BLCE JUL-26'!$A$10:$F$1048576,6,0),0) -> 2.9902336e+08
B104: 166502001 | C104: =IFERROR(VLOOKUP(B104,'BLCE JUL-26'!$A$10:$B$1048576,2,0),0) -> Equipo y máquina de oficina | E104: =IFERROR(VLOOKUP(B104,'BLCE JUL-26'!$A$10:$F$1048576,6,0),0) -> 65925410
B106: 1670 | C106: Equipo de Comunicación y Computación | G106: =SUM(E107:E108) -> 1.4931668e+09
B107: 167001001 | C107: =IFERROR(VLOOKUP(B107,'BLCE JUL-26'!$A$10:$B$1048576,2,0),0) -> Equipo de comunicación | E107: =IFERROR(VLOOKUP(B107,'BLCE JUL-26'!$A$10:$F$1048576,6,0),0) -> 2.5714321e+08
B108: 167002001 | C108: =IFERROR(VLOOKUP(B108,'BLCE JUL-26'!$A$10:$B$1048576,2,0),0) -> Equipo de computación | E108: =IFERROR(VLOOKUP(B108,'BLCE JUL-26'!$A$10:$F$1048576,6,0),0) -> 1236023547
B110: 1675 | C110: Equipo de transporte, tracción y elevación | G110: =+E111 -> 82000000
B111: 167502001 | C111: =IFERROR(VLOOKUP(B111,'BLCE JUL-26'!$A$10:$B$1048576,2,0),0) -> Terrestre | E111: =IFERROR(VLOOKUP(B111,'BLCE JUL-26'!$A$10:$F$1048576,6,0),0) -> 82000000
B113: 1680 | C113: Equipos de comedor y cocina, despensa y hotelería | G113: =+E114 -> 1003911
B114: 168002001 | C114: =IFERROR(VLOOKUP(B114,'BLCE JUL-26'!$A$10:$B$1048576,2,0),0) -> Equipo de restaurante y cafetería | E114: =IFERROR(VLOOKUP(B114,'BLCE JUL-26'!$A$10:$F$1048576,6,0),0) -> 1003911
B116: 1681 | C116: Bienes de arte y Cultura | G116: =+E117 -> 8383000
B117: 168101001 | C117: =IFERROR(VLOOKUP(B117,'BLCE JUL-26'!$A$10:$B$1048576,2,0),0) -> Obras de arte | E117: =IFERROR(VLOOKUP(B117,'BLCE JUL-26'!$A$10:$F$1048576,6,0),0) -> 8383000
B119: 1685 | C119: Depreciación Acumulada de Propiedades, Planta y Equipo | G119: =SUM(E120:E135) -> -3.8485812e+09
B120: 168501001 | C120: =IFERROR(VLOOKUP(B120,'BLCE JUL-26'!$A$10:$B$1048576,2,0),0) -> Edificios y casas | E120: =IFERROR(VLOOKUP(B120,'BLCE JUL-26'!$A$10:$F$1048576,6,0),0) -> -7.1959258e+08
B121: 168503006 | C121: =IFERROR(VLOOKUP(B121,'BLCE JUL-26'!$A$10:$B$1048576,2,0),0) -> Líneas y cables de interconexión | E121: =IFERROR(VLOOKUP(B121,'BLCE JUL-26'!$A$10:$F$1048576,6,0),0) -> -22443078
B122: 168504004 | C122: =IFERROR(VLOOKUP(B122,'BLCE JUL-26'!$A$10:$B$1048576,2,0),0) -> Maquinaria industrial | E122: =IFERROR(VLOOKUP(B122,'BLCE JUL-26'!$A$10:$F$1048576,6,0),0) -> -1.128129e+09
B123: 168504008 | C123: =IFERROR(VLOOKUP(B123,'BLCE JUL-26'!$A$10:$B$1048576,2,0),0) -> Equipo de enseñanza | E123: =IFERROR(VLOOKUP(B123,'BLCE JUL-26'!$A$10:$F$1048576,6,0),0) -> -38193116
B124: 168504009 | C124: =IFERROR(VLOOKUP(B124,'BLCE JUL-26'!$A$10:$B$1048576,2,0),0) -> Herramientas y accesorios | E124: =IFERROR(VLOOKUP(B124,'BLCE JUL-26'!$A$10:$F$1048576,6,0),0) -> -3379518.6
B125: 168504012 | C125: =IFERROR(VLOOKUP(B125,'BLCE JUL-26'!$A$10:$B$1048576,2,0),0) -> Equipo de ayuda audiovisual | E125: =IFERROR(VLOOKUP(B125,'BLCE JUL-26'!$A$10:$F$1048576,6,0),0) -> -40581210
B126: 168505006 | C126: =IFERROR(VLOOKUP(B126,'BLCE JUL-26'!$A$10:$B$1048576,2,0),0) -> Equipo de apoyo diagnóstico | E126: =IFERROR(VLOOKUP(B126,'BLCE JUL-26'!$A$10:$F$1048576,6,0),0) -> -959792
B127: 168505007 | C127: =IFERROR(VLOOKUP(B127,'BLCE JUL-26'!$A$10:$B$1048576,2,0),0) -> Equipo de apoyo terapéutico | E127: =IFERROR(VLOOKUP(B127,'BLCE JUL-26'!$A$10:$F$1048576,6,0),0) -> -1605498.3
B128: 168506001 | C128: =IFERROR(VLOOKUP(B128,'BLCE JUL-26'!$A$10:$B$1048576,2,0),0) -> Muebles y enseres | E128: =IFERROR(VLOOKUP(B128,'BLCE JUL-26'!$A$10:$F$1048576,6,0),0) -> -2.4643629e+08
B129: 168506002 | C129: =IFERROR(VLOOKUP(B129,'BLCE JUL-26'!$A$10:$B$1048576,2,0),0) -> Equipo y máquina de oficina | E129: =IFERROR(VLOOKUP(B129,'BLCE JUL-26'!$A$10:$F$1048576,6,0),0) -> -58600900
B130: 168507001 | C130: =IFERROR(VLOOKUP(B130,'BLCE JUL-26'!$A$10:$B$1048576,2,0),0) -> Equipo de comunicación | E130: =IFERROR(VLOOKUP(B130,'BLCE JUL-26'!$A$10:$F$1048576,6,0),0) -> -3.118932e+08
...

Sheet BLCE MAR-26
A2: Informacion_1 | B2: Informacion_2
A3: Codigo de Consolidacion | B3: 025800000
A4: Descripcion | B4: INSTITUTO NACIONAL PARA CIEGOS -INCI-
A5: Fecha | B5: 2026-05-19 20:04:21
A6: Fecha Inicial Periodo Inicial | B6: 2026-03-01 00:00:00
A7: Fecha Final Periodo Final | B7: 2026-03-31 00:00:00
A9: Codigo | B9: Descripcion | C9: Saldo Inicial | D9: Movimientos Debito | E9: Movimientos Credito | F9: Saldo Final
A10: 1 | B10: ACTIVOS | C10: 1.0572383e+10 | D10: 4.9764198e+08 | E10: 3.2136025e+08 | F10: 1.0748665e+10 | G10: =LEN(A10) -> 1 | I10: 1 | J10: ACTIVO | K10: =IFERROR(VLOOKUP(I10,$A$8:$F$1000,6,0),0) -> 1.0748665e+10
A11: 11 | B11: EFECTIVO Y EQUIVALENTES AL EFECTIVO | C11: 10498448 | D11: 1.3686368e+08 | E11: 132223240 | F11: 15138889 | G11: =LEN(A11) -> 2 | I11: 2 | J11: PASIVO | K11: =IFERROR(VLOOKUP(I11,$A$9:$F$1000,6,0),0) -> 9.7228101e+08
A12: 1105 | B12: CAJA | C12: 1346000 | D12: 0 | E12: 0 | F12: 1346000 | G12: =LEN(A12) -> 4 | I12: 3 | J12: PATRIMONIO | K12: =IFERROR(VLOOKUP(I12,$A$9:$F$1000,6,0),0) -> 9.3046888e+09
A13: 110502 | B13: Caja menor | C13: 1346000 | D13: 0 | E13: 0 | F13: 1346000 | G13: =LEN(A13) -> 6 | K13: =+K10-K11-K12 -> 4.7169513e+08
A14: 110502002 | B14: Cuenta corriente | C14: 1346000 | D14: 0 | E14: 0 | F14: 1346000 | G14: =LEN(A14) -> 9
A15: 1110 | B15: DEPÓSITOS EN INSTITUCIONES FINANCIERAS | C15: 9152448.3 | D15: 1.3686368e+08 | E15: 132223240 | F15: 13792889 | G15: =LEN(A15) -> 4 | I15: 4 | J15: INGRESOS | K15: =IFERROR(VLOOKUP(I15,$A$9:$F$1000,6,0),0) -> 2.1636437e+09
A16: 111005 | B16: Cuenta corriente | C16: 9152448.3 | D16: 1.3686368e+08 | E16: 132223240 | F16: 13792889 | G16: =LEN(A16) -> 6 | I16: 5 | J16: GASTOS | K16: =IFERROR(VLOOKUP(I16,$A$9:$F$1000,6,0),0) -> 1.6258277e+09
A17: 111005001 | B17: Cuenta corriente | C17: 9152448.3 | D17: 1.3686368e+08 | E17: 132223240 | F17: 13792889 | G17: =LEN(A17) -> 9 | I17: 6 | J17: COSTOS DE VENTAS | K17: =IFERROR(VLOOKUP(I17,$A$9:$F$1000,6,0),0) -> 66120868
A18: 12 | B18: INVERSIONES E INSTRUMENTOS DERIVADOS | C18: 1000 | D18: 0 | E18: 0 | F18: 1000 | G18: =LEN(A18) -> 2 | I18: 7 | J18: COSTOS DE TRANSFORMACIÒN | K18: =IFERROR(VLOOKUP(I18,$A$9:$F$1000,6,0),0) -> 0
A19: 1222 | B19: INVERSIONES DE ADMINISTRACIÓN DE LIQUIDEZ A VALOR DE MERCADO (VALOR RAZONABLE) CON CAMBIOS EN EL PATRIMONIO (OTRO RESULTADO INTEGRAL) | C19: 1000 | D19: 0 | E19: 0 | F19: 1000 | G19: =LEN(A19) -> 4
A20: 122202 | B20: Instrumentos de patrimonio - empresas privadas | C20: 1000 | D20: 0 | E20: 0 | F20: 1000 | G20: =LEN(A20) -> 6 | J20: UTILIDAD | K20: =+K15-K16-K17-K18 -> 4.7169513e+08
A21: 122202001 | B21: Instrumentos de patrimonio - empresas privadas | C21: 1000 | D21: 0 | E21: 0 | F21: 1000 | G21: =LEN(A21) -> 9
A22: 13 | B22: CUENTAS POR COBRAR | C22: 74350742 | D22: 28516695 | E22: 43012302 | F22: 59855134 | G22: =LEN(A22) -> 2 | J22: COMPROBACIÓN | K22: =+K13-K20 -> 0
A23: 1316 | B23: VENTA DE BIENES | C23: 33063261 | D23: 24906476 | E23: 43012302 | F23: 14957434 | G23: =LEN(A23) -> 4
A24: 131606 | B24: Bienes comercializados | C24: 33063261 | D24: 24906476 | E24: 43012302 | F24: 14957434 | G24: =LEN(A24) -> 6
A25: 131606001 | B25: Bienes comercializados | C25: 33063261 | D25: 24906476 | E25: 43012302 | F25: 14957434 | G25: =LEN(A25) -> 9
A26: 1384 | B26: OTRAS CUENTAS POR COBRAR | C26: 41287481 | D26: 3610219 | E26: 0 | F26: 44897700 | G26: =LEN(A26) -> 4
A27: 138426 | B27: Pago por cuenta de terceros | C27: 41287481 | D27: 3610219 | E27: 0 | F27: 44897700 | G27: =LEN(A27) -> 6
A28: 138426001 | B28: Pago por cuenta de terceros | C28: 41287481 | D28: 3610219 | E28: 0 | F28: 44897700 | G28: =LEN(A28) -> 9
A29: 15 | B29: INVENTARIOS | C29: 6.3395124e+08 | D29: 0 | E29: 0.68 | F29: 6.3395124e+08 | G29: =LEN(A29) -> 2
A30: 1505 | B30: BIENES PRODUCIDOS | C30: 2.5659446e+08 | D30: 0 | E30: 0.68 | F30: 2.5659446e+08 | G30: =LEN(A30) -> 4
A31: 150506 | B31: Impresos y publicaciones | C31: 2.5659446e+08 | D31: 0 | E31: 0.68 | F31: 2.5659446e+08 | G31: =LEN(A31) -> 6
A32: 150506001 | B32: Impresos y publicaciones | C32: 2.5659446e+08 | D32: 0 | E32: 0.68 | F32: 2.5659446e+08 | G32: =LEN(A32) -> 9
A33: 1510 | B33: MERCANCÍAS EN EXISTENCIA | C33: 1.1320073e+08 | D33: 0 | E33: 0 | F33: 1.1320073e+08 | G33: =LEN(A33) -> 4
A34: 151029 | B34: Elementos para invidentes | C34: 1.1320073e+08 | D34: 0 | E34: 0 | F34: 1.1320073e+08 | G34: =LEN(A34) -> 6
... A135: 1970 | B135: ACTIVOS INTANGIBLES | C135: 1.3718056e+09 | D135: 0 | E135: 0 | F135: 1.3718056e+09 | G135: =LEN(A135) -> 4
A136: 197005 | B136: Derechos | C136: 608276128 | D136: 0 | E136: 0 | F136: 608276128 | G136: =LEN(A136) -> 6 | I136: =+F136+F139 -> 1.3570056e+09
A137: 197005001 | B137: Derechos | C137: 608276128 | D137: 0 | E137: 0 | F137: 608276128 | G137: =LEN(A137) -> 9
A138: 197007 | B138: Licencias | C138: 7.4872952e+08 | D138: 0 | E138: 0 | F138: 7.4872952e+08 | G138: =LEN(A138) -> 6
A139: 197007001 | B139: Licencias | C139: 7.4872952e+08 | D139: 0 | E139: 0 | F139: 7.4872952e+08 | G139: =LEN(A139) -> 9
A140: 197008 | B140: Softwares | C140: 14800000 | D140: 0 | E140: 0 | F140: 14800000 | G140: =LEN(A140) -> 6
A141: 197008001 | B141: Softwares | C141: 14800000 | D141: 0 | E141: 0 | F141: 14800000 | G141: =LEN(A141) -> 9
A142: 1975 | B142: AMORTIZACIÓN ACUMULADA DE ACTIVOS INTANGIBLES (CR) | C142: -1.0189747e+09 | D142: 4864981 | E142: 10133844 | F142: -1.0242436e+09 | G142: =LEN(A142) -> 4
A143: 197505 | B143: Derechos | C143: -3.0990813e+08 | D143: 0 | E143: 0 | F143: -3.0990813e+08 | G143: =LEN(A143) -> 6 | I143: =+F143+F150 -> -2.1514653e+08
A144: 197505001 | B144: Derechos | C144: -3.0990813e+08 | D144: 0 | E144: 0 | F144: -3.0990813e+08 | G144: =LEN(A144) -> 9
A145: 197507 | B145: Licencias | C145: -6.9102323e+08 | D145: 0 | E145: 8512197 | F145: -6.9953543e+08 | G145: =LEN(A145) -> 6
A146: 197507001 | B146: Licencias | C146: -6.9102323e+08 | D146: 0 | E146: 8512197 | F146: -6.9953543e+08 | G146: =LEN(A146) -> 9
A147: 197508 | B147: Softwares | C147: -18043334 | D147: 4864981 | E147: 1621647 | F147: -14800000 | G147: =LEN(A147) -> 6
A148: 197508001 | B148: Softwares | C148: -18043334 | D148: 4864981 | E148: 1621647 | F148: -14800000 | G148: =LEN(A148) -> 9
A149: 2 | B149: PASIVOS | C149: 9.8466467e+08 | D149: 1.0953449e+09 | E149: 1.0829612e+09 | F149: 9.7228101e+08 | G149: =LEN(A149) -> 1
A150: 24 | B150: CUENTAS POR PAGAR | C150: 1.0587366e+08 | D150: 7.1209075e+08 | E150: 7.009787e+08 | F150: 94761605 | G150: =LEN(A150) -> 2
A151: 2401 | B151: ADQUISICION DE BIENES Y SERVICIOS NACIONALES | C151: 0 | D151: 4.2945918e+08 | E151: 4.2945918e+08 | F151: 0 | G151: =LEN(A151) -> 4
A152: 240101 | B152: Bienes y servicios | C152: 0 | D152: 21185129 | E152: 21185129 | F152: 0 | G152: =LEN(A152) -> 6
A153: 240101001 | B153: Bienes y servicios | C153: 0 | D153: 21185129 | E153: 21185129 | F153: 0 | G153: =LEN(A153) -> 9
A154: 240102 | B154: Proyectos de inversion | C154: 0 | D154: 4.0827405e+08 | E154: 4.0827405e+08 | F154: 0 | G154: =LEN(A154) -> 6
A155: 240102001 | B155: Proyectos de inversión | C155: 0 | D155: 4.0827405e+08 | E155: 4.0827405e+08 | F155: 0 | G155: =LEN(A155) -> 9
... A233: 251105 | B233: Prima de vacaciones | C233: 180653380 | D233: 20445654 | E233: 20445654 | F233: 180653380 | G233: =LEN(A233) -> 6
A234: 251105001 | B234: Prima de vacaciones | C234: 180653380 | D234: 20445654 | E234: 20445654 | F234: 180653380 | G234: =LEN(A234) -> 9 | I234: =+'BLCE JUL-26'!F232 -> 0 | J234: =+I234-F234 -> -180653380
A235: 251106 | B235: Prima de servicios | C235: 331971499 | D235: 2338715 | E235: 2338715 | F235: 331971499 | G235: =LEN(A235) -> 6
A236: 251106001 | B236: Prima de servicios | C236: 331971499 | D236: 2338715 | E236: 2338715 | F236: 331971499 | G236: =LEN(A236) -> 9
A237: 251107 | B237: Prima de navidad | C237: 44974011 | D237: 8328479 | E237: 8328479 | F237: 44974011 | G237: =LEN(A237) -> 6
A238: 251107001 | B238: Prima de navidad | C238: 44974011 | D238: 8328479 | E238: 8328479 | F238: 44974011 | G238: =LEN(A238) -> 9
A239: 251109 | B239: Bonificaciones | C239: 10689644 | D239: 22650692 | E239: 22650692 | F239: 10689644 | G239: =LEN(A239) -> 6
A240: 251109001 | B240: Bonificaciones | C240: 7873721 | D240: 20120577 | E240: 20120577 | F240: 7873721 | G240: =LEN(A240) -> 9
A241: 251109002 | B241: Bonificación especial de recreación | C241: 2815923 | D241: 2530115 | E241: 2530115 | F241: 2815923 | G241: =LEN(A241) -> 9
A242: 251110 | B242: Otras primas | C242: 0 | D242: 14008171 | E242: 14008171 | F242: 0 | G242: =LEN(A242) -> 6
A243: 251110001 | B243: Otras primas | C243: 0 | D243: 14008171 | E243: 14008171 | F243: 0 | G243: =LEN(A243) -> 9
A244: 251111 | B244: Aportes a riesgos laborales | C244: 8300 | D244: 2512400 | E244: 2512400 | F244: 8300 | G244: =LEN(A244) -> 6
A245: 251111001 | B245: Aportes a riesgos laborales | C245: 8300 | D245: 2512400 | E245: 2512400 | F245: 8300 | G245: =LEN(A245) -> 9
A246: 251122 | B246: Aportes a fondos pensionales - empleador | C246: 8673587 | D246: 32205181 | E246: 32104006 | F246: 8572412 | G246: =LEN(A246) -> 6
... A272: 4204 | B272: BIENES PRODUCIDOS | C272: 24368751 | D272: 0 | E272: 2661611.8 | F272: 27030363 | G272: =LEN(A272) -> 4
A273: 420401 | B273: Impresos y publicaciones | C273: 8330251.5 | D273: 0 | E273: 129411.76 | F273: 8459663.2 | G273: =LEN(A273) -> 6 | L273: =+F273 -> 8459663.2
A274: 420401001 | B274: Impresos y publicaciones | C274: 8330251.5 | D274: 0 | E274: 129411.76 | F274: 8459663.2 | G274: =LEN(A274) -> 9 | L274: =+'ANEXO 4'!C118 -> 3.2432654e+09
A275: 420410 | B275: Productos metalúrgicos y de microfundición | C275: 16038500 | D275: 0 | E275: 2532200 | F275: 18570700 | G275: =LEN(A275) -> 6 | L275: =+L273+L274 -> 3.2517251e+09
A276: 420410001 | B276: Productos metalúrgicos y de microfundición | C276: 16038500 | D276: 0 | E276: 2532200 | F276: 18570700 | G276: =LEN(A276) -> 9
A277: 4210 | B277: BIENES COMERCIALIZADOS | C277: 16166127 | D277: 178151.25 | E277: 3455957.9 | F277: 19443934 | G277: =LEN(A277) -> 4 | J277: =+'ANEXO 1'!E49 -> 1.2469472e+10 | K277: =+F277-J277 -> -1.2450028e+10
A278: 421004 | B278: Impresos y publicaciones | C278: 5847105.1 | D278: 46050.42 | E278: 1197104.2 | F278: 6998158.9 | G278: =LEN(A278) -> 6
A279: 421004001 | B279: Impresos y publicaciones | C279: 5847105.1 | D279: 46050.42 | E279: 1197104.2 | F279: 6998158.9 | G279: =LEN(A279) -> 9
A280: 421025 | B280: Elementos para invidentes | C280: 10319022 | D280: 132100.83 | E280: 2258853.7 | F280: 12445775 | G280: =LEN(A280) -> 6
A281: 421025001 | B281: Elementos para invidentes | C281: 10319022 | D281: 132100.83 | E281: 2258853.7 | F281: 12445775 | G281: =LEN(A281) -> 9
A282: 47 | B282: OPERACIONES INTERISTITUCIONALES | C282: 1.2074413e+09 | D282: 0 | E282: 9.0834661e+08 | F282: 2.1157879e+09 | G282: =LEN(A282) -> 2
A283: 4705 | B283: FONDOS RECIBIDOS | C283: 1.1555364e+09 | D283: 0 | E283: 9.0193866e+08 | F283: 2.057475e+09 | G283: =LEN(A283) -> 4
A284: 470508 | B284: Funcionamiento | C284: 7.2404555e+08 | D284: 0 | E284: 5.4869497e+08 | F284: 1.2727405e+09 | G284: =LEN(A284) -> 6
A285: 470510 | B285: Inversión | C285: 4.3149083e+08 | D285: 0 | E285: 3.5324369e+08 | F285: 7.8473452e+08 | G285: =LEN(A285) -> 6
A286: 4722 | B286: OPERACIONES SIN FLUJO DE EFECTIVO | C286: 51904881 | D286: 0 | E286: 6407953 | F286: 58312834 | G286: =LEN(A286) -> 4
A287: 472201 | B287: Cruce de cuentas | C287: 51904881 | D287: 0 | E287: 6407953 | F287: 58312834 | G287: =LEN(A287) -> 6
A288: 48 | B288: OTROS INGRESOS | C288: 139882.33 | D288: 0 | E288: 1241627.4 | F288: 1381509.7 | G288: =LEN(A288) -> 2
A289: 4802 | B289: FINANCIEROS | C289: 139882.33 | D289: 0 | E289: 78274.77 | F289: 218157.1 | G289: =LEN(A289) -> 4
... A355: 511149001 | B355: Servicios de aseo, cafetería, restaurante y lavandería | C355: 8771742.3 | D355: 10001791 | E355: 0 | F355: 18773534 | G355: =LEN(A355) -> 9
A356: 511179 | B356: Honorarios | C356: 0 | D356: 33061823 | E356: 3996739 | F356: 29065084 | G356: =LEN(A356) -> 6 | I356: 511114
A357: 511179001 | B357: Honorarios | C357: 0 | D357: 33061823 | E357: 3996739 | F357: 29065084 | G357: =LEN(A357) -> 9
A358: 511180 | B358: Servicios | C358: 47018320 | D358: 1.8488497e+08 | E358: 19152839 | F358: 2.1275045e+08 | G358: =LEN(A358) -> 6
A359: 511180001 | B359: Servicios | C359: 47018320 | D359: 1.8488497e+08 | E359: 19152839 | F359: 2.1275045e+08 | G359: =LEN(A359) -> 9
A360: 511183 | B360: Servicios de telecomunicaciones, transmisión y suministro de información | C360: 2792112.6 | D360: 371546.15 | E360: 0 | F360: 3163658.8 | G360: =LEN(A360) -> 6 | I360: 511117
A361: 511183001 | B361: Servicios de telecomunicaciones, transmisión y suministro de información | C361: 2792112.6 | D361: 371546.15 | E361: 0 | F361: 3163658.8 | G361: =LEN(A361) -> 9
A362: 5120 | B362: IMPUESTOS, CONTRIBUCIONES Y TASAS | C362: 3101000 | D362: 0 | E362: 0 | F362: 3101000 | G362: =LEN(A362) -> 4 | I362: 511121
A363: 512009 | B363: Impuesto de industria y comercio | C363: 2984000 | D363: 0 | E363: 0 | F363: 2984000 | G363: =LEN(A363) -> 6
A364: 512009001 | B364: Impuesto de industria y comercio | C364: 2984000 | D364: 0 | E364: 0 | F364: 2984000 | G364: =LEN(A364) -> 9 | I364: 511125
A365: 512011 | B365: Impuesto sobre vehículos automotores | C365: 117000 | D365: 0 | E365: 0 | F365: 117000 | G365: =LEN(A365) -> 6
A366: 512011001 | B366: Impuesto sobre vehículos automotores | C366: 117000 | D366: 0 | E366: 0 | F366: 117000 | G366: =LEN(A366) -> 9 | I366: 511146
A367: 53 | B367: DETERIORO, DEPRECIACIONES, AMORTIZACIONES Y PROVISIONES | C367: 63370494 | D367: 33560830 | E367: 22708329 | F367: 74222995 | G367: =LEN(A367) -> 2
A368: 5360 | B368: DEPRECIACIÓN DE PROPIEDADES, PLANTA Y EQUIPO | C368: 42982346 | D368: 23426986 | E368: 17843348 | F368: 48565984 | G368: =LEN(A368) -> 4 | I368: 511155
A369: 536001 | B369: Edificaciones | C369: 13315030 | D369: 6657515 | E369: 0 | F369: 19972545 | G369: =LEN(A369) -> 6
...

Sheet BLCE JUL-26
A2: Informacion_1 | B2: Informacion_2
A3: Codigo de Consolidacion | B3: 025800000
A4: Descripcion | B4: INSTITUTO NACIONAL PARA CIEGOS -INCI-
A5: Fecha | B5: 2026-08-26 18:46:16
A6: Fecha Inicial Periodo Inicial | B6: 2026-07-01 00:00:00
A7: Fecha Final Periodo Final | B7: 2026-07-31 00:00:00
A9: Codigo | B9: Descripcion | C9: Saldo Inicial | D9: Movimientos Debito | E9: Movimientos Credito | F9: Saldo Final | H9: 1 | I9: ACTIVO | J9: =IFERROR(VLOOKUP(H9,$A$8:$F$819,6,0),0) -> 1.395146e+10
A10: 1 | B10: ACTIVOS | C10: 1.4020559e+10 | D10: 7.0803261e+08 | E10: 7.7713174e+08 | F10: 1.395146e+10 | G10: =LEN(A10) -> 1 | H10: 2 | I10: PASIVO | J10: =IFERROR(VLOOKUP(H10,$A$9:$F$819,6,0),0) -> 1.4035058e+09
A11: 11 | B11: EFECTIVO Y EQUIVALENTES AL EFECTIVO | C11: 8154515.2 | D11: 1.320977e+08 | E11: 1.2536353e+08 | F11: 14888679 | G11: =LEN(A11) -> 2 | H11: 3 | I11: PATRIMONIO | J11: =IFERROR(VLOOKUP(H11,$A$9:$F$819,6,0),0) -> 9.3046888e+09
A12: 1105 | B12: CAJA | C12: 1346000 | D12: 0 | E12: 0 | F12: 1346000 | G12: =LEN(A12) -> 4 | J12: =+J9-J10-J11 -> 3.2432654e+09
A13: 110502 | B13: Caja menor | C13: 1346000 | D13: 0 | E13: 0 | F13: 1346000 | G13: =LEN(A13) -> 6
A14: 110502002 | B14: Cuenta corriente | C14: 1346000 | D14: 0 | E14: 0 | F14: 1346000 | G14: =LEN(A14) -> 9 | H14: 4 | I14: INGRESOS | J14: =IFERROR(VLOOKUP(H14,$A$9:$F$819,6,0),0) -> 7.7816896e+09
A15: 1110 | B15: DEPÓSITOS EN INSTITUCIONES FINANCIERAS | C15: 6808515.2 | D15: 1.320977e+08 | E15: 1.2536353e+08 | F15: 13542679 | G15: =LEN(A15) -> 4 | H15: 5 | I15: GASTOS | J15: =IFERROR(VLOOKUP(H15,$A$9:$F$819,6,0),0) -> 4.4500549e+09
A16: 111005 | B16: Cuenta corriente | C16: 6808515.2 | D16: 1.320977e+08 | E16: 1.2536353e+08 | F16: 13542679 | G16: =LEN(A16) -> 6 | H16: 6 | I16: COSTOS DE VENTAS | J16: =IFERROR(VLOOKUP(H16,$A$9:$F$819,6,0),0) -> 88369297
A17: 111005001 | B17: Cuenta corriente | C17: 6808515.2 | D17: 1.320977e+08 | E17: 1.2536353e+08 | F17: 13542679 | G17: =LEN(A17) -> 9 | H17: 7 | I17: CTOS DE TRANSFORMACIÒN | J17: =IFERROR(VLOOKUP(H17,$A$9:$F$819,6,0),0) -> 0
A18: 12 | B18: INVERSIONES E INSTRUMENTOS DERIVADOS | C18: 1000 | D18: 0 | E18: 0 | F18: 1000 | G18: =LEN(A18) -> 2
A19: 1222 | B19: INVERSIONES DE ADMINISTRACIÓN DE LIQUIDEZ A VALOR DE MERCADO (VALOR RAZONABLE) CON CAMBIOS EN EL PATRIMONIO (OTRO RESULTADO INTEGRAL) | C19: 1000 | D19: 0 | E19: 0 | F19: 1000 | G19: =LEN(A19) -> 4 | I19: UTILIDAD | J19: =+J14-J15-J16-J17 -> 3.2432654e+09
A20: 122202 | B20: Instrumentos de patrimonio - empresas privadas | C20: 1000 | D20: 0 | E20: 0 | F20: 1000 | G20: =LEN(A20) -> 6
A21: 122202001 | B21: Instrumentos de patrimonio - empresas privadas | C21: 1000 | D21: 0 | E21: 0 | F21: 1000 | G21: =LEN(A21) -> 9 | I21: COMPROBACIÓN | J21: =+J12-J19 -> 0
A22: 13 | B22: CUENTAS POR COBRAR | C22: 3.4466767e+09 | D22: 8126516 | E22: 8841289.1 | F22: 3.445962e+09 | G22: =LEN(A22) -> 2
A23: 1316 | B23: VENTA DE BIENES | C23: 3.4005535e+09 | D23: 8126516 | E23: 8841289.1 | F23: 3.3998387e+09 | G23: =LEN(A23) -> 4
A24: 131606 | B24: Bienes comercializados | C24: 3.4005535e+09 | D24: 8126516 | E24: 8841289.1 | F24: 3.3998387e+09 | G24: =LEN(A24) -> 6
A25: 131606001 | B25: Bienes comercializados | C25: 3.4005535e+09 | D25: 8126516 | E25: 8841289.1 | F25: 3.3998387e+09 | G25: =LEN(A25) -> 9
A26: 1384 | B26: OTRAS CUENTAS POR COBRAR | C26: 46123281 | D26: 0 | E26: 0 | F26: 46123281 | G26: =LEN(A26) -> 4
A27: 138426 | B27: Pago por cuenta de terceros | C27: 46123281 | D27: 0 | E27: 0 | F27: 46123281 | G27: =LEN(A27) -> 6
A28: 138426001 | B28: Pago por cuenta de terceros | C28: 46123281 | D28: 0 | E28: 0 | F28: 46123281 | G28: =LEN(A28) -> 9
A29: 15 | B29: INVENTARIOS | C29: 6.3210569e+08 | D29: 24852172 | E29: 31886453 | F29: 6.2507141e+08 | G29: =LEN(A29) -> 2
A30: 1505 | B30: BIENES PRODUCIDOS | C30: 2.5474891e+08 | D30: 360243.9 | E30: 2846633.8 | F30: 2.5226252e+08 | G30: =LEN(A30) -> 4
A31: 150506 | B31: Impresos y publicaciones | C31: 2.5474891e+08 | D31: 360243.9 | E31: 2846633.8 | F31: 2.5226252e+08 | G31: =LEN(A31) -> 6
A32: 150506001 | B32: Impresos y publicaciones | C32: 2.5474891e+08 | D32: 360243.9 | E32: 2846633.8 | F32: 2.5226252e+08 | G32: =LEN(A32) -> 9
A33: 1510 | B33: MERCANCÍAS EN EXISTENCIA | C33: 1.1320073e+08 | D33: 1412319 | E33: 21784895 | F33: 92828150 | G33: =LEN(A33) -> 4
... A69: 165007001 | B69: Líneas y cables de interconexión | C69: 65631390 | D69: 0 | E69: 0 | F69: 65631390 | G69: =LEN(A69) -> 9
A70: 1655 | B70: MAQUINARIA Y EQUIPO | C70: 2.2790753e+09 | D70: 265246000 | E70: 265246000 | F70: 2.2790753e+09 | G70: =LEN(A70) -> 4 | I70: =+F457 -> 0
A71: 165504 | B71: Maquinaria industrial | C71: 2.1894035e+09 | D71: 265246000 | E71: 265246000 | F71: 2.1894035e+09 | G71: =LEN(A71) -> 6 | I71: =+F458 -> 0
A72: 165504001 | B72: Maquinaria industrial | C72: 2.1894035e+09 | D72: 265246000 | E72: 265246000 | F72: 2.1894035e+09 | G72: =LEN(A72) -> 9
A73: 165509 | B73: Equipo de enseñanza | C73: 20767921 | D73: 0 | E73: 0 | F73: 20767921 | G73: =LEN(A73) -> 6
A74: 165509001 | B74: Equipo de enseñanza | C74: 20767921 | D74: 0 | E74: 0 | F74: 20767921 | G74: =LEN(A74) -> 9
A75: 165511 | B75: Herramientas y accesorios | C75: 3379519 | D75: 0 | E75: 0 | F75: 3379519 | G75: =LEN(A75) -> 6
A76: 165511001 | B76: Herramientas y accesorios | C76: 3379519 | D76: 0 | E76: 0 | F76: 3379519 | G76: =LEN(A76) -> 9
A77: 165522 | B77: Equipo de ayuda audiovisual | C77: 65524371 | D77: 0 | E77: 0 | F77: 65524371 | G77: =LEN(A77) -> 6
A78: 165522001 | B78: Equipo de ayuda audiovisual | C78: 65524371 | D78: 0 | E78: 0 | F78: 65524371 | G78: =LEN(A78) -> 9
A79: 1660 | B79: EQUIPO MÉDICO Y CIENTÍFICO | C79: 3145498 | D79: 0 | E79: 0 | F79: 3145498 | G79: =LEN(A79) -> 4
A80: 166007 | B80: Equipo de apoyo diagnóstico | C80: 1540000 | D80: 0 | E80: 0 | F80: 1540000 | G80: =LEN(A80) -> 6
A81: 166007001 | B81: Equipo de apoyo diagnóstico | C81: 1540000 | D81: 0 | E81: 0 | F81: 1540000 | G81: =LEN(A81) -> 9
A82: 166008 | B82: Equipo de apoyo terapéutico | C82: 1605498 | D82: 0 | E82: 0 | F82: 1605498 | G82: =LEN(A82) -> 6
A83: 166008001 | B83: Equipo de apoyo terapéutico | C83: 1605498 | D83: 0 | E83: 0 | F83: 1605498 | G83: =LEN(A83) -> 9
... A108: 168504 | B108: Maquinaria y equipo | C108: -1.2003832e+09 | D108: 0 | E108: 9899727 | F108: -1.2102829e+09 | G108: =LEN(A108) -> 6
A109: 168504004 | B109: Maquinaria industrial | C109: -1.1186256e+09 | D109: 0 | E109: 9503408 | F109: -1.128129e+09 | G109: =LEN(A109) -> 9 | I109: =+F459 -> 0 | J109: =+F109-I109 -> -1.128129e+09
A110: 168504008 | B110: Equipo de enseñanza | C110: -38193116 | D110: 0 | E110: 0 | F110: -38193116 | G110: =LEN(A110) -> 9
A111: 168504009 | B111: Herramientas y accesorios | C111: -3379518.6 | D111: 0 | E111: 0 | F111: -3379518.6 | G111: =LEN(A111) -> 9
A112: 168504012 | B112: Equipo de ayuda audiovisual | C112: -40184891 | D112: 0 | E112: 396319 | F112: -40581210 | G112: =LEN(A112) -> 9
A113: 168505 | B113: Equipo médico y científico | C113: -2565290.3 | D113: 0 | E113: 0 | F113: -2565290.3 | G113: =LEN(A113) -> 6
A114: 168505006 | B114: Equipo de apoyo diagnóstico | C114: -959792 | D114: 0 | E114: 0 | F114: -959792 | G114: =LEN(A114) -> 9
A115: 168505007 | B115: Equipo de apoyo terapéutico | C115: -1605498.3 | D115: 0 | E115: 0 | F115: -1605498.3 | G115: =LEN(A115) -> 9
A116: 168506 | B116: Muebles, enseres y equipo de oficina | C116: -3.03244e+08 | D116: 0 | E116: 1793195 | F116: -3.0503719e+08 | G116: =LEN(A116) -> 6
A117: 168506001 | B117: Muebles y enseres | C117: -2.4484355e+08 | D117: 0 | E117: 1592741 | F117: -2.4643629e+08 | G117: =LEN(A117) -> 9
A118: 168506002 | B118: Equipo y máquina de oficina | C118: -58400446 | D118: 0 | E118: 200454 | F118: -58600900 | G118: =LEN(A118) -> 9
A119: 168507 | B119: Equipos de comunicación y computación | C119: -1.4931668e+09 | D119: 0 | E119: 4183286 | F119: -1.49735e+09 | G119: =LEN(A119) -> 6
A120: 168507001 | B120: Equipo de comunicación | C120: -3.1152671e+08 | D120: 0 | E120: 366484 | F120: -3.118932e+08 | G120: =LEN(A120) -> 9
A121: 168507002 | B121: Equipo de computación | C121: -1.18164e+09 | D121: 0 | E121: 3816802 | F121: -1.1854568e+09 | G121: =LEN(A121) -> 9
... A124: 168509 | B124: Equipos de comedor, cocina, despensa y hotelería | C124: -1003911 | D124: 0 | E124: 14917 | F124: -1018828 | G124: =LEN(A124) -> 6
A125: 168509002 | B125: Equipo de restaurante y cafetería | C125: -1003911 | D125: 0 | E125: 14917 | F125: -1018828 | G125: =LEN(A125) -> 9 | I125: =+F460 -> 0 | J125: =+F125-I125 -> -1018828
A126: 168512 | B126: Bienes de arte y cultura | C126: -8291356 | D126: 0 | E126: 0 | F126: -8291356 | G126: =LEN(A126) -> 6
A127: 168512001 | B127: Obras de arte | C127: -8016352 | D127: 0 | E127: 0 | F127: -8016352 | G127: =LEN(A127) -> 9 | I127: -1.1976444e+09 | J127: -22585727
A128: 168512007 | B128: Otros bienes de arte y cultura | C128: -275004 | D128: 0 | E128: 0 | F128: -275004 | G128: =LEN(A128) -> 9
A129: 19 | B129: OTROS ACTIVOS | C129: 5.9945838e+08 | D129: 7094221 | E129: 52418557 | F129: 5.5413404e+08 | G129: =LEN(A129) -> 2 | L129: 1.9963667e+08 | M129: 3.5449737e+08 | N129: =+L129+M129 -> 5.5413404e+08 | O129: =+N129-F129 -> 0
A130: 1906 | B130: AVANCES Y ANTICIPOS ENTREGADOS | C130: 989732 | D130: 0 | E130: 989732 | F130: 0 | G130: =LEN(A130) -> 4
A131: 190603 | B131: Avances para viáticos y gastos de viaje | C131: 989732 | D131: 0 | E131: 989732 | F131: 0 | G131: =LEN(A131) -> 6
A132: 190603001 | B132: Avances para viáticos y gastos de viaje | C132: 989732 | D132: 0 | E132: 989732 | F132: 0 | G132: =LEN(A132) -> 9
A133: 1907 | B133: DERECHOS DE COMPENSACIONES POR IMPUESTOS Y CONTRIBUCIONES | C133: 38288716 | D133: 0 | E133: 0 | F133: 38288716 | G133: =LEN(A133) -> 4
A134: 190705 | B134: Saldo a favor de impuesto a las ventas | C134: 38288716 | D134: 0 | E134: 0 | F134: 38288716 | G134: =LEN(A134) -> 6
A135: 190705001 | B135: Saldo a favor de impuesto a las ventas | C135: 38288716 | D135: 0 | E135: 0 | F135: 38288716 | G135: =LEN(A135) -> 9
A136: 1908 | B136: RECURSOS ENTREGADOS EN ADMINISTRACIÓN | C136: 1.9782197e+08 | D136: 7094221 | E136: 43568228 | F136: 1.6134796e+08 | G136: =LEN(A136) -> 4
A137: 190801 | B137: En administración | C137: 1.9782197e+08 | D137: 7094221 | E137: 43568228 | F137: 1.6134796e+08 | G137: =LEN(A137) -> 6
A138: 190801001 | B138: En administración | C138: 9702848.6 | D138: 94221.02 | E138: 0 | F138: 9797069.6 | G138: =LEN(A138) -> 9
A139: 190801002 | B139: En administración dtn - scun | C139: 1.8811912e+08 | D139: 7000000 | E139: 43568228 | F139: 1.5155089e+08 | G139: =LEN(A139) -> 9
A140: 1970 | B140: ACTIVOS INTANGIBLES | C140: 1.4056795e+09 | D140: 0 | E140: 0 | F140: 1.4056795e+09 | G140: =LEN(A140) -> 4
A141: 197005 | B141: Derechos | C141: 608276128 | D141: 0 | E141: 0 | F141: 608276128 | G141: =LEN(A141) -> 6
... A220: 249050 | B220: Aportes al icbf y sena | C220: 79400 | D220: 13007500 | E220: 13007500 | F220: 79400 | G220: =LEN(A220) -> 6
A221: 249050001 | B221: Aportes al icbf | C221: 47600 | D221: 7804200 | E221: 7804200 | F221: 47600 | G221: =LEN(A221) -> 9
A222: 249050002 | B222: Aportes al sena | C222: 31800 | D222: 5203300 | E222: 5203300 | F222: 31800 | G222: =LEN(A222) -> 9
A223: 249051 | B223: Servicios públicos | C223: 0 | D223: 4914280 | E223: 4914280 | F223: 0 | G223: =LEN(A223) -> 6
A224: 249051001 | B224: Servicios públicos | C224: 0 | D224: 4914280 | E224: 4914280 | F224: 0 | G224: =LEN(A224) -> 9
A225: 249054 | B225: Honorarios | C225: 0 | D225: 51210430 | E225: 51210430 | F225: 0 | G225: =LEN(A225) -> 6
A226: 249054001 | B226: Honorarios | C226: 0 | D226: 51210430 | E226: 51210430 | F226: 0 | G226: =LEN(A226) -> 9
A227: 249055 | B227: Servicios | C227: 505793.52 | D227: 56378718 | E227: 57016083 | F227: 1143158.5 | G227: =LEN(A227) -> 6
A228: 249055001 | B228: Servicios | C228: 505793.52 | D228: 56378718 | E228: 57016083 | F228: 1143158.5 | G228: =LEN(A228) -> 9
A229: 25 | B229: BENEFICIOS A LOS EMPLEADOS | C229: 8.9410064e+08 | D229: 481334299 | E229: 344360960 | F229: 7.571273e+08 | G229: =LEN(A229) -> 2
A230: 2511 | B230: BENEFICIOS A LOS EMPLEADOS A CORTO PLAZO | C230: 8.9410064e+08 | D230: 481334299 | E230: 344360960 | F230: 7.571273e+08 | G230: =LEN(A230) -> 4
A231: 251101 | B231: Nómina por pagar | C231: 0 | D231: 189218337 | E231: 189218337 | F231: 0 | G231: =LEN(A231) -> 6
A232: 251101001 | B232: Nómina por pagar | C232: 0 | D232: 189218337 | E232: 189218337 | F232: 0 | G232: =LEN(A232) -> 9
A233: 251102 | B233: Cesantías | C233: 0 | D233: 26855678 | E233: 26855678 | F233: 0 | G233: =LEN(A233) -> 6
... A374: 511179 | B374: Honorarios | C374: 27714995 | D374: 15745653 | E374: 10456387 | F374: 33004261 | G374: =LEN(A374) -> 6
A375: 511179001 | B375: Honorarios | C375: 27714995 | D375: 15745653 | E375: 10456387 | F375: 33004261 | G375: =LEN(A375) -> 9 | I375: =+F461 -> 0 | J375: =+F375-I375 -> 33004261
A376: 511180 | B376: Servicios | C376: 7.724165e+08 | D376: 186607691 | E376: 0 | F376: 9.5902419e+08 | G376: =LEN(A376) -> 6
A377: 511180001 | B377: Servicios | C377: 7.724165e+08 | D377: 186607691 | E377: 0 | F377: 9.5902419e+08 | G377: =LEN(A377) -> 9
A378: 511183 | B378: Servicios de telecomunicaciones, transmisión y suministro de información | C378: 7036000.7 | D378: 2214860.1 | E378: 0 | F378: 9250860.8 | G378: =LEN(A378) -> 6
A379: 511183001 | B379: Servicios de telecomunicaciones, transmisión y suministro de información | C379: 7036000.7 | D379: 2214860.1 | E379: 0 | F379: 9250860.8 | G379: =LEN(A379) -> 9
A380: 511190 | B380: Otros gastos generales | C380: 315310 | D380: 0 | E380: 0 | F380: 315310 | G380: =LEN(A380) -> 6
A381: 511190001 | B381: Otros gastos generales | C381: 315310 | D381: 0 | E381: 0 | F381: 315310 | G381: =LEN(A381) -> 9
...

Sheet BLCE JUL-25
A2: Informacion_1 | B2: Informacion_2
A3: Codigo de Consolidacion | B3: 025800000
A4: Descripcion | B4: INSTITUTO NACIONAL PARA CIEGOS -INCI-
A5: Fecha | B5: 2025-08-25 18:32:25
A6: Fecha Inicial Periodo Inicial | B6: 2025-07-01 00:00:00
A7: Fecha Final Periodo Final | B7: 2025-07-31 00:00:00
H8: 1 | I8: ACTIVO | J8: =IFERROR(VLOOKUP(H8,$A$8:$F$1388,6,0),0) -> 1.2166754e+10
A9: Codigo | B9: Descripcion | C9: Saldo Inicial | D9: Movimientos Debito | E9: Movimientos Credito | F9: Saldo Final | G9: =LEN(A9) -> 6 | H9: 2 | I9: PASIVO | J9: =IFERROR(VLOOKUP(H9,$A$9:$F$1388,6,0),0) -> 1.4663223e+09
A10: 1 | B10: ACTIVOS | C10: 1.2116669e+10 | D10: 2.240725e+08 | E10: 1.739878e+08 | F10: 1.2166754e+10 | G10: =LEN(A10) -> 1 | H10: 3 | I10: PATRIMONIO | J10: =IFERROR(VLOOKUP(H10,$A$9:$F$1388,6,0),0) -> 1.1417587e+10
A11: 11 | B11: EFECTIVO Y EQUIVALENTES AL EFECTIVO | C11: 1.5158019e+08 | D11: 1.4809197e+08 | E11: 0 | F11: 2.9967216e+08 | G11: =LEN(A11) -> 2 | J11: =+J8-J9-J10 -> -7.1715579e+08
A12: 1105 | B12: CAJA | C12: 600000 | D12: 0 | E12: 0 | F12: 600000 | G12: =LEN(A12) -> 4
A13: 110502 | B13: Caja menor | C13: 600000 | D13: 0 | E13: 0 | F13: 600000 | G13: =LEN(A13) -> 6 | H13: 4 | I13: INGRESOS | J13: =IFERROR(VLOOKUP(H13,$A$9:$F$1388,6,0),0) -> 4.0965301e+09
A14: 110502002 | B14: Cuenta corriente | C14: 600000 | D14: 0 | E14: 0 | F14: 600000 | G14: =LEN(A14) -> 9 | H14: 5 | I14: GASTOS | J14: =IFERROR(VLOOKUP(H14,$A$9:$F$1388,6,0),0) -> 4.7678675e+09
A15: 1110 | B15: DEPÓSITOS EN INSTITUCIONES FINANCIERAS | C15: 1.5098019e+08 | D15: 1.4809197e+08 | E15: 0 | F15: 2.9907216e+08 | G15: =LEN(A15) -> 4 | H15: 6 | I15: COSTOS DE VENTAS | J15: =IFERROR(VLOOKUP(H15,$A$9:$F$1388,6,0),0) -> 45818368
A16: 111005 | B16: Cuenta corriente | C16: 1.5098019e+08 | D16: 1.4809197e+08 | E16: 0 | F16: 2.9907216e+08 | G16: =LEN(A16) -> 6 | H16: 7 | I16: COSTOS DE TRANSFORMACIÒN | J16: =IFERROR(VLOOKUP(H16,$A$9:$F$1388,6,0),0) -> 0
A17: 111005001 | B17: Cuenta corriente | C17: 1.5098019e+08 | D17: 1.4809197e+08 | E17: 0 | F17: 2.9907216e+08 | G17: =LEN(A17) -> 9
A18: 12 | B18: INVERSIONES E INSTRUMENTOS DERIVADOS | C18: 1000 | D18: 0 | E18: 0 | F18: 1000 | G18: =LEN(A18) -> 2 | I18: UTILIDAD | J18: =+J13-J14-J15-J16 -> -7.1715579e+08
A19: 1222 | B19: INVERSIONES DE ADMINISTRACIÓN DE LIQUIDEZ A VALOR DE MERCADO (VALOR RAZONABLE) CON CAMBIOS EN EL PATRIMONIO (OTRO RESULTADO INTEGRAL) | C19: 1000 | D19: 0 | E19: 0 | F19: 1000 | G19: =LEN(A19) -> 4
A20: 122202 | B20: Instrumentos de patrimonio - empresas privadas | C20: 1000 | D20: 0 | E20: 0 | F20: 1000 | G20: =LEN(A20) -> 6 | I20: COMPROBACIÓN | J20: =+J11-J18 -> 0
A21: 122202001 | B21: Instrumentos de patrimonio - empresas privadas | C21: 1000 | D21: 0 | E21: 0 | F21: 1000 | G21: =LEN(A21) -> 9
A22: 13 | B22: CUENTAS POR COBRAR | C22: 1.3099793e+08 | D22: 4244356.7 | E22: 4244356.7 | F22: 1.3099793e+08 | G22: =LEN(A22) -> 2
A23: 1316 | B23: VENTA DE BIENES | C23: 11971408 | D23: 4244356.7 | E23: 4244356.7 | F23: 11971408 | G23: =LEN(A23) -> 4
A24: 131604 | B24: Bienes producidos | C24: 636013.14 | D24: 0 | E24: 0 | F24: 636013.14 | G24: =LEN(A24) -> 6
A25: 131604001 | B25: Bienes producidos | C25: 636013.14 | D25: 0 | E25: 0 | F25: 636013.14 | G25: =LEN(A25) -> 9
A26: 131606 | B26: Bienes comercializados | C26: 11335395 | D26: 4244356.7 | E26: 4244356.7 | F26: 11335395 | G26: =LEN(A26) -> 6
A27: 131606001 | B27: Bienes comercializados | C27: 11335395 | D27: 4244356.7 | E27: 4244356.7 | F27: 11335395 | G27: =LEN(A27) -> 9
A28: 1384 | B28: OTRAS CUENTAS POR COBRAR | C28: 1.1902653e+08 | D28: 0 | E28: 0 | F28: 1.1902653e+08 | G28: =LEN(A28) -> 4
A29: 138426 | B29: Pago por cuenta de terceros | C29: 1.1775237e+08 | D29: 0 | E29: 0 | F29: 1.1775237e+08 | G29: =LEN(A29) -> 6
A30: 138426001 | B30: Pago por cuenta de terceros | C30: 1.1775237e+08 | D30: 0 | E30: 0 | F30: 1.1775237e+08 | G30: =LEN(A30) -> 9
A31: 138490 | B31: Otras cuentas por cobrar | C31: 1274160.9 | D31: 0 | E31: 0 | F31: 1274160.9 | G31: =LEN(A31) -> 6
A32: 138490001 | B32: Otras cuentas por cobrar | C32: 1274160.9 | D32: 0 | E32: 0 | F32: 1274160.9 | G32: =LEN(A32) -> 9
... A187: 242490 | B187: Otros descuentos de nómina | C187: 3721406 | D187: 0 | E187: 639823 | F187: 4361229 | G187: =LEN(A187) -> 6
A188: 242490001 | B188: Otros descuentos de nómina | C188: 3721406 | D188: 0 | E188: 639823 | F188: 4361229 | G188: =LEN(A188) -> 9
A189: 2436 | B189: RETENCIÓN EN LA FUENTE E IMPUESTO DE TIMBRE | C189: 25144762 | D189: 26542556 | E189: 28226804 | F189: 26829010 | G189: =LEN(A189) -> 4
A190: 243603 | B190: Honorarios | C190: 96498 | D190: 191725 | E190: 526375 | F190: 431148 | G190: =LEN(A190) -> 6
A191: 243603001 | B191: Retenido | C191: 409548 | D191: 95725 | E191: 526375 | F191: 840198 | G191: =LEN(A191) -> 9
A192: 243603002 | B192: Pagado (db) | C192: -313050 | D192: 96000 | E192: 0 | F192: -409050 | G192: =LEN(A192) -> 9
A193: 243605 | B193: Servicios | C193: 2661352 | D193: 3403511 | E193: 3114111 | F193: 2371952 | G193: =LEN(A193) -> 6
A194: 243605001 | B194: Retenido | C194: 4915018 | D194: 1686511 | E194: 1635111 | F194: 4863618 | G194: =LEN(A194) -> 9
A195: 243605002 | B195: Pagado (db) | C195: -2253666 | D195: 1717000 | E195: 1479000 | F195: -2491666 | G195: =LEN(A195) -> 9
A196: 243608 | B196: Compras | C196: 3393438 | D196: 201539 | E196: 416724 | F196: 3608623 | G196: =LEN(A196) -> 6
A197: 243608001 | B197: Retenido | C197: 7923668 | D197: 201539 | E197: 348724 | F197: 8070853 | G197: =LEN(A197) -> 9
A198: 243608002 | B198: Pagado (db) | C198: -4530230 | D198: 0 | E198: 68000 | F198: -4462230 | G198: =LEN(A198) -> 9
A199: 243615 | B199: Rentas de trabajo | C199: 9187000 | D199: 17655000 | E199: 17000000 | F199: 8532000 | G199: =LEN(A199) -> 6
A200: 243615001 | B200: Retenido | C200: 30293000 | D200: 8500000 | E200: 8500000 | F200: 30293000 | G200: =LEN(A200) -> 9
... A282: 310901003 | B282: Por cambio de política contable | C282: 3.805114e+09 | D282: 0 | E282: 0 | F282: 3.805114e+09 | G282: =LEN(A282) -> 9
A283: 310902 | B283: Pérdidas o déficits acumulados | C283: -2.9607592e+09 | D283: 0 | E283: 0 | F283: -2.9607592e+09 | G283: =LEN(A283) -> 6 | I283: AJUSTE UTILIDAD 2023
A284: 310902001 | B284: Pérdidas o déficits acumulados | C284: -2.9607592e+09 | D284: 0 | E284: 0 | F284: -2.9607592e+09 | G284: =LEN(A284) -> 9 | I284: 3 | J284: PATRIMONIO | K284: =+K285 -> 1.24391e+10 | L284: =+L285 -> 1.6896704e+08
A285: 4 | B285: INGRESOS | C285: 3.3360051e+09 | D285: 0 | E285: 7.6052498e+08 | F285: 4.0965301e+09 | G285: =LEN(A285) -> 1 | I285: 31 | J285: PATRIMONIO DE LAS ENTIDADES DE GOBIERNO | K285: =+K286+K290+K297 -> 1.24391e+10 | L285: =+L286+L290+L297 -> 1.6896704e+08
A286: 42 | B286: VENTA DE BIENES | C286: 73802293 | D286: 0 | E286: 3965262 | F286: 77767555 | G286: =LEN(A286) -> 2 | I286: 3105 | J286: CAPITAL FISCAL | K286: =+K287 -> 2.2950386e+09 | L286: =+L287 -> 0
A287: 4204 | B287: BIENES PRODUCIDOS | C287: 44444073 | D287: 0 | E287: 2878897 | F287: 47322970 | G287: =LEN(A287) -> 4 | I287: 310506 | J287: Capital fiscal | K287: =+K288+K289 -> 2.2950386e+09 | L287: =+L288+L289 -> 0
A288: 420401 | B288: Impresos y publicaciones | C288: 34863373 | D288: 0 | E288: 827797 | F288: 35691170 | G288: =LEN(A288) -> 6 | I288: 310506001 | J288: Capital fiscal nación | K288: 1.6769549e+09 | L288: 0
A289: 420401001 | B289: Impresos y publicaciones | C289: 34863373 | D289: 0 | E289: 827797 | F289: 35691170 | G289: =LEN(A289) -> 9 | I289: 310506002 | J289: Excedentes financieros distribuidos a la entidad | K289: 618083679 | L289: 0
A290: 420410 | B290: Productos metalúrgicos y de microfundición | C290: 9580700 | D290: 0 | E290: 2051100 | F290: 11631800 | G290: =LEN(A290) -> 6 | I290: 3109 | J290: RESULTADOS DE EJERCICIOS ANTERIORES | K290: =+K291+K295 -> 1.0313028e+10 | L290: =+L291 -> 1.6896704e+08
A291: 420410001 | B291: Productos metalúrgicos y de microfundición | C291: 9580700 | D291: 0 | E291: 2051100 | F291: 11631800 | G291: =LEN(A291) -> 9 | I291: 310901 | J291: Utilidad o excedentes acumulados | K291: =+K292+K293+K294 -> 1.2083308e+10 | L291: =+L292+L293+L294 -> 1.6896704e+08
A292: 4210 | B292: BIENES COMERCIALIZADOS | C292: 29358220 | D292: 0 | E292: 1086365 | F292: 30444585 | G292: =LEN(A292) -> 4 | I292: 310901001 | J292: Utilidad o excedentes acumulados | K292: 5.5043619e+09 | L292: =+[3]REP_RCON059_ComprobanteContable!$AG$31 -> 1.6896704e+08
A293: 421004 | B293: Impresos y publicaciones | C293: 7719400 | D293: 0 | E293: 40200 | F293: 7759600 | G293: =LEN(A293) -> 6 | I293: 310901002 | J293: Corrección de errores de un periodo contable anterior | K293: 2.7738317e+09 | L293: 0
A294: 421004001 | B294: Impresos y publicaciones | C294: 7719400 | D294: 0 | E294: 40200 | F294: 7759600 | G294: =LEN(A294) -> 9 | I294: 310901003 | J294: Por cambio de política contable | K294: 3.805114e+09 | L294: 0
A295: 421025 | B295: Elementos para invidentes | C295: 21638820 | D295: 0 | E295: 1046165 | F295: 22684985 | G295: =LEN(A295) -> 6 | I295: 310902 | J295: Pérdidas o déficits acumulados | K295: =+K296 -> -1.7702794e+09 | L295: =+L296 -> 0
A296: 421025001 | B296: Elementos para invidentes | C296: 21638820 | D296: 0 | E296: 1046165 | F296: 22684985 | G296: =LEN(A296) -> 9 | I296: 310902001 | J296: Pérdidas o déficits acumulados | K296: -1.7702794e+09 | L296: 0
A297: 47 | B297: OPERACIONES INTERISTITUCIONALES | C297: 3.2618012e+09 | D297: 0 | E297: 7.5649246e+08 | F297: 4.0182936e+09 | G297: =LEN(A297) -> 2 | I297: 3110 | J297: RESULTADO DEL EJERCICIO | K297: =+K298 -> -1.6896704e+08 | L297: =+L298 -> 0
A298: 4705 | B298: FONDOS RECIBIDOS | C298: 3.1684947e+09 | D298: 0 | E298: 7.4496265e+08 | F298: 3.9134573e+09 | G298: =LEN(A298) -> 4 | I298: 311002 | J298: Pérdida o déficit del ejercicio | K298: =+K299 -> -1.6896704e+08 | L298: =+L299 -> 0
A299: 470508 | B299: Funcionamiento | C299: 2.8723481e+09 | D299: 0 | E299: 6.2709329e+08 | F299: 3.4994414e+09 | G299: =LEN(A299) -> 6 | I299: 311002001 | J299: Pérdida o déficit del ejercicio | K299: -1.6896704e+08 | L299: 0
A300: 470510 | B300: Inversión | C300: 2.961466e+08 | D300: 0 | E300: 1.1786936e+08 | F300: 4.1401596e+08 | G300: =LEN(A300) -> 6
A301: 4722 | B301: OPERACIONES SIN FLUJO DE EFECTIVO | C301: 93306520 | D301: 0 | E301: 11529805 | F301: 104836325 | G301: =LEN(A301) -> 4
A302: 472201 | B302: Cruce de cuentas | C302: 93306520 | D302: 0 | E302: 11529805 | F302: 104836325 | G302: =LEN(A302) -> 6
A303: 48 | B303: OTROS INGRESOS | C303: 401661.44 | D303: 0 | E303: 67266.43 | F303: 468927.87 | G303: =LEN(A303) -> 2
A304: 4802 | B304: FINANCIEROS | C304: 401661.44 | D304: 0 | E304: 67266.43 | F304: 468927.87 | G304: =LEN(A304) -> 4
A305: 480232 | B305: Rendimientos sobre recursos entregados en administración | C305: 401661.44 | D305: 0 | E305: 67266.43 | F305: 468927.87 | G305: =LEN(A305) -> 6
A306: 480232001 | B306: Rendimientos sobre recursos entregados en administración | C306: 401661.44 | D306: 0 | E306: 67266.43 | F306: 468927.87 | G306: =LEN(A306) -> 9
A307: 5 | B307: GASTOS | C307: 3.9181769e+09 | D307: 1.2353619e+09 | E307: 3.8567129e+08 | F307: 4.7678675e+09 | G307: =LEN(A307) -> 1
A308: 51 | B308: DE ADMINISTRACIÓN Y OPERACIÓN | C308: 3.6649101e+09 | D308: 1.1978381e+09 | E308: 3.8160858e+08 | F308: 4.4811396e+09 | G308: =LEN(A308) -> 2
A309: 5101 | B309: SUELDOS Y SALARIOS | C309: 1412014518 | D309: 484157420 | E309: 238477337 | F309: 1657694601 | G309: =LEN(A309) -> 4
A310: 510101 | B310: Sueldos | C310: 1330432317 | D310: 468666282 | E310: 234333141 | F310: 1564765458 | G310: =LEN(A310) -> 6
A311: 510101001 | B311: Sueldos | C311: 1330432317 | D311: 468666282 | E311: 234333141 | F311: 1564765458 | G311: =LEN(A311) -> 9
... A449: 81 | B449: ACTIVOS CONTINGENTES | C449: 859972664 | D449: 1.5736105e+08 | E449: 0 | F449: 1.0173337e+09 | G449: =LEN(A449) -> 2
A450: 8120 | B450: LITIGIOS Y MECANISMOS ALTERNATIVOS DE SOLUCIÓN DE CONFLICTOS | C450: 859972664 | D450: 1.5736105e+08 | E450: 0 | F450: 1.0173337e+09
A451: 812004 | B451: Administrativas | C451: 859972664 | D451: 1.5736105e+08 | E451: 0 | F451: 1.0173337e+09
A452: 812004001 | B452: Administrativas | C452: 859972664 | D452: 1.5736105e+08 | E452: 0 | F452: 1.0173337e+09
A453: 83 | B453: DEUDORAS DE CONTROL | C453: 6.5293542e+08 | D453: 0 | E453: 0 | F453: 6.5293542e+08
A454: 8315 | B454: BIENES Y DERECHOS RETIRADOS | C454: 543974175 | D454: 0 | E454: 0 | F454: 543974175
A455: 831510 | B455: Propiedades, planta y equipo | C455: 543974175 | D455: 0 | E455: 0 | F455: 543974175
A456: 831510001 | B456: Propiedades, planta y equipo | C456: 543974175 | D456: 0 | E456: 0 | F456: 543974175
A457: 8361 | B457: RESPONSABILIDADES EN PROCESO | C457: 1.0896125e+08 | D457: 0 | E457: 0 | F457: 1.0896125e+08
A458: 836101 | B458: Internas | C458: 1.0896125e+08 | D458: 0 | E458: 0 | F458: 1.0896125e+08
A459: 836101001 | B459: Internas | C459: 1.0896125e+08 | D459: 0 | E459: 0 | F459: 1.0896125e+08
A460: 89 | B460: DEUDORAS POR CONTRA (CR) | C460: -1.5129081e+09 | D460: 0 | E460: 1.5736105e+08 | F460: -1.6702691e+09
A461: 8905 | B461: ACTIVOS CONTINGENTES POR CONTRA (CR) | C461: -859972664 | D461: 0 | E461: 1.5736105e+08 | F461: -1.0173337e+09
... A477: 990505001 | B477: Litigios y mecanismos alternativos de solución de conflictos | C477: -15404995 | D477: 0 | E477: 0 | F477: -15404995

Sheet ACT X TER
B2: CONSULTA | C2: FECHA CORTE | D2: FECHA REPORTE | E2: ECP | F2: CODIGO | G2: DESCRIPCIÓN | H2: TIPO AUXILIAR CONTABLE | I2: CODIGO AUXILIAR | J2: DESCRIPCIÓN AUXILIAR | K2: VALOR AUXILIAR ($) | L2: SALDO FINAL ($)
B3: Consulta Saldos Contables y Auxiliar ECP | C3: 46234 | D3: 46260.785 | E3: 025800000 | F3: 122202001 | G3: Instrumentos de patrimonio - empresas privadas | K3: 0 | L3: 1000
B4: Consulta Saldos Contables y Auxiliar ECP | C4: 46234 | D4: 46260.785 | E4: 025800000 | F4: 122202001 | G4: Instrumentos de patrimonio - empresas privadas | H4: TER | I4: 860029995 | J4: ACERIAS PAZ DEL RIO SA | K4: 1000 | L4: 0
B5: Consulta Saldos Contables y Auxiliar ECP | C5: 46234 | D5: 46260.785 | E5: 025800000 | F5: 131606001 | G5: Bienes comercializados | K5: 0 | L5: 3.3998387e+09
B6: Consulta Saldos Contables y Auxiliar ECP | C6: 46234 | D6: 46260.785 | E6: 025800000 | F6: 131606001 | G6: Bienes comercializados | H6: TER | I6: 800007813 | J6: VANTI S.A ESP | K6: 254309.41 | L6: 0 | N6: =+J6 -> VANTI S.A ESP | O6: =+K6 -> 254309.41
B7: Consulta Saldos Contables y Auxiliar ECP | C7: 46234 | D7: 46260.785 | E7: 025800000 | F7: 131606001 | G7: Bienes comercializados | H7: TER | I7: 800176089 | J7: SUPERINTENDENCIA DE INDUSTRIA Y COMERCIO | K7: 3497529 | L7: 0 | N7: =+J7 -> SUPERINTENDENCIA DE INDUSTRIA Y COMERCIO | O7: =+K7 -> 3497529
B8: Consulta Saldos Contables y Auxiliar ECP | C8: 46234 | D8: 46260.785 | E8: 025800000 | F8: 131606001 | G8: Bienes comercializados | H8: TER | I8: 830012157 | J8: THOMAS GREG & SONS LIMITED GUERNSEY S A | K8: 3.3898656e+09 | L8: 0 | N8: =+J8 -> THOMAS GREG & SONS LIMITED GUERNSEY S A | O8: =+K8 -> 3.3898656e+09
B9: Consulta Saldos Contables y Auxiliar ECP | C9: 46234 | D9: 46260.785 | E9: 025800000 | F9: 131606001 | G9: Bienes comercializados | H9: TER | I9: 860013720 | J9: PONTIFICIA UNIVERSIDAD JAVERIANA | K9: 217785.6 | L9: 0 | N9: =+J9 -> PONTIFICIA UNIVERSIDAD JAVERIANA | O9: =+K9 -> 217785.6
B10: Consulta Saldos Contables y Auxiliar ECP | C10: 46234 | D10: 46260.785 | E10: 025800000 | F10: 131606001 | G10: Bienes comercializados | H10: TER | I10: 860032330 | J10: COMPAÑIA DE FINANCIAMIENTO TUYA S.A | K10: 83474.99 | L10: 0 | N10: =+J10 -> COMPAÑIA DE FINANCIAMIENTO TUYA S.A | O10: =+K10 -> 83474.99
B11: Consulta Saldos Contables y Auxiliar ECP | C11: 46234 | D11: 46260.785 | E11: 025800000 | F11: 131606001 | G11: Bienes comercializados | H11: TER | I11: 860063875 | J11: ENEL COLOMBIA S.A E.S.P | K11: 825228.44 | L11: 0 | N11: =+J11 -> ENEL COLOMBIA S.A E.S.P | O11: =+K11 -> 825228.44
B12: Consulta Saldos Contables y Auxiliar ECP | C12: 46234 | D12: 46260.785 | E12: 025800000 | F12: 131606001 | G12: Bienes comercializados | H12: TER | I12: 890930534 | J12: CADENA S . A . | K12: 5076796.9 | L12: 0 | N12: =+J12 -> CADENA S . A . | O12: =+K12 -> 5076796.9
B13: Consulta Saldos Contables y Auxiliar ECP | C13: 46234 | D13: 46260.785 | E13: 025800000 | F13: 131606001 | G13: Bienes comercializados | H13: TER | I13: ING111 | J13: Tercero facturacion ventas a plazos | K13: 17964.42 | L13: 0 | N13: =+J13 -> Tercero facturacion ventas a plazos | O13: =+K13 -> 17964.42
B14: Consulta Saldos Contables y Auxiliar ECP | C14: 46234 | D14: 46260.785 | E14: 025800000 | F14: 138426001 | G14: Pago por cuenta de terceros | K14: 0 | L14: 46123281
B15: Consulta Saldos Contables y Auxiliar ECP | C15: 46234 | D15: 46260.785 | E15: 025800000 | F15: 138426001 | G15: Pago por cuenta de terceros | H15: TER | I15: 800088702 | J15: EPS SURAMERICANA S. A | K15: 1105297 | L15: 0 | N15: =+J15 -> EPS SURAMERICANA S. A | O15: =+K15 -> 1105297
B16: Consulta Saldos Contables y Auxiliar ECP | C16: 46234 | D16: 46260.785 | E16: 025800000 | F16: 138426001 | G16: Pago por cuenta de terceros | H16: TER | I16: 800251440 | J16: ENTIDAD PROMOTORA DE SALUD SANITAS S A S | K16: 24014484 | L16: 0 | N16: =+J16 -> ENTIDAD PROMOTORA DE SALUD SANITAS S A S | O16: =+K16 -> 24014484
B17: Consulta Saldos Contables y Auxiliar ECP | C17: 46234 | D17: 46260.785 | E17: 025800000 | F17: 138426001 | G17: Pago por cuenta de terceros | H17: TER | I17: 830003564 | J17: ENTIDAD PROMOTORA DE SALUD FAMISANAR S A S | K17: 4007927 | L17: 0 | N17: =+J17 -> ENTIDAD PROMOTORA DE SALUD FAMISANAR S A S | O17: =+K17 -> 4007927
B18: Consulta Saldos Contables y Auxiliar ECP | C18: 46234 | D18: 46260.785 | E18: 025800000 | F18: 138426001 | G18: Pago por cuenta de terceros | H18: TER | I18: 860011153 | J18: POSITIVA COMPAÑIA DE SEGUROS S. A. | K18: 1965406 | L18: 0 | N18: =+J18 -> POSITIVA COMPAÑIA DE SEGUROS S. A. | O18: =+K18 -> 1965406
B19: Consulta Saldos Contables y Auxiliar ECP | C19: 46234 | D19: 46260.785 | E19: 025800000 | F19: 138426001 | G19: Pago por cuenta de terceros | H19: TER | I19: 860015971 | J19: INSTITUTO NACIONAL PARA CIEGOS | K19: 5685055.1 | L19: 0 | N19: =+J19 -> INSTITUTO NACIONAL PARA CIEGOS | O19: =+K19 -> 5685055.1
B20: Consulta Saldos Contables y Auxiliar ECP | C20: 46234 | D20: 46260.785 | E20: 025800000 | F20: 138426001 | G20: Pago por cuenta de terceros | H20: TER | I20: 860066942 | J20: CAJA DE COMPENSACION FAMILIAR COMPENSAR | K20: 9345112 | L20: 0 | N20: =+J20 -> CAJA DE COMPENSACION FAMILIAR COMPENSAR | O20: =+K20 -> 9345112
B21: Consulta Saldos Contables y Auxiliar ECP | C21: 46234 | D21: 46260.785 | E21: 025800000 | F21: 190705001 | G21: Saldo a favor de impuesto a las ventas | K21: 0 | L21: 38288716
B22: Consulta Saldos Contables y Auxiliar ECP | C22: 46234 | D22: 46260.785 | E22: 025800000 | F22: 190705001 | G22: Saldo a favor de impuesto a las ventas | H22: TER | I22: 800197268 | J22: U.A.E. DIRECCION DE IMPUESTOS Y ADUANAS NACIONALES | K22: 38288716 | L22: 0
B23: Consulta Saldos Contables y Auxiliar ECP | C23: 46234 | D23: 46260.785 | E23: 025800000 | F23: 190801001 | G23: En administración | K23: 0 | L23: 9797069.6
B24: Consulta Saldos Contables y Auxiliar ECP | C24: 46234 | D24: 46260.785 | E24: 025800000 | F24: 190801001 | G24: En administración | H24: TER | I24: 860525148 | J24: FIDUCIARIA LA PREVISORA S.A. | K24: 9797069.6 | L24: 0
B25: Consulta Saldos Contables y Auxiliar ECP | C25: 46234 | D25: 46260.785 | E25: 025800000 | F25: 190801002 | G25: En administración dtn - scun | K25: 0 | L25: 1.5155089e+08 | N25: =+J24 -> FIDUCIARIA LA PREVISORA S.A. | O25: =+K24 -> 9797069.6
B26: Consulta Saldos Contables y Auxiliar ECP | C26: 46234 | D26: 46260.785 | E26: 025800000 | F26: 190801002 | G26: En administración dtn - scun | H26: TER | I26: 899999090 | J26: MINISTERIO DE HACIENDA Y CREDITO PUBLICO | K26: 1.5155089e+08 | L26: 0 | N26: =+J26 -> MINISTERIO DE HACIENDA Y CREDITO PUBLICO | O26: =+K26 -> 1.5155089e+08

Sheet CTAS BRIAS
B2: CONSULTA | C2: FECHA CORTE | D2: FECHA REPORTE | E2: ECP | F2: CODIGO | G2: DESCRIPCIÓN | H2: TIPO AUXILIAR CONTABLE | I2: CODIGO AUXILIAR | J2: DESCRIPCIÓN AUXILIAR | K2: VALOR AUXILIAR ($) | L2: VLR EXTRACTO | M2: DIFERENCIA
B3: Consulta Saldos Contables y Auxiliar ECP | C3: 46234 | D3: 46260.786 | E3: 025800000 | F3: 110502002 | G3: Cuenta corriente | H3: CTA BAN | I3: 014121248 | J3: INCI - CAJA MENOR - GASTOS GENERALES - INVERSION | K3: 1346000 | L3: 0 | M3: =+K3-L3 -> 1346000
B4: Consulta Saldos Contables y Auxiliar ECP | C4: 46234 | D4: 46260.786 | E4: 025800000 | F4: 111005001 | G4: Cuenta corriente | H4: CTA BAN | I4: 014098289 | J4: GASTOS GENERALES | K4: -372304.5 | L4: =+'[4]CTAS BRIAS'!$L$6 -> 0 | M4: =+L4-K4 -> 372304.5
B5: Consulta Saldos Contables y Auxiliar ECP | C5: 46234 | D5: 46260.786 | E5: 025800000 | F5: 111005001 | G5: Cuenta corriente | H5: CTA BAN | I5: 014098297 | J5: RENTAS ADMINISTRADAS | K5: 5577026.9 | L5: =+'[4]CTAS BRIAS'!$L$4 -> 10853744 | M5: =+K5-L5 -> -5276717.5
B6: Consulta Saldos Contables y Auxiliar ECP | C6: 46234 | D6: 46260.786 | E6: 025800000 | F6: 111005001 | G6: Cuenta corriente | H6: CTA BAN | I6: 014990949 | J6: SERVICIOS PERSONALES | K6: 8337957 | L6: 1100258 | M6: =+K6-L6 -> 7237699
B11: CONSULTA | C11: FECHA CORTE | D11: FECHA REPORTE | E11: ECP | F11: CODIGO | G11: DESCRIPCIÓN | H11: TIPO AUXILIAR CONTABLE | I11: CODIGO AUXILIAR | J11: DESCRIPCIÓN AUXILIAR | K11: VALOR AUXILIAR ($) | L11: VALOR EXTRACTO | M11: DIFERENCIA
B12: Consulta Saldos Contables y Auxiliar ECP | C12: 46234 | D12: 46260.821 | E12: 025800000 | F12: 110502002 | G12: Cuenta corriente | K12: 0 | L12: 1346000 | M12: =+K12-L12 -> -1346000
B13: Consulta Saldos Contables y Auxiliar ECP | C13: 46234 | D13: 46260.821 | E13: 025800000 | F13: 110502002 | G13: Cuenta corriente | H13: CTA BAN | I13: 014121248 | J13: INCI - CAJA MENOR - GASTOS GENERALES - INVERSION | K13: 1346000 | L13: 0 | M13: =+K13-L13 -> 1346000
B14: Consulta Saldos Contables y Auxiliar ECP | C14: 46234 | D14: 46260.821 | E14: 025800000 | F14: 111005001 | G14: Cuenta corriente | H14: CTA BAN | I14: 014098297 | J14: RENTAS ADMINISTRADAS | K14: 5204722.4 | L14: =+'[4]CTAS BRIAS'!L4 -> 10853744 | M14: =+K14-L14 -> -5649022
B15: Consulta Saldos Contables y Auxiliar ECP | C15: 46234 | D15: 46260.821 | E15: 025800000 | F15: 111005001 | G15: Cuenta corriente | H15: CTA BAN | I15: 014990949 | J15: SERVICIOS PERSONALES | K15: 8337957 | L15: =+'[4]CTAS BRIAS'!L5 -> 1100258 | M15: =+K15-L15 -> 7237699
E16: 025800000 | F16: 111005001 | G16: Cuenta corriente | H16: CTA BAN | I16: 14098289 | J16: GASTOS GENERALES | K16: 0 | L16: 0 | M16: =+K16-L16 -> 0

Sheet PAS X TER
B2: CONSULTA | C2: FECHA CORTE | D2: FECHA REPORTE | E2: ECP | F2: CODIGO | G2: DESCRIPCIÓN | H2: TIPO AUXILIAR CONTABLE | I2: CODIGO AUXILIAR | J2: DESCRIPCIÓN AUXILIAR | K2: VALOR AUXILIAR ($) | L2: SALDO FINAL ($)
B3: Consulta Saldos Contables y Auxiliar ECP | C3: 46234 | D3: 46260.788 | E3: 025800000 | F3: 240101001 | G3: Bienes y servicios | K3: 0 | L3: 187900
B4: Consulta Saldos Contables y Auxiliar ECP | C4: 46234 | D4: 46260.788 | E4: 025800000 | F4: 240101001 | G4: Bienes y servicios | H4: TER | I4: 860015971 | J4: INSTITUTO NACIONAL PARA CIEGOS | K4: 187900 | L4: 0 | N4: Legalización de gastos realizados por caja menor,__ Jul 24 2026 12:00AM, OTRO DOCUMENTO DE COBRO, LEGALIZACION EGRESO JUL-26, ENTIDAD, LEGALIZACION CAJA MENOR 126 JULIO DE 2026
B5: Consulta Saldos Contables y Auxiliar ECP | C5: 46234 | D5: 46260.788 | E5: 025800000 | F5: 243603001 | G5: Retenido | K5: 0 | L5: 3545650
B6: Consulta Saldos Contables y Auxiliar ECP | C6: 46234 | D6: 46260.788 | E6: 025800000 | F6: 243603001 | G6: Retenido | H6: TER | I6: 1003072870 | J6: TERESITA DE JESUS PACHECO HERNANDEZ | K6: 683964 | L6: 0
B7: Consulta Saldos Contables y Auxiliar ECP | C7: 46234 | D7: 46260.788 | E7: 025800000 | F7: 243603001 | G7: Retenido | H7: TER | I7: 1015447832 | J7: ANDRES FELIPE PARRA PERILLA | K7: 346000 | L7: 0
B8: Consulta Saldos Contables y Auxiliar ECP | C8: 46234 | D8: 46260.788 | E8: 025800000 | F8: 243603001 | G8: Retenido | H8: TER | I8: 1031134074 | J8: CAMILO ANDRES PINTOR GUTIERREZ | K8: -307107 | L8: 0
B9: Consulta Saldos Contables y Auxiliar ECP | C9: 46234 | D9: 46260.788 | E9: 025800000 | F9: 243603001 | G9: Retenido | H9: TER | I9: 1070594215 | J9: DIANA MARCELA OSUNA AYALA | K9: 990252 | L9: 0
B10: Consulta Saldos Contables y Auxiliar ECP | C10: 46234 | D10: 46260.788 | E10: 025800000 | F10: 243603001 | G10: Retenido | H10: TER | I10: 1144063266 | J10: KATHERINE VICTORIA OLIVEROS | K10: 683964 | L10: 0
B11: Consulta Saldos Contables y Auxiliar ECP | C11: 46234 | D11: 46260.788 | E11: 025800000 | F11: 243603001 | G11: Retenido | H11: TER | I11: 52387465 | J11: CAROLINA ROSAS DIAZ | K11: 983947 | L11: 0
B12: Consulta Saldos Contables y Auxiliar ECP | C12: 46234 | D12: 46260.788 | E12: 025800000 | F12: 243603001 | G12: Retenido | H12: TER | I12: 800189921 | J12: SOFTWARE HOUSE S.A.S | K12: 94970 | L12: 0
B13: Consulta Saldos Contables y Auxiliar ECP | C13: 46234 | D13: 46260.788 | E13: 025800000 | F13: 243603001 | G13: Retenido | H13: TER | I13: 80038985 | J13: DAVID HERNANDO BELLO LADINO | K13: 336145 | L13: 0
B14: Consulta Saldos Contables y Auxiliar ECP | C14: 46234 | D14: 46260.788 | E14: 025800000 | F14: 243603001 | G14: Retenido | H14: TER | I14: 80927225 | J14: WILMAR JAVIER MEDINA LOZANO | K14: 777 | L14: 0
B15: Consulta Saldos Contables y Auxiliar ECP | C15: 46234 | D15: 46260.788 | E15: 025800000 | F15: 243603001 | G15: Retenido | H15: TER | I15: 900232293 | J15: MCE NET SOLUTIONS SAS | K15: -267262 | L15: 0
B16: Consulta Saldos Contables y Auxiliar ECP | C16: 46234 | D16: 46260.788 | E16: 025800000 | F16: 243603002 | G16: Pagado (db) | K16: 0 | L16: -3071844
B17: Consulta Saldos Contables y Auxiliar ECP | C17: 46234 | D17: 46260.788 | E17: 025800000 | F17: 243603002 | G17: Pagado (db) | H17: TER | I17: 800189921 | J17: SOFTWARE HOUSE S.A.S | K17: 96000 | L17: 0
B18: Consulta Saldos Contables y Auxiliar ECP | C18: 46234 | D18: 46260.788 | E18: 025800000 | F18: 243603002 | G18: Pagado (db) | H18: TER | I18: 800197268 | J18: U.A.E. DIRECCION DE IMPUESTOS Y ADUANAS NACIONALES | K18: -4613844 | L18: 0
B19: Consulta Saldos Contables y Auxiliar ECP | C19: 46234 | D19: 46260.788 | E19: 025800000 | F19: 243603002 | G19: Pagado (db) | H19: TER | I19: 860015971 | J19: INSTITUTO NACIONAL PARA CIEGOS | K19: 1446000 | L19: 0
B20: Consulta Saldos Contables y Auxiliar ECP | C20: 46234 | D20: 46260.788 | E20: 025800000 | F20: 243604001 | G20: Retenido | K20: 0 | L20: 0
B21: Consulta Saldos Contables y Auxiliar ECP | C21: 46234 | D21: 46260.788 | E21: 025800000 | F21: 243604001 | G21: Retenido | H21: TER | I21: 1031134074 | J21: CAMILO ANDRES PINTOR GUTIERREZ | K21: 324762 | L21: 0
B22: Consulta Saldos Contables y Auxiliar ECP | C22: 46234 | D22: 46260.788 | E22: 025800000 | F22: 243604001 | G22: Retenido | H22: TER | I22: 800197268 | J22: U.A.E. DIRECCION DE IMPUESTOS Y ADUANAS NACIONALES | K22: -934846 | L22: 0
B23: Consulta Saldos Contables y Auxiliar ECP | C23: 46234 | D23: 46260.788 | E23: 025800000 | F23: 243604001 | G23: Retenido | H23: TER | I23: 80038985 | J23: DAVID HERNANDO BELLO LADINO | K23: 610084 | L23: 0
B24: Consulta Saldos Contables y Auxiliar ECP | C24: 46234 | D24: 46260.788 | E24: 025800000 | F24: 243605001 | G24: Retenido | K24: 0 | L24: 1208603
B25: Consulta Saldos Contables y Auxiliar ECP | C25: 46234 | D25: 46260.788 | E25: 025800000 | F25: 243605001 | G25: Retenido | H25: TER | I25: 1003072870 | J25: TERESITA DE JESUS PACHECO HERNANDEZ | K25: -683964 | L25: 0
B26: Consulta Saldos Contables y Auxiliar ECP | C26: 46234 | D26: 46260.788 | E26: 025800000 | F26: 243605001 | G26: Retenido | H26: TER | I26: 1015447832 | J26: ANDRES FELIPE PARRA PERILLA | K26: -346000 | L26: 0
B27: Consulta Saldos Contables y Auxiliar ECP | C27: 46234 | D27: 46260.788 | E27: 025800000 | F27: 243605001 | G27: Retenido | H27: TER | I27: 1031134074 | J27: CAMILO ANDRES PINTOR GUTIERREZ | K27: 649593 | L27: 0
B28: Consulta Saldos Contables y Auxiliar ECP | C28: 46234 | D28: 46260.788 | E28: 025800000 | F28: 243605001 | G28: Retenido | H28: TER | I28: 1070594215 | J28: DIANA MARCELA OSUNA AYALA | K28: -991663 | L28: 0
B29: Consulta Saldos Contables y Auxiliar ECP | C29: 46234 | D29: 46260.788 | E29: 025800000 | F29: 243605001 | G29: Retenido | H29: TER | I29: 1084250805 | J29: LADY HERMILA LOPEZ GOMEZ | K29: -94423 | L29: 0
B30: Consulta Saldos Contables y Auxiliar ECP | C30: 46234 | D30: 46260.788 | E30: 025800000 | F30: 243605001 | G30: Retenido | H30: TER | I30: 1144063266 | J30: KATHERINE VICTORIA OLIVEROS | K30: -683964 | L30: 0
B31: Consulta Saldos Contables y Auxiliar ECP | C31: 46234 | D31: 46260.788 | E31: 025800000 | F31: 243605001 | G31: Retenido | H31: TER | I31: 52387465 | J31: CAROLINA ROSAS DIAZ | K31: 244528 | L31: 0
B32: Consulta Saldos Contables y Auxiliar ECP | C32: 46234 | D32: 46260.788 | E32: 025800000 | F32: 243605001 | G32: Retenido | H32: TER | I32: 79725010 | J32: MIGUEL ANTONIO FULA BERMUDEZ | K32: -70500 | L32: 0
B33: Consulta Saldos Contables y Auxiliar ECP | C33: 46234 | D33: 46260.788 | E33: 025800000 | F33: 243605001 | G33: Retenido | H33: TER | I33: 800035936 | J33: COMPAÑIA DE VIGILANCIA PRIVADA VIGILISTA LTDA | K33: 10210 | L33: 0
B34: Consulta Saldos Contables y Auxiliar ECP | C34: 46234 | D34: 46260.788 | E34: 025800000 | F34: 243605001 | G34: Retenido | H34: TER | I34: 800189921 | J34: SOFTWARE HOUSE S.A.S | K34: 56724 | L34: 0
B35: Consulta Saldos Contables y Auxiliar ECP | C35: 46234 | D35: 46260.788 | E35: 025800000 | F35: 243605001 | G35: Retenido | H35: TER | I35: 800197268 | J35: U.A.E. DIRECCION DE IMPUESTOS Y ADUANAS NACIONALES | K35: 4307401 | L35: 0
B36: Consulta Saldos Contables y Auxiliar ECP | C36: 46234 | D36: 46260.788 | E36: 025800000 | F36: 243605001 | G36: Retenido | H36: TER | I36: 80038985 | J36: DAVID HERNANDO BELLO LADINO | K36: 609763 | L36: 0
... B75: Consulta Saldos Contables y Auxiliar ECP | C75: 46234 | D75: 46260.788 | E75: 025800000 | F75: 243605001 | G75: Retenido | H75: TER | I75: 901912164 | J75: CONSORCIO KLEAN Y LOGISTIC | K75: -114023 | L75: 0
B76: Consulta Saldos Contables y Auxiliar ECP | C76: 46234 | D76: 46260.788 | E76: 025800000 | F76: 243605002 | G76: Pagado (db) | K76: 0 | L76: 325611
B77: Consulta Saldos Contables y Auxiliar ECP | C77: 46234 | D77: 46260.788 | E77: 025800000 | F77: 243605002 | G77: Pagado (db) | H77: TER | I77: 1003072870 | J77: TERESITA DE JESUS PACHECO HERNANDEZ | K77: 683964 | L77: 0
B78: Consulta Saldos Contables y Auxiliar ECP | C78: 46234 | D78: 46260.788 | E78: 025800000 | F78: 243605002 | G78: Pagado (db) | H78: TER | I78: 1015447832 | J78: ANDRES FELIPE PARRA PERILLA | K78: 346000 | L78: 0
B79: Consulta Saldos Contables y Auxiliar ECP | C79: 46234 | D79: 46260.788 | E79: 025800000 | F79: 243605002 | G79: Pagado (db) | H79: TER | I79: 1070594215 | J79: DIANA MARCELA OSUNA AYALA | K79: 991663 | L79: 0
B80: Consulta Saldos Contables y Auxiliar ECP | C80: 46234 | D80: 46260.788 | E80: 025800000 | F80: 243605002 | G80: Pagado (db) | H80: TER | I80: 1084250805 | J80: LADY HERMILA LOPEZ GOMEZ | K80: 94423 | L80: 0
B81: Consulta Saldos Contables y Auxiliar ECP | C81: 46234 | D81: 46260.788 | E81: 025800000 | F81: 243605002 | G81: Pagado (db) | H81: TER | I81: 1144063266 | J81: KATHERINE VICTORIA OLIVEROS | K81: 683964 | L81: 0
B82: Consulta Saldos Contables y Auxiliar ECP | C82: 46234 | D82: 46260.788 | E82: 025800000 | F82: 243605002 | G82: Pagado (db) | H82: TER | I82: 52387465 | J82: CAROLINA ROSAS DIAZ | K82: 628 | L82: 0
B83: Consulta Saldos Contables y Auxiliar ECP | C83: 46234 | D83: 46260.788 | E83: 025800000 | F83: 243605002 | G83: Pagado (db) | H83: TER | I83: 800197268 | J83: U.A.E. DIRECCION DE IMPUESTOS Y ADUANAS NACIONALES | K83: -6902381 | L83: 0
B84: Consulta Saldos Contables y Auxiliar ECP | C84: 46234 | D84: 46260.788 | E84: 025800000 | F84: 243605002 | G84: Pagado (db) | H84: TER | I84: 80038985 | J84: DAVID HERNANDO BELLO LADINO | K84: 321 | L84: 0
B85: Consulta Saldos Contables y Auxiliar ECP | C85: 46234 | D85: 46260.788 | E85: 025800000 | F85: 243605002 | G85: Pagado (db) | H85: TER | I85: 860015971 | J85: INSTITUTO NACIONAL PARA CIEGOS | K85: 41173 | L85: 0
B86: Consulta Saldos Contables y Auxiliar ECP | C86: 46234 | D86: 46260.788 | E86: 025800000 | F86: 243605002 | G86: Pagado (db) | H86: TER | I86: 860067479 | J86: SERVIASEO S A | K86: 43463 | L86: 0
B87: Consulta Saldos Contables y Auxiliar ECP | C87: 46234 | D87: 46260.788 | E87: 025800000 | F87: 243605002 | G87: Pagado (db) | H87: TER | I87: 900009886 | J87: SECURITY & CO LIMITADA | K87: 1477128 | L87: 0
B88: Consulta Saldos Contables y Auxiliar ECP | C88: 46234 | D88: 46260.788 | E88: 025800000 | F88: 243605002 | G88: Pagado (db) | H88: TER | I88: 900627060 | J88: ALL TECHNOLOGICAL SERVICES ATS S.A.S. | K88: 57910 | L88: 0
... B97: Consulta Saldos Contables y Auxiliar ECP | C97: 46234 | D97: 46260.788 | E97: 025800000 | F97: 243605002 | G97: Pagado (db) | H97: TER | I97: 901912164 | J97: CONSORCIO KLEAN Y LOGISTIC | K97: 167619 | L97: 0
B98: Consulta Saldos Contables y Auxiliar ECP | C98: 46234 | D98: 46260.788 | E98: 025800000 | F98: 243608001 | G98: Retenido | K98: 0 | L98: 8634907
B99: Consulta Saldos Contables y Auxiliar ECP | C99: 46234 | D99: 46260.788 | E99: 025800000 | F99: 243608001 | G99: Retenido | H99: TER | I99: 1084250805 | J99: LADY HERMILA LOPEZ GOMEZ | K99: 94423 | L99: 0
B100: Consulta Saldos Contables y Auxiliar ECP | C100: 46234 | D100: 46260.788 | E100: 025800000 | F100: 243608001 | G100: Retenido | H100: TER | I100: 800197268 | J100: U.A.E. DIRECCION DE IMPUESTOS Y ADUANAS NACIONALES | K100: -127 | L100: 0
B101: Consulta Saldos Contables y Auxiliar ECP | C101: 46234 | D101: 46260.788 | E101: 025800000 | F101: 243608001 | G101: Retenido | H101: TER | I101: 800237412 | J101: FERRICENTROS S.A.S | K101: 243 | L101: 0
B102: Consulta Saldos Contables y Auxiliar ECP | C102: 46234 | D102: 46260.788 | E102: 025800000 | F102: 243608001 | G102: Retenido | H102: TER | I102: 800250589 | J102: CENTRO CAR 19 LIMITADA | K102: -32181 | L102: 0
B103: Consulta Saldos Contables y Auxiliar ECP | C103: 46234 | D103: 46260.788 | E103: 025800000 | F103: 243608001 | G103: Retenido | H103: TER | I103: 830029829 | J103: SOLUCIONES INTEGRALES VER S .A .S . E .P. | K103: 3112000 | L103: 0
B104: Consulta Saldos Contables y Auxiliar ECP | C104: 46234 | D104: 46260.788 | E104: 025800000 | F104: 243608001 | G104: Retenido | H104: TER | I104: 830067042 | J104: MULTISUMINISTROS S.A.S. | K104: -10196 | L104: 0
B105: Consulta Saldos Contables y Auxiliar ECP | C105: 46234 | D105: 46260.788 | E105: 025800000 | F105: 243608001 | G105: Retenido | H105: TER | I105: 830080498 | J105: T & S COMP TECNOLOGIA Y SERVICIOS S A S | K105: -164 | L105: 0
B106: Consulta Saldos Contables y Auxiliar ECP | C106: 46234 | D106: 46260.788 | E106: 025800000 | F106: 243608001 | G106: Retenido | H106: TER | I106: 830115345 | J106: LASER DEPOT SAS | K106: 881120 | L106: 0
B107: Consulta Saldos Contables y Auxiliar ECP | C107: 46234 | D107: 46260.788 | E107: 025800000 | F107: 243608001 | G107: Retenido | H107: TER | I107: 830125738 | J107: EQUIPO SERVICIO MANTENIMIENTO EXTINTORES LIMITADA | K107: 850 | L107: 0
B108: Consulta Saldos Contables y Auxiliar ECP | C108: 46234 | D108: 46260.788 | E108: 025800000 | F108: 243608001 | G108: Retenido | H108: TER | I108: 830513863 | J108: DOTACION INTEGRAL S.A.S. | K108: 146825 | L108: 0
B109: Consulta Saldos Contables y Auxiliar ECP | C109: 46234 | D109: 46260.788 | E109: 025800000 | F109: 243608001 | G109: Retenido | H109: TER | I109: 860015971 | J109: INSTITUTO NACIONAL PARA CIEGOS | K109: -906 | L109: 0
B110: Consulta Saldos Contables y Auxiliar ECP | C110: 46234 | D110: 46260.788 | E110: 025800000 | F110: 243608001 | G110: Retenido | H110: TER | I110: 900068834 | J110: FABRICARTON SAS | K110: 285681 | L110: 0
... B121: Consulta Saldos Contables y Auxiliar ECP | C121: 46234 | D121: 46260.788 | E121: 025800000 | F121: 243608001 | G121: Retenido | H121: TER | I121: 901912164 | J121: CONSORCIO KLEAN Y LOGISTIC | K121: 113530 | L121: 0
B122: Consulta Saldos Contables y Auxiliar ECP | C122: 46234 | D122: 46260.788 | E122: 025800000 | F122: 243608002 | G122: Pagado (db) | K122: 0 | L122: -5100674
B123: Consulta Saldos Contables y Auxiliar ECP | C123: 46234 | D123: 46260.788 | E123: 025800000 | F123: 243608002 | G123: Pagado (db) | H123: TER | I123: 800197268 | J123: U.A.E. DIRECCION DE IMPUESTOS Y ADUANAS NACIONALES | K123: -5101968 | L123: 0
B124: Consulta Saldos Contables y Auxiliar ECP | C124: 46234 | D124: 46260.788 | E124: 025800000 | F124: 243608002 | G124: Pagado (db) | H124: TER | I124: 860015971 | J124: INSTITUTO NACIONAL PARA CIEGOS | K124: 1294 | L124: 0
B125: Consulta Saldos Contables y Auxiliar ECP | C125: 46234 | D125: 46260.788 | E125: 025800000 | F125: 243615001 | G125: Retenido | K125: 0 | L125: 30293000
B126: Consulta Saldos Contables y Auxiliar ECP | C126: 46234 | D126: 46260.788 | E126: 025800000 | F126: 243615001 | G126: Retenido | H126: TER | I126: 1013640680 | J126: SEBASTIAN SILGADO VERGARA | K126: -6370000 | L126: 0
B127: Consulta Saldos Contables y Auxiliar ECP | C127: 46234 | D127: 46260.788 | E127: 025800000 | F127: 243615001 | G127: Retenido | H127: TER | I127: 1019023923 | J127: EDNA VIVIANA VEGA ORTIZ | K127: -2135000 | L127: 0
B128: Consulta Saldos Contables y Auxiliar ECP | C128: 46234 | D128: 46260.788 | E128: 025800000 | F128: 243615001 | G128: Retenido | H128: TER | I128: 1019053949 | J128: BRYAN RICARDO SUAREZ ROJAS | K128: -349000 | L128: 0
B129: Consulta Saldos Contables y Auxiliar ECP | C129: 46234 | D129: 46260.788 | E129: 025800000 | F129: 243615001 | G129: Retenido | H129: TER | I129: 1024530919 | J129: KAREN DANIELA LEON GONZALEZ | K129: -12031836 | L129: 0
B130: Consulta Saldos Contables y Auxiliar ECP | C130: 46234 | D130: 46260.788 | E130: 025800000 | F130: 243615001 | G130: Retenido | H130: TER | I130: 1030530654 | J130: LILIAM ROSARIO URREGO DIAZ | K130: -1717930 | L130: 0
B131: Consulta Saldos Contables y Auxiliar ECP | C131: 46234 | D131: 46260.788 | E131: 025800000 | F131: 243615001 | G131: Retenido | H131: TER | I131: 1030578144 | J131: ANGELA DEL PILAR BELTRAN VELANDIA | K131: -832611 | L131: 0
B132: Consulta Saldos Contables y Auxiliar ECP | C132: 46234 | D132: 46260.788 | E132: 025800000 | F132: 243615001 | G132: Retenido | H132: TER | I132: 1035920231 | J132: ANA MARIA CALDERON CARDONA | K132: -1635000 | L132: 0
B133: Consulta Saldos Contables y Auxiliar ECP | C133: 46234 | D133: 46260.788 | E133: 025800000 | F133: 243615001 | G133: Retenido | H133: TER | I133: 1053816298 | J133: ARABELLY GUERRA MORALES | K133: -41000 | L133: 0
B134: Consulta Saldos Contables y Auxiliar ECP | C134: 46234 | D134: 46260.788 | E134: 025800000 | F134: 243615001 | G134: Retenido | H134: TER | I134: 1065647182 | J134: AUGUSTO ENRIQUE OSPINO HERNANDEZ | K134: -2264000 | L134: 0
B135: Consulta Saldos Contables y Auxiliar ECP | C135: 46234 | D135: 46260.788 | E135: 025800000 | F135: 243615001 | G135: Retenido | H135: TER | I135: 1100959001 | J135: ANDREA CAROLINA CHACON CASTILLO | K135: -68613000 | L135: 0
B136: Consulta Saldos Contables y Auxiliar ECP | C136: 46234 | D136: 46260.788 | E136: 025800000 | F136: 243615001 | G136: Retenido | H136: TER | I136: 19455578 | J136: RICARDO HERNANDEZ MATEUS | K136: 3318000 | L136: 0
B137: Consulta Saldos Contables y Auxiliar ECP | C137: 46234 | D137: 46260.788 | E137: 025800000 | F137: 243615001 | G137: Retenido | H137: TER | I137: 31964792 | J137: CLAUDIA ALEJANDRA VALDES LAGUNA | K137: -12913000 | L137: 0
... B162: Consulta Saldos Contables y Auxiliar ECP | C162: 46234 | D162: 46260.788 | E162: 025800000 | F162: 243615001 | G162: Retenido | H162: TER | I162: 93288443 | J162: GUSTAVO PULIDO CASAS | K162: -426000 | L162: 0
B163: Consulta Saldos Contables y Auxiliar ECP | C163: 46234 | D163: 46260.788 | E163: 025800000 | F163: 243615002 | G163: Pagado (db) | K163: 0 | L163: -15283265
B164: Consulta Saldos Contables y Auxiliar ECP | C164: 46234 | D164: 46260.788 | E164: 025800000 | F164: 243615002 | G164: Pagado (db) | H164: TER | I164: 800197268 | J164: U.A.E. DIRECCION DE IMPUESTOS Y ADUANAS NACIONALES | K164: -47144265 | L164: 0
B165: Consulta Saldos Contables y Auxiliar ECP | C165: 46234 | D165: 46260.788 | E165: 025800000 | F165: 243615002 | G165: Pagado (db) | H165: TER | I165: 860015971 | J165: INSTITUTO NACIONAL PARA CIEGOS | K165: 31861000 | L165: 0
B166: Consulta Saldos Contables y Auxiliar ECP | C166: 46234 | D166: 46260.788 | E166: 025800000 | F166: 243625001 | G166: Retenido - a responsables del regimen común | K166: 0 | L166: 6808138
B167: Consulta Saldos Contables y Auxiliar ECP | C167: 46234 | D167: 46260.788 | E167: 025800000 | F167: 243625001 | G167: Retenido - a responsables del regimen común | H167: TER | I167: 1031134074 | J167: CAMILO ANDRES PINTOR GUTIERREZ | K167: 168286 | L167: 0
B168: Consulta Saldos Contables y Auxiliar ECP | C168: 46234 | D168: 46260.788 | E168: 025800000 | F168: 243625001 | G168: Retenido - a responsables del regimen común | H168: TER | I168: 51935661 | J168: CLAUDIA ALEXANDRA TORO ARIAS | K168: 9950 | L168: 0
B169: Consulta Saldos Contables y Auxiliar ECP | C169: 46234 | D169: 46260.788 | E169: 025800000 | F169: 243625001 | G169: Retenido - a responsables del regimen común | H169: TER | I169: 52387465 | J169: CAROLINA ROSAS DIAZ | K169: 175352 | L169: 0
B170: Consulta Saldos Contables y Auxiliar ECP | C170: 46234 | D170: 46260.788 | E170: 025800000 | F170: 243625001 | G170: Retenido - a responsables del regimen común | H170: TER | I170: 800035936 | J170: COMPAÑIA DE VIGILANCIA PRIVADA VIGILISTA LTDA | K170: 17484 | L170: 0
B171: Consulta Saldos Contables y Auxiliar ECP | C171: 46234 | D171: 46260.788 | E171: 025800000 | F171: 243625001 | G171: Retenido - a responsables del regimen común | H171: TER | I171: 800189921 | J171: SOFTWARE HOUSE S.A.S | K171: 267716 | L171: 0
B172: Consulta Saldos Contables y Auxiliar ECP | C172: 46234 | D172: 46260.788 | E172: 025800000 | F172: 243625001 | G172: Retenido - a responsables del regimen común | H172: TER | I172: 80038985 | J172: DAVID HERNANDO BELLO LADINO | K172: 166632 | L172: 0
B173: Consulta Saldos Contables y Auxiliar ECP | C173: 46234 | D173: 46260.788 | E173: 025800000 | F173: 243625001 | G173: Retenido - a responsables del regimen común | H173: TER | I173: 804002893 | J173: PENSEMOS S.A | K173: 18240 | L173: 0
B174: Consulta Saldos Contables y Auxiliar ECP | C174: 46234 | D174: 46260.788 | E174: 025800000 | F174: 243625001 | G174: Retenido - a responsables del regimen común | H174: TER | I174: 830009193 | J174: ASOCIACION COLOMBIANA DE SORDOCIEGOS | K174: 143640 | L174: 0
B175: Consulta Saldos Contables y Auxiliar ECP | C175: 46234 | D175: 46260.788 | E175: 025800000 | F175: 243625001 | G175: Retenido - a responsables del regimen común | H175: TER | I175: 830058677 | J175: IFX NETWORKS COLOMBIA S A S | K175: 564705 | L175: 0
B176: Consulta Saldos Contables y Auxiliar ECP | C176: 46234 | D176: 46260.788 | E176: 025800000 | F176: 243625001 | G176: Retenido - a responsables del regimen común | H176: TER | I176: 830067042 | J176: MULTISUMINISTROS S.A.S. | K176: 576 | L176: 0
B177: Consulta Saldos Contables y Auxiliar ECP | C177: 46234 | D177: 46260.788 | E177: 025800000 | F177: 243625001 | G177: Retenido - a responsables del regimen común | H177: TER | I177: 830068543 | J177: MUNDOLIMPIEZA LTDA | K177: 22066 | L177: 0
B178: Consulta Saldos Contables y Auxiliar ECP | C178: 46234 | D178: 46260.788 | E178: 025800000 | F178: 243625001 | G178: Retenido - a responsables del regimen común | H178: TER | I178: 830115345 | J178: LASER DEPOT SAS | K178: 1002408 | L178: 0
... B198: Consulta Saldos Contables y Auxiliar ECP | C198: 46234 | D198: 46260.788 | E198: 025800000 | F198: 243625001 | G198: Retenido - a responsables del regimen común | H198: TER | I198: 901277134 | J198: EXTINTORES FIREXT SAS | K198: 22105 | L198: 0
B199: Consulta Saldos Contables y Auxiliar ECP | C199: 46234 | D199: 46260.788 | E199: 025800000 | F199: 243625002 | G199: Pagado - a responsables del regimen común (db) | K199: 0 | L199: -3825411
B200: Consulta Saldos Contables y Auxiliar ECP | C200: 46234 | D200: 46260.788 | E200: 025800000 | F200: 243625002 | G200: Pagado - a responsables del regimen común (db) | H200: TER | I200: 1057598314 | J200: MARIA ALEJANDRA CARDENAS AGUILAR | K200: 9842 | L200: 0
...

Sheet PT X PCI
B2: CONSULTA | C2: FECHA CORTE | D2: FECHA REPORTE | E2: ECP | F2: CODIGO | G2: DESCRIPCIÓN | H2: TIPO AUXILIAR CONTABLE | I2: CODIGO AUXILIAR | J2: DESCRIPCIÓN AUXILIAR | K2: VALOR AUXILIAR ($) | L2: SALDO FINAL ($)
B3: Consulta Saldos Contables y Auxiliar ECP | C3: 46234 | D3: 46260.828 | E3: 025800000 | F3: 310506001 | G3: Capital fiscal nación | K3: 0 | L3: 2.2950386e+09
B4: Consulta Saldos Contables y Auxiliar ECP | C4: 46234 | D4: 46260.828 | E4: 025800000 | F4: 310506001 | G4: Capital fiscal nación | H4: PCI | I4: 46-04-00 | J4: INSTITUTO NACIONAL PARA CIEGOS (INCI) | K4: 2.2950386e+09 | L4: 0
B5: Consulta Saldos Contables y Auxiliar ECP | C5: 46234 | D5: 46260.828 | E5: 025800000 | F5: 310901001 | G5: Utilidad o excedentes acumulados | K5: 0 | L5: 5.5043619e+09
B6: Consulta Saldos Contables y Auxiliar ECP | C6: 46234 | D6: 46260.828 | E6: 025800000 | F6: 310901001 | G6: Utilidad o excedentes acumulados | H6: PCI | I6: 46-04-00 | J6: INSTITUTO NACIONAL PARA CIEGOS (INCI) | K6: 5.5043619e+09 | L6: 0
B7: Consulta Saldos Contables y Auxiliar ECP | C7: 46234 | D7: 46260.828 | E7: 025800000 | F7: 310901002 | G7: Corrección de errores de un periodo contable anterior | K7: 0 | L7: 2.7738317e+09
B8: Consulta Saldos Contables y Auxiliar ECP | C8: 46234 | D8: 46260.828 | E8: 025800000 | F8: 310901002 | G8: Corrección de errores de un periodo contable anterior | H8: PCI | I8: 46-04-00 | J8: INSTITUTO NACIONAL PARA CIEGOS (INCI) | K8: 2.7738317e+09 | L8: 0
B9: Consulta Saldos Contables y Auxiliar ECP | C9: 46234 | D9: 46260.828 | E9: 025800000 | F9: 310901003 | G9: Por cambio de política contable | K9: 0 | L9: 3.805114e+09
B10: Consulta Saldos Contables y Auxiliar ECP | C10: 46234 | D10: 46260.828 | E10: 025800000 | F10: 310901003 | G10: Por cambio de política contable | H10: PCI | I10: 46-04-00 | J10: INSTITUTO NACIONAL PARA CIEGOS (INCI) | K10: 3.805114e+09 | L10: 0
B11: Consulta Saldos Contables y Auxiliar ECP | C11: 46234 | D11: 46260.828 | E11: 025800000 | F11: 310902001 | G11: Pérdidas o déficits acumulados | K11: 0 | L11: -5.0736575e+09
B12: Consulta Saldos Contables y Auxiliar ECP | C12: 46234 | D12: 46260.828 | E12: 025800000 | F12: 310902001 | G12: Pérdidas o déficits acumulados | H12: PCI | I12: 22-10-00 | J12: INSTITUTO NACIONAL PARA CIEGOS (INCI) | K12: 2.490912e+08 | L12: 0
B13: Consulta Saldos Contables y Auxiliar ECP | C13: 46234 | D13: 46260.828 | E13: 025800000 | F13: 310902001 | G13: Pérdidas o déficits acumulados | H13: PCI | I13: 46-04-00 | J13: INSTITUTO NACIONAL PARA CIEGOS (INCI) | K13: -5.3227487e+09 | L13: 0

Sheet ING X TER
B2: CONSULTA | C2: FECHA CORTE | D2: FECHA REPORTE | E2: ECP | F2: CODIGO | G2: DESCRIPCIÓN | H2: TIPO AUXILIAR CONTABLE | I2: CODIGO AUXILIAR | J2: DESCRIPCIÓN AUXILIAR | K2: VALOR AUXILIAR ($) | L2: SALDO FINAL ($)
B3: Consulta Saldos Contables y Auxiliar ECP | C3: 46234 | D3: 46260.83 | E3: 025800000 | F3: 420401001 | G3: Impresos y publicaciones | K3: 0 | L3: 2.865348e+09
B4: Consulta Saldos Contables y Auxiliar ECP | C4: 46234 | D4: 46260.83 | E4: 025800000 | F4: 420401001 | G4: Impresos y publicaciones | H4: TER | I4: 800176089 | J4: SUPERINTENDENCIA DE INDUSTRIA Y COMERCIO | K4: 2939100 | L4: 0
B5: Consulta Saldos Contables y Auxiliar ECP | C5: 46234 | D5: 46260.83 | E5: 025800000 | F5: 420401001 | G5: Impresos y publicaciones | H5: TER | I5: ING110 | J5: Tercero facturacion ventas de contado | K5: 831841.16 | L5: 0
B6: Consulta Saldos Contables y Auxiliar ECP | C6: 46234 | D6: 46260.83 | E6: 025800000 | F6: 420401001 | G6: Impresos y publicaciones | H6: TER | I6: ING111 | J6: Tercero facturacion ventas a plazos | K6: 2.861577e+09 | L6: 0
B7: Consulta Saldos Contables y Auxiliar ECP | C7: 46234 | D7: 46260.83 | E7: 025800000 | F7: 420410001 | G7: Productos metalúrgicos y de microfundición | K7: 0 | L7: 26907600
B8: Consulta Saldos Contables y Auxiliar ECP | C8: 46234 | D8: 46260.83 | E8: 025800000 | F8: 420410001 | G8: Productos metalúrgicos y de microfundición | H8: TER | I8: ING110 | J8: Tercero facturacion ventas de contado | K8: 26907600 | L8: 0
B9: Consulta Saldos Contables y Auxiliar ECP | C9: 46234 | D9: 46260.83 | E9: 025800000 | F9: 421004001 | G9: Impresos y publicaciones | K9: 0 | L9: 9120315.7
B10: Consulta Saldos Contables y Auxiliar ECP | C10: 46234 | D10: 46260.83 | E10: 025800000 | F10: 421004001 | G10: Impresos y publicaciones | H10: TER | I10: ING110 | J10: Tercero facturacion ventas de contado | K10: 9120315.7 | L10: 0
B11: Consulta Saldos Contables y Auxiliar ECP | C11: 46234 | D11: 46260.83 | E11: 025800000 | F11: 421025001 | G11: Elementos para invidentes | K11: 0 | L11: 19590489
B12: Consulta Saldos Contables y Auxiliar ECP | C12: 46234 | D12: 46260.83 | E12: 025800000 | F12: 421025001 | G12: Elementos para invidentes | H12: TER | I12: ING110 | J12: Tercero facturacion ventas de contado | K12: 19590489 | L12: 0
B13: Consulta Saldos Contables y Auxiliar ECP | C13: 46234 | D13: 46260.83 | E13: 025800000 | F13: 442803001 | G13: Para gastos de funcionamiento | K13: 0 | L13: 101550
B14: Consulta Saldos Contables y Auxiliar ECP | C14: 46234 | D14: 46260.83 | E14: 025800000 | F14: 442803001 | G14: Para gastos de funcionamiento | H14: TER | I14: 899999053 | J14: MINISTERIO DE TECNOLOGÍAS DE LA INFORMACIÓN Y LAS COMUNICACIONES. | K14: 101550 | L14: 0
B15: Consulta Saldos Contables y Auxiliar ECP | C15: 46234 | D15: 46260.83 | E15: 025800000 | F15: 480232001 | G15: Rendimientos sobre recursos entregados en administración | K15: 0 | L15: 570012.06
B16: Consulta Saldos Contables y Auxiliar ECP | C16: 46234 | D16: 46260.83 | E16: 025800000 | F16: 480232001 | G16: Rendimientos sobre recursos entregados en administración | H16: TER | I16: 860525148 | J16: FIDUCIARIA LA PREVISORA S.A. | K16: 570012.06 | L16: 0
B17: Consulta Saldos Contables y Auxiliar ECP | C17: 46234 | D17: 46260.83 | E17: 025800000 | F17: 483101001 | G17: Litigios y demandas | K17: 0 | L17: 56725995
B18: Consulta Saldos Contables y Auxiliar ECP | C18: 46234 | D18: 46260.83 | E18: 025800000 | F18: 483101001 | G18: Litigios y demandas | H18: TER | I18: 74327781 | J18: LUIS ARNULFO DELGADO ZARATE | K18: 56725995 | L18: 0

Sheet GTO X TER
B2: CONSULTA | C2: FECHA CORTE | D2: FECHA REPORTE | E2: ECP | F2: CODIGO | G2: DESCRIPCIÓN | H2: TIPO AUXILIAR CONTABLE | I2: CODIGO AUXILIAR | J2: DESCRIPCIÓN AUXILIAR | K2: VALOR AUXILIAR ($) | L2: SALDO FINAL ($)
B3: Consulta Saldos Contables y Auxiliar ECP | C3: 46234 | D3: 46260.829 | E3: 025800000 | F3: 510302001 | G3: Aportes a cajas de compensación familiar | K3: 0 | L3: 61023200
B4: Consulta Saldos Contables y Auxiliar ECP | C4: 46234 | D4: 46260.829 | E4: 025800000 | F4: 510302001 | G4: Aportes a cajas de compensación familiar | H4: TER | I4: 860013570 | J4: CAJA DE COMPENSACION FAMILIAR CAFAM | K4: 61023200 | L4: 0
B5: Consulta Saldos Contables y Auxiliar ECP | C5: 46234 | D5: 46260.829 | E5: 025800000 | F5: 510303001 | G5: Cotizaciones a seguridad social en salud | K5: 0 | L5: 131980704
B6: Consulta Saldos Contables y Auxiliar ECP | C6: 46234 | D6: 46260.829 | E6: 025800000 | F6: 510303001 | G6: Cotizaciones a seguridad social en salud | H6: TER | I6: 800088702 | J6: EPS SURAMERICANA S. A | K6: 17334945 | L6: 0
B7: Consulta Saldos Contables y Auxiliar ECP | C7: 46234 | D7: 46260.829 | E7: 025800000 | F7: 510303001 | G7: Cotizaciones a seguridad social en salud | H7: TER | I7: 800130907 | J7: SALUD TOTAL ENTIDAD PROMOTORA DE SALUD DEL REGIMEN CONTRIBUTIVO Y DEL REGIMEN SUBSIDIADO S A | K7: 963297 | L7: 0
B8: Consulta Saldos Contables y Auxiliar ECP | C8: 46234 | D8: 46260.829 | E8: 025800000 | F8: 510303001 | G8: Cotizaciones a seguridad social en salud | H8: TER | I8: 800251440 | J8: ENTIDAD PROMOTORA DE SALUD SANITAS S.A.S. | K8: 54689593 | L8: 0
B9: Consulta Saldos Contables y Auxiliar ECP | C9: 46234 | D9: 46260.829 | E9: 025800000 | F9: 510303001 | G9: Cotizaciones a seguridad social en salud | H9: TER | I9: 830003564 | J9: ENTIDAD PROMOTORA DE SALUD FAMISANAR S.A.S - EN INTERVENCIÓN BAJO LA MEDIDA DE TOMA DE POSESIÓN | K9: 15082196 | L9: 0
B10: Consulta Saldos Contables y Auxiliar ECP | C10: 46234 | D10: 46260.829 | E10: 025800000 | F10: 510303001 | G10: Cotizaciones a seguridad social en salud | H10: TER | I10: 860015971 | J10: INSTITUTO NACIONAL PARA CIEGOS | K10: 151045 | L10: 0
B11: Consulta Saldos Contables y Auxiliar ECP | C11: 46234 | D11: 46260.829 | E11: 025800000 | F11: 510303001 | G11: Cotizaciones a seguridad social en salud | H11: TER | I11: 860066942 | J11: CAJA DE COMPENSACION FAMILIAR COMPENSAR | K11: 27778644 | L11: 0
B12: Consulta Saldos Contables y Auxiliar ECP | C12: 46234 | D12: 46260.829 | E12: 025800000 | F12: 510303001 | G12: Cotizaciones a seguridad social en salud | H12: TER | I12: 900156264 | J12: NUEVA EMPRESA PROMOTORA DE SALUD S.A. - EN INTERVENCION BAJO LA MEDIDA DE TOMA DE POSESION | K12: 15980984 | L12: 0
B13: Consulta Saldos Contables y Auxiliar ECP | C13: 46234 | D13: 46260.829 | E13: 025800000 | F13: 510305001 | G13: Cotizaciones a riesgos laborales | K13: 0 | L13: 13792500
B14: Consulta Saldos Contables y Auxiliar ECP | C14: 46234 | D14: 46260.829 | E14: 025800000 | F14: 510305001 | G14: Cotizaciones a riesgos laborales | H14: TER | I14: 860011153 | J14: POSITIVA COMPAÑIA DE SEGUROS S. A. | K14: 13792500 | L14: 0
B15: Consulta Saldos Contables y Auxiliar ECP | C15: 46234 | D15: 46260.829 | E15: 025800000 | F15: 510306001 | G15: Cotizaciones a entidades administradoras del régimen de prima media | K15: 0 | L15: 127678150
B16: Consulta Saldos Contables y Auxiliar ECP | C16: 46234 | D16: 46260.829 | E16: 025800000 | F16: 510306001 | G16: Cotizaciones a entidades administradoras del régimen de prima media | H16: TER | I16: 900336004 | J16: ADMINISTRADORA COLOMBIANA DE PENSIONES COLPENSIONES | K16: 127678150 | L16: 0
B17: Consulta Saldos Contables y Auxiliar ECP | C17: 46234 | D17: 46260.829 | E17: 025800000 | F17: 510307001 | G17: Cotizaciones a entidades administradoras del régimen de ahorro individual | K17: 0 | L17: 58127240
B18: Consulta Saldos Contables y Auxiliar ECP | C18: 46234 | D18: 46260.829 | E18: 025800000 | F18: 510307001 | G18: Cotizaciones a entidades administradoras del régimen de ahorro individual | H18: TER | I18: 800224808 | J18: FONDO DE PENSIONES OBLIGATORIAS PORVENIR MODERADO | K18: 14698780 | L18: 0
B19: Consulta Saldos Contables y Auxiliar ECP | C19: 46234 | D19: 46260.829 | E19: 025800000 | F19: 510307001 | G19: Cotizaciones a entidades administradoras del régimen de ahorro individual | H19: TER | I19: 800227940 | J19: FONDO DE PENSIONES OBLIGATORIAS COLFONDOS MODERADO | K19: 9247425 | L19: 0
B20: Consulta Saldos Contables y Auxiliar ECP | C20: 46234 | D20: 46260.829 | E20: 025800000 | F20: 510307001 | G20: Cotizaciones a entidades administradoras del régimen de ahorro individual | H20: TER | I20: 800229739 | J20: FONDO DE PENSIONES OBLIGATORIAS PROTECCION MODERADO | K20: 34181035 | L20: 0
B21: Consulta Saldos Contables y Auxiliar ECP | C21: 46234 | D21: 46260.829 | E21: 025800000 | F21: 510401001 | G21: Aportes al icbf | K21: 0 | L21: 45773100
B22: Consulta Saldos Contables y Auxiliar ECP | C22: 46234 | D22: 46260.829 | E22: 025800000 | F22: 510401001 | G22: Aportes al icbf | H22: TER | I22: 899999239 | J22: INSTITUTO COLOMBIANO DE BIENESTAR FAMILIAR | K22: 45773100 | L22: 0
B23: Consulta Saldos Contables y Auxiliar ECP | C23: 46234 | D23: 46260.829 | E23: 025800000 | F23: 510402001 | G23: Aportes al sena | K23: 0 | L23: 30521100
B24: Consulta Saldos Contables y Auxiliar ECP | C24: 46234 | D24: 46260.829 | E24: 025800000 | F24: 510402001 | G24: Aportes al sena | H24: TER | I24: 899999034 | J24: SERVICIO NACIONAL DE APRENDIZAJE | K24: 30521100 | L24: 0
B25: Consulta Saldos Contables y Auxiliar ECP | C25: 46234 | D25: 46260.829 | E25: 025800000 | F25: 510803002 | G25: Capacitación, bienestar social y estímulos - largo plazo | K25: 0 | L25: 24998159
B26: Consulta Saldos Contables y Auxiliar ECP | C26: 46234 | D26: 46260.829 | E26: 025800000 | F26: 510803002 | G26: Capacitación, bienestar social y estímulos - largo plazo | H26: TER | I26: 860013570 | J26: CAJA DE COMPENSACION FAMILIAR CAFAM | K26: 24998159 | L26: 0
B27: Consulta Saldos Contables y Auxiliar ECP | C27: 46234 | D27: 46260.829 | E27: 025800000 | F27: 511113001 | G27: Vigilancia y seguridad | K27: 0 | L27: 122018059
B28: Consulta Saldos Contables y Auxiliar ECP | C28: 46234 | D28: 46260.829 | E28: 025800000 | F28: 511113001 | G28: Vigilancia y seguridad | H28: TER | I28: 900009886 | J28: SECURITY & CO LIMITADA | K28: 75132043 | L28: 0
B29: Consulta Saldos Contables y Auxiliar ECP | C29: 46234 | D29: 46260.829 | E29: 025800000 | F29: 511113001 | G29: Vigilancia y seguridad | H29: TER | I29: 900707513 | J29: SEGURIDAD CANADA LTDA | K29: 46886016 | L29: 0
B30: Consulta Saldos Contables y Auxiliar ECP | C30: 46234 | D30: 46260.829 | E30: 025800000 | F30: 511114001 | G30: Materiales y suministros | K30: 0 | L30: 19153409
B31: Consulta Saldos Contables y Auxiliar ECP | C31: 46234 | D31: 46260.829 | E31: 025800000 | F31: 511114001 | G31: Materiales y suministros | H31: TER | I31: 1057598314 | J31: MARIA ALEJANDRA CARDENAS AGUILAR | K31: 410930 | L31: 0
B32: Consulta Saldos Contables y Auxiliar ECP | C32: 46234 | D32: 46260.829 | E32: 025800000 | F32: 511114001 | G32: Materiales y suministros | H32: TER | I32: 901112249 | J32: A Y B. INC. SAS | K32: 16614999 | L32: 0
B33: Consulta Saldos Contables y Auxiliar ECP | C33: 46234 | D33: 46260.829 | E33: 025800000 | F33: 511114001 | G33: Materiales y suministros | H33: TER | I33: 901912164 | J33: CONSORCIO KLEAN Y LOGISTIC | K33: 2127479.2 | L33: 0
B34: Consulta Saldos Contables y Auxiliar ECP | C34: 46234 | D34: 46260.829 | E34: 025800000 | F34: 511115001 | G34: Mantenimiento | K34: 0 | L34: 8043260
B35: Consulta Saldos Contables y Auxiliar ECP | C35: 46234 | D35: 46260.829 | E35: 025800000 | F35: 511115001 | G35: Mantenimiento | H35: TER | I35: 1084250805 | J35: LADY HERMILA LOPEZ GOMEZ | K35: 4494511 | L35: 0
B36: Consulta Saldos Contables y Auxiliar ECP | C36: 46234 | D36: 46260.829 | E36: 025800000 | F36: 511115001 | G36: Mantenimiento | H36: TER | I36: 860015971 | J36: INSTITUTO NACIONAL PARA CIEGOS | K36: 1749766 | L36: 0
B37: Consulta Saldos Contables y Auxiliar ECP | C37: 46234 | D37: 46260.829 | E37: 025800000 | F37: 511115001 | G37: Mantenimiento | H37: TER | I37: 900627060 | J37: ALL TECHNOLOGICAL SERVICES ATS S.A.S. | K37: 1722823 | L37: 0
B38: Consulta Saldos Contables y Auxiliar ECP | C38: 46234 | D38: 46260.829 | E38: 025800000 | F38: 511115001 | G38: Mantenimiento | H38: TER | I38: 901070152 | J38: 1A SOLUCIONES GS SAS | K38: 76160 | L38: 0
B39: Consulta Saldos Contables y Auxiliar ECP | C39: 46234 | D39: 46260.829 | E39: 025800000 | F39: 511117001 | G39: Servicios públicos | K39: 0 | L39: 41703590
B40: Consulta Saldos Contables y Auxiliar ECP | C40: 46234 | D40: 46260.829 | E40: 025800000 | F40: 511117001 | G40: Servicios públicos | H40: TER | I40: 860063875 | J40: ENEL COLOMBIA S.A E.S.P | K40: 33403620 | L40: 0
B41: Consulta Saldos Contables y Auxiliar ECP | C41: 46234 | D41: 46260.829 | E41: 025800000 | F41: 511117001 | G41: Servicios públicos | H41: TER | I41: 899999094 | J41: EMPRESA DE ACUEDUCTO Y ALCANTARILLADO DE BOGOTA - ESP | K41: 2039420 | L41: 0
B42: Consulta Saldos Contables y Auxiliar ECP | C42: 46234 | D42: 46260.829 | E42: 025800000 | F42: 511117001 | G42: Servicios públicos | H42: TER | I42: 899999115 | J42: EMPRESA DE TELECOMUNICACIONES DE BOGOTA SA ESP PUDIENDO IDENTIFICARSE PARA TODOS LOS EFECTOS CON LA SIGLA ETB S.A. E.S.P. | K42: 6260550 | L42: 0
B43: Consulta Saldos Contables y Auxiliar ECP | C43: 46234 | D43: 46260.829 | E43: 025800000 | F43: 511119001 | G43: Viáticos y gastos de viaje | K43: 0 | L43: 22194895
B44: Consulta Saldos Contables y Auxiliar ECP | C44: 46234 | D44: 46260.829 | E44: 025800000 | F44: 511119001 | G44: Viáticos y gastos de viaje | H44: TER | I44: 1035920231 | J44: ANA MARIA CALDERON CARDONA | K44: 4829193 | L44: 0
B45: Consulta Saldos Contables y Auxiliar ECP | C45: 46234 | D45: 46260.829 | E45: 025800000 | F45: 511119001 | G45: Viáticos y gastos de viaje | H45: TER | I45: 1100959001 | J45: ANDREA CAROLINA CHACON CASTILLO | K45: 8064896 | L45: 0
B46: Consulta Saldos Contables y Auxiliar ECP | C46: 46234 | D46: 46260.829 | E46: 025800000 | F46: 511119001 | G46: Viáticos y gastos de viaje | H46: TER | I46: 860015826 | J46: MAYATUR S A S | K46: 9300806 | L46: 0
B47: Consulta Saldos Contables y Auxiliar ECP | C47: 46234 | D47: 46260.829 | E47: 025800000 | F47: 511121001 | G47: Impresos, publicaciones, suscripciones y afiliaciones | K47: 0 | L47: 2506069.8
B48: Consulta Saldos Contables y Auxiliar ECP | C48: 46234 | D48: 46260.829 | E48: 025800000 | F48: 511121001 | G48: Impresos, publicaciones, suscripciones y afiliaciones | H48: TER | I48: 860015971 | J48: INSTITUTO NACIONAL PARA CIEGOS | K48: 2506069.8 | L48: 0
B49: Consulta Saldos Contables y Auxiliar ECP | C49: 46234 | D49: 46260.829 | E49: 025800000 | F49: 511123001 | G49: Comunicaciones y transporte | K49: 0 | L49: 161000
B50: Consulta Saldos Contables y Auxiliar ECP | C50: 46234 | D50: 46260.829 | E50: 025800000 | F50: 511123001 | G50: Comunicaciones y transporte | H50: TER | I50: 860015971 | J50: INSTITUTO NACIONAL PARA CIEGOS | K50: 161000 | L50: 0
B51: Consulta Saldos Contables y Auxiliar ECP | C51: 46234 | D51: 46260.829 | E51: 025800000 | F51: 511146001 | G51: Combustibles y lubricantes | K51: 0 | L51: 683984
B52: Consulta Saldos Contables y Auxiliar ECP | C52: 46234 | D52: 46260.829 | E52: 025800000 | F52: 511146001 | G52: Combustibles y lubricantes | H52: TER | I52: 811009788 | J52: DISTRACOM S.A. | K52: 583984 | L52: 0
B53: Consulta Saldos Contables y Auxiliar ECP | C53: 46234 | D53: 46260.829 | E53: 025800000 | F53: 511146001 | G53: Combustibles y lubricantes | H53: TER | I53: 860015971 | J53: INSTITUTO NACIONAL PARA CIEGOS | K53: 100000 | L53: 0
B54: Consulta Saldos Contables y Auxiliar ECP | C54: 46234 | D54: 46260.829 | E54: 025800000 | F54: 511149001 | G54: Servicios de aseo, cafetería, restaurante y lavandería | K54: 0 | L54: 25585216
B55: Consulta Saldos Contables y Auxiliar ECP | C55: 46234 | D55: 46260.829 | E55: 025800000 | F55: 511149001 | G55: Servicios de aseo, cafetería, restaurante y lavandería | H55: TER | I55: 860015971 | J55: INSTITUTO NACIONAL PARA CIEGOS | K55: 270900 | L55: 0
B56: Consulta Saldos Contables y Auxiliar ECP | C56: 46234 | D56: 46260.829 | E56: 025800000 | F56: 511149001 | G56: Servicios de aseo, cafetería, restaurante y lavandería | H56: TER | I56: 860067479 | J56: SERVIASEO S A | K56: 23757974 | L56: 0
B57: Consulta Saldos Contables y Auxiliar ECP | C57: 46234 | D57: 46260.829 | E57: 025800000 | F57: 511149001 | G57: Servicios de aseo, cafetería, restaurante y lavandería | H57: TER | I57: 901912164 | J57: CONSORCIO KLEAN Y LOGISTIC | K57: 1556342.4 | L57: 0
B58: Consulta Saldos Contables y Auxiliar ECP | C58: 46234 | D58: 46260.829 | E58: 025800000 | F58: 511155001 | G58: Elementos de aseo, lavandería y cafetería | K58: 0 | L58: 18499745
B59: Consulta Saldos Contables y Auxiliar ECP | C59: 46234 | D59: 46260.829 | E59: 025800000 | F59: 511155001 | G59: Elementos de aseo, lavandería y cafetería | H59: TER | I59: 860015971 | J59: INSTITUTO NACIONAL PARA CIEGOS | K59: 155800 | L59: 0
B60: Consulta Saldos Contables y Auxiliar ECP | C60: 46234 | D60: 46260.829 | E60: 025800000 | F60: 511155001 | G60: Elementos de aseo, lavandería y cafetería | H60: TER | I60: 901912164 | J60: CONSORCIO KLEAN Y LOGISTIC | K60: 18343945 | L60: 0
B61: Consulta Saldos Contables y Auxiliar ECP | C61: 46234 | D61: 46260.829 | E61: 025800000 | F61: 511159001 | G61: Licencias | K61: 0 | L61: 981750
B62: Consulta Saldos Contables y Auxiliar ECP | C62: 46234 | D62: 46260.829 | E62: 025800000 | F62: 511159001 | G62: Licencias | H62: TER | I62: 901312112 | J62: CAMERFIRMA COLOMBIA SAS | K62: 981750 | L62: 0
B63: Consulta Saldos Contables y Auxiliar ECP | C63: 46234 | D63: 46260.829 | E63: 025800000 | F63: 511166001 | G63: Costas procesales | K63: 0 | L63: 7800000
B64: Consulta Saldos Contables y Auxiliar ECP | C64: 46234 | D64: 46260.829 | E64: 025800000 | F64: 511166001 | G64: Costas procesales | H64: TER | I64: 31878872 | J64: MARY LUCIA HURTADO MARTINEZ | K64: 7800000 | L64: 0
B65: Consulta Saldos Contables y Auxiliar ECP | C65: 46234 | D65: 46260.829 | E65: 025800000 | F65: 511179001 | G65: Honorarios | K65: 0 | L65: 33004261
B66: Consulta Saldos Contables y Auxiliar ECP | C66: 46234 | D66: 46260.829 | E66: 025800000 | F66: 511179001 | G66: Honorarios | H66: TER | I66: 1015447832 | J66: ANDRES FELIPE PARRA PERILLA | K66: 29090963 | L66: 0
B67: Consulta Saldos Contables y Auxiliar ECP | C67: 46234 | D67: 46260.829 | E67: 025800000 | F67: 511179001 | G67: Honorarios | H67: TER | I67: 1070594215 | J67: DIANA MARCELA OSUNA AYALA | K67: 2600119 | L67: 0
B68: Consulta Saldos Contables y Auxiliar ECP | C68: 46234 | D68: 46260.829 | E68: 025800000 | F68: 511179001 | G68: Honorarios | H68: TER | I68: 17645811 | J68: GUSTAVO ADOLFO MUÑOZ LOPEZ | K68: 1313179 | L68: 0
B69: Consulta Saldos Contables y Auxiliar ECP | C69: 46234 | D69: 46260.829 | E69: 025800000 | F69: 511180001 | G69: Servicios | K69: 0 | L69: 9.5902419e+08
B70: Consulta Saldos Contables y Auxiliar ECP | C70: 46234 | D70: 46260.829 | E70: 025800000 | F70: 511180001 | G70: Servicios | H70: TER | I70: 1000983960 | J70: CAMILO ANDRES GARNICA COBA | K70: 18797341 | L70: 0
B71: Consulta Saldos Contables y Auxiliar ECP | C71: 46234 | D71: 46260.829 | E71: 025800000 | F71: 511180001 | G71: Servicios | H71: TER | I71: 1003072870 | J71: TERESITA DE JESUS PACHECO HERNANDEZ | K71: 48873550 | L71: 0
B72: Consulta Saldos Contables y Auxiliar ECP | C72: 46234 | D72: 46260.829 | E72: 025800000 | F72: 511180001 | G72: Servicios | H72: TER | I72: 1006550370 | J72: BRYLLETT CHAUX CORTES | K72: 15815694 | L72: 0
B73: Consulta Saldos Contables y Auxiliar ECP | C73: 46234 | D73: 46260.829 | E73: 025800000 | F73: 511180001 | G73: Servicios | H73: TER | I73: 1010133989 | J73: EDGAR RICARDO SUARIQUE PARRA | K73: 16279866 | L73: 0
B74: Consulta Saldos Contables y Auxiliar ECP | C74: 46234 | D74: 46260.829 | E74: 025800000 | F74: 511180001 | G74: Servicios | H74: TER | I74: 1014203246 | J74: SERGIO ALEJANDRO DE JESUS GONZALEZ GRISALES | K74: 19942985 | L74: 0
B75: Consulta Saldos Contables y Auxiliar ECP | C75: 46234 | D75: 46260.829 | E75: 025800000 | F75: 511180001 | G75: Servicios | H75: TER | I75: 1015448725 | J75: JONATHAN JOSE DIAZ ARENAS | K75: 27856801 | L75: 0
B76: Consulta Saldos Contables y Auxiliar ECP | C76: 46234 | D76: 46260.829 | E76: 025800000 | F76: 511180001 | G76: Servicios | H76: TER | I76: 1016035489 | J76: DENISE DAHIANA GUILLEN ZAMBRANO | K76: 11544098 | L76: 0
B77: Consulta Saldos Contables y Auxiliar ECP | C77: 46234 | D77: 46260.829 | E77: 025800000 | F77: 511180001 | G77: Servicios | H77: TER | I77: 1018453913 | J77: JESSICA ALEJANDRA PEREA OLAYA | K77: 19610000 | L77: 0
B78: Consulta Saldos Contables y Auxiliar ECP | C78: 46234 | D78: 46260.829 | E78: 025800000 | F78: 511180001 | G78: Servicios | H78: TER | I78: 1019018978 | J78: ADRIANA CATALINA PARDO GARCIA | K78: 29090963 | L78: 0
B79: Consulta Saldos Contables y Auxiliar ECP | C79: 46234 | D79: 46260.829 | E79: 025800000 | F79: 511180001 | G79: Servicios | H79: TER | I79: 1019069182 | J79: JUAN SEBASTIAN SABOGAL PARRA | K79: 20411951 | L79: 0
B80: Consulta Saldos Contables y Auxiliar ECP | C80: 46234 | D80: 46260.829 | E80: 025800000 | F80: 511180001 | G80: Servicios | H80: TER | I80: 1019102682 | J80: JEIMY CAROLINA GONZALEZ HERNANDEZ | K80: 12119596 | L80: 0
B81: Consulta Saldos Contables y Auxiliar ECP | C81: 46234 | D81: 46260.829 | E81: 025800000 | F81: 511180001 | G81: Servicios | H81: TER | I81: 1020716403 | J81: LAURA HENRIQUEZ BERMUDEZ | K81: 20768212 | L81: 0
... B119: Consulta Saldos Contables y Auxiliar ECP | C119: 46234 | D119: 46260.829 | E119: 025800000 | F119: 511180001 | G119: Servicios | H119: TER | I119: 901912164 | J119: CONSORCIO KLEAN Y LOGISTIC | K119: 7958633.8 | L119: 0
B120: Consulta Saldos Contables y Auxiliar ECP | C120: 46234 | D120: 46260.829 | E120: 025800000 | F120: 511183001 | G120: Servicios de telecomunicaciones, transmisión y suministro de información | K120: 0 | L120: 9250860.8
B121: Consulta Saldos Contables y Auxiliar ECP | C121: 46234 | D121: 46260.829 | E121: 025800000 | F121: 511183001 | G121: Servicios de telecomunicaciones, transmisión y suministro de información | H121: TER | I121: 800153993 | J121: COMUNICACION CELULAR S A COMCEL S A | K121: 2607530.9 | L121: 0
B122: Consulta Saldos Contables y Auxiliar ECP | C122: 46234 | D122: 46260.829 | E122: 025800000 | F122: 511183001 | G122: Servicios de telecomunicaciones, transmisión y suministro de información | H122: TER | I122: 819006966 | J122: MEDIA COMMERCE PARTNERS S A S | K122: 5600020 | L122: 0
B123: Consulta Saldos Contables y Auxiliar ECP | C123: 46234 | D123: 46260.829 | E123: 025800000 | F123: 511183001 | G123: Servicios de telecomunicaciones, transmisión y suministro de información | H123: TER | I123: 899999115 | J123: EMPRESA DE TELECOMUNICACIONES DE BOGOTA SA ESP PUDIENDO IDENTIFICARSE PARA TODOS LOS EFECTOS CON LA SIGLA ETB S.A. E.S.P. | K123: 1043310 | L123: 0
B124: Consulta Saldos Contables y Auxiliar ECP | C124: 46234 | D124: 46260.829 | E124: 025800000 | F124: 511190001 | G124: Otros gastos generales | K124: 0 | L124: 315310
B125: Consulta Saldos Contables y Auxiliar ECP | C125: 46234 | D125: 46260.829 | E125: 025800000 | F125: 511190001 | G125: Otros gastos generales | H125: TER | I125: 860015971 | J125: INSTITUTO NACIONAL PARA CIEGOS | K125: 315310 | L125: 0
B126: Consulta Saldos Contables y Auxiliar ECP | C126: 46234 | D126: 46260.829 | E126: 025800000 | F126: 512001001 | G126: Impuesto predial unificado | K126: 0 | L126: 35568000
B127: Consulta Saldos Contables y Auxiliar ECP | C127: 46234 | D127: 46260.829 | E127: 025800000 | F127: 512001001 | G127: Impuesto predial unificado | H127: TER | I127: 899999061 | J127: BOGOTA DISTRITO CAPITAL | K127: 35568000 | L127: 0
B128: Consulta Saldos Contables y Auxiliar ECP | C128: 46234 | D128: 46260.829 | E128: 025800000 | F128: 512009001 | G128: Impuesto de industria y comercio | K128: 0 | L128: 2984000
B129: Consulta Saldos Contables y Auxiliar ECP | C129: 46234 | D129: 46260.829 | E129: 025800000 | F129: 512009001 | G129: Impuesto de industria y comercio | H129: TER | I129: 899999061 | J129: BOGOTA DISTRITO CAPITAL | K129: 2984000 | L129: 0
B130: Consulta Saldos Contables y Auxiliar ECP | C130: 46234 | D130: 46260.829 | E130: 025800000 | F130: 512011001 | G130: Impuesto sobre vehículos automotores | K130: 0 | L130: 117000
B131: Consulta Saldos Contables y Auxiliar ECP | C131: 46234 | D131: 46260.829 | E131: 025800000 | F131: 512011001 | G131: Impuesto sobre vehículos automotores | H131: TER | I131: 899999061 | J131: BOGOTA DISTRITO CAPITAL | K131: 117000 | L131: 0
B132: Consulta Saldos Contables y Auxiliar ECP | C132: 46234 | D132: 46260.829 | E132: 025800000 | F132: 542303001 | G132: Para gastos de funcionamiento | K132: 0 | L132: 101550
B133: Consulta Saldos Contables y Auxiliar ECP | C133: 46234 | D133: 46260.829 | E133: 025800000 | F133: 542303001 | G133: Para gastos de funcionamiento | H133: TER | I133: 900062917 | J133: SERVICIOS POSTALES NACIONALES S.A.S | K133: 101550 | L133: 0
B134: Consulta Saldos Contables y Auxiliar ECP | C134: 46234 | D134: 46260.829 | E134: 025800000 | F134: 580490001 | G134: Otros gastos financieros | K134: 0 | L134: 27200.74
B135: Consulta Saldos Contables y Auxiliar ECP | C135: 46234 | D135: 46260.829 | E135: 025800000 | F135: 580490001 | G135: Otros gastos financieros | H135: TER | I135: 860034313 | J135: BANCO DAVIVIENDA S.A. | K135: 26656 | L135: 0
B136: Consulta Saldos Contables y Auxiliar ECP | C136: 46234 | D136: 46260.829 | E136: 025800000 | F136: 580490001 | G136: Otros gastos financieros | H136: TER | I136: 860525148 | J136: FIDUCIARIA LA PREVISORA S.A. | K136: 544.74 | L136: 0
B137: Consulta Saldos Contables y Auxiliar ECP | C137: 46234 | D137: 46260.829 | E137: 025800000 | F137: 589090005 | G137: Devolución de ingresos diversos de la vigencia anterior | K137: 0 | L137: 3467950
B138: Consulta Saldos Contables y Auxiliar ECP | C138: 46234 | D138: 46260.829 | E138: 025800000 | F138: 589090005 | G138: Devolución de ingresos diversos de la vigencia anterior | H138: TER | I138: ING110 | J138: Tercero facturacion ventas de contado | K138: 318404 | L138: 0
...

Sheet CTA 8 X PCI
B2: CONSULTA | C2: FECHA CORTE | D2: FECHA REPORTE | E2: ECP | F2: CODIGO | G2: DESCRIPCIÓN | H2: TIPO AUXILIAR CONTABLE | I2: CODIGO AUXILIAR | J2: DESCRIPCIÓN AUXILIAR | K2: VALOR AUXILIAR ($) | L2: SALDO FINAL ($)
B3: Consulta Saldos Contables y Auxiliar ECP | C3: 46234 | D3: 46260.83 | E3: 025800000 | F3: 831510001 | G3: Propiedades, planta y equipo | K3: 0 | L3: 543974175
B4: Consulta Saldos Contables y Auxiliar ECP | C4: 46234 | D4: 46260.83 | E4: 025800000 | F4: 831510001 | G4: Propiedades, planta y equipo | H4: PCI | I4: 46-04-00 | J4: INSTITUTO NACIONAL PARA CIEGOS (INCI) | K4: 543974175 | L4: 0
B5: Consulta Saldos Contables y Auxiliar ECP | C5: 46234 | D5: 46260.83 | E5: 025800000 | F5: 836101001 | G5: Internas | K5: 0 | L5: 1.0896125e+08
B6: Consulta Saldos Contables y Auxiliar ECP | C6: 46234 | D6: 46260.83 | E6: 025800000 | F6: 836101001 | G6: Internas | H6: PCI | I6: 46-04-00 | J6: INSTITUTO NACIONAL PARA CIEGOS (INCI) | K6: 1.0896125e+08 | L6: 0
B7: Consulta Saldos Contables y Auxiliar ECP | C7: 46234 | D7: 46260.83 | E7: 025800000 | F7: 837490001 | G7: Otros bienes almacenados para consumo | K7: 0 | L7: 5.6355425e+08
B8: Consulta Saldos Contables y Auxiliar ECP | C8: 46234 | D8: 46260.83 | E8: 025800000 | F8: 837490001 | G8: Otros bienes almacenados para consumo | H8: PCI | I8: 46-04-00 | J8: INSTITUTO NACIONAL PARA CIEGOS (INCI) | K8: 5.6355425e+08 | L8: 0
B9: Consulta Saldos Contables y Auxiliar ECP | C9: 46234 | D9: 46260.83 | E9: 025800000 | F9: 891506001 | G9: Bienes y derechos retirados | K9: 0 | L9: -543974175
B10: Consulta Saldos Contables y Auxiliar ECP | C10: 46234 | D10: 46260.83 | E10: 025800000 | F10: 891506001 | G10: Bienes y derechos retirados | H10: PCI | I10: 46-04-00 | J10: INSTITUTO NACIONAL PARA CIEGOS (INCI) | K10: -543974175 | L10: 0
B11: Consulta Saldos Contables y Auxiliar ECP | C11: 46234 | D11: 46260.83 | E11: 025800000 | F11: 891521001 | G11: Responsabilidades en proceso | K11: 0 | L11: -1.0896125e+08
B12: Consulta Saldos Contables y Auxiliar ECP | C12: 46234 | D12: 46260.83 | E12: 025800000 | F12: 891521001 | G12: Responsabilidades en proceso | H12: PCI | I12: 46-04-00 | J12: INSTITUTO NACIONAL PARA CIEGOS (INCI) | K12: -1.0896125e+08 | L12: 0
B13: Consulta Saldos Contables y Auxiliar ECP | C13: 46234 | D13: 46260.83 | E13: 025800000 | F13: 891574001 | G13: Bienes almacenados para consumo | K13: 0 | L13: -5.6355425e+08
B14: Consulta Saldos Contables y Auxiliar ECP | C14: 46234 | D14: 46260.83 | E14: 025800000 | F14: 891574001 | G14: Bienes almacenados para consumo | H14: PCI | I14: 46-04-00 | J14: INSTITUTO NACIONAL PARA CIEGOS (INCI) | K14: -5.6355425e+08 | L14: 0
